Workbook

Sheet 11-графка c показом НР и СП 
A1: =Source!B1 -> АтомСмета | K1: Форма 4
A3: Наименование стройки: | C3: Ростовская АЭС. Энергоблок №4. Глава 2. Основные объекты строительства (ОСР №02-09). Машинное отделение
A6: =CONCATENATE( "Локальная смета ", Source!F20) -> Локальная смета №2-2-6/с изм.1
A7: =[1]Source!G20 -> на строительные работы фундамента турбоагрегата К-1100-60/1500-2М+ТВВ-1000-4УЗ. Верхнее строение.
B8: Планы на отм. +1,740; +5,140; +15,000. Закладные детали для вибродатчиков и термопар
C9: (Данная смета аннулирует ранее выданную смету № 2-2-6/с на сумму 777,28 тыс.грн).
A10: Основание: | C10: =Source!J20 -> 001-60-012-КЖ
A11: Составлена в ценах | C11: на 01.01.2000г. по ТЕР для Ростовской обл. | D11: =IF(AND(Source!P12<>0,Source!Q12<>0),Source!P12,IF(Source!AF12=0,"",Source!AF12))
G12: Сметная стоимость | J12: =(Source!F135/1000) -> 783.20941 | K12: тыс.руб
G13: Нормативная трудоемкость | J13: 5909 | K13: чел.-ч
G14: Сметная заработная плата | J14: 52.33 | K14: тыс.руб
E15: Стоимость ед, руб. | G15: Общая стоимость, руб. | J15: Затраты труда рабо-
A16: № | B16: Шифр и № | C16: Наименование работ и затрат, | D16: Коли- | F16: Экспл. | I16: Экспл. | J16: чих, чел.-ч., не заня-
A17: п/п | B17: позиции | C17: единица измерения | D17: чество | E17: Всего | F17: машин | G17: Всего | H17: зар.платы | I17: машин | J17: тых обсл. машин
B18: норматива | E18: Основной | F18: в т.ч. | I18: в т.ч. | J18: обслуж. машины
E19: зар.платы | F19: зарплаты | I19: зарплаты | J19: на един. | K19: всего
A20: 1 | B20: 2 | C20: 3 | D20: 4 | E20: 5 | F20: 6 | G20: 7 | H20: 8 | I20: 9 | J20: 10 | K20: 11
A21: =Source!E24 -> 1 | B21: =Source!F24 -> 06-01-015-7 | C21: =Source!G24 -> Установка закладных деталей весом: до 4 кг | D21: =Source!I24 -> 0.273 | E21: =ROUND(Source!AB24,2) -> 10888.06 | F21: =Source!AD24 -> 30.57 | G21: =Source!O24 -> 2972.44 | H21: =Source!S24 -> 534.39 | I21: =Source!Q24 -> 8.35 | J21: =ROUND(Source!AH24,2) -> 215.82 | K21: =Source!U24 -> 58.91886
C22: =Source!H24 -> 1Т | E22: =ROUND(Source!AF24,2) -> 1957.49 | F22: =Source!AE24 -> 3.74 | I22: =Source!R24 -> 1.02 | J22: =ROUND(Source!AI24,2) -> 0.36 | K22: =Source!V24 -> 0.09828
C23: % НР | D23: =Source!AT24 -> 105 | G23: =Source!X24 -> 562.18
C24: % СП | D24: =Source!AU24 -> 65 | G24: =Source!Y24 -> 348.02
A26: =Source!E25 -> 2 | B26: =Source!F25 -> 06-01-015-8 | C26: =Source!G25 -> Установка закладных деталей весом: до 20 кг | D26: =Source!I25 -> 36.153 | E26: =ROUND(Source!AB25,2) -> 9503.98 | F26: =Source!AD25 -> 30.57 | G26: =Source!O25 -> 343597.39 | H26: =Source!S25 -> 20730.49 | I26: =Source!Q25 -> 1105.2 | J26: =ROUND(Source!AH25,2) -> 63.22 | K26: =Source!U25 -> 2285.5927
C27: =Source!H25 -> 1Т | E27: =ROUND(Source!AF25,2) -> 573.41 | F27: =Source!AE25 -> 3.74 | I27: =Source!R25 -> 135.21 | J27: =ROUND(Source!AI25,2) -> 0.36 | K27: =Source!V25 -> 13.01508
C28: % НР | D28: =Source!AT25 -> 105 | G28: =Source!X25 -> 21908.99
C29: % СП | D29: =Source!AU25 -> 65 | G29: =Source!Y25 -> 13562.71
A31: =Source!E26 -> 3 | B31: =Source!F26 -> 06-01-015-9 | C31: =Source!G26 -> Установка закладных деталей весом: более 20 кг | D31: =Source!I26 -> 14.557 | E31: =ROUND(Source!AB26,2) -> 9128.3 | F31: =Source!AD26 -> 30.57 | G31: =Source!O26 -> 132880.67 | H31: =Source!S26 -> 2878.36 | I31: =Source!Q26 -> 445.01 | J31: =ROUND(Source!AH26,2) -> 21.8 | K31: =Source!U26 -> 317.3426
C32: =Source!H26 -> 1Т | E32: =ROUND(Source!AF26,2) -> 197.73 | F32: =Source!AE26 -> 3.74 | I32: =Source!R26 -> 54.44 | J32: =ROUND(Source!AI26,2) -> 0.36 | K32: =Source!V26 -> 5.24052
C33: % НР | D33: =Source!AT26 -> 105 | G33: =Source!X26 -> 3079.44
C34: % СП | D34: =Source!AU26 -> 65 | G34: =Source!Y26 -> 1906.32
A36: =Source!E27 -> 4 | B36: =Source!F27 -> 09-06-024-13 | C36: =Source!G27 -> Монтаж кронштейнов | D36: =Source!I27 -> 0.867 | E36: =ROUND(Source!AB27,2) -> 684.79 | F36: =Source!AD27 -> 260.72 | G36: =Source!O27 -> 593.71 | H36: =Source!S27 -> 330.03 | I36: =Source!Q27 -> 226.04 | J36: =ROUND(Source!AH27,2) -> 39.57 | K36: =Source!U27 -> 34.30719
C37: =Source!H27 -> 1Т | E37: =ROUND(Source!AF27,2) -> 380.66 | F37: =Source!AE27 -> 23.48 | I37: =Source!R27 -> 20.36 | J37: =ROUND(Source!AI27,2) -> 2.26 | K37: =Source!V27 -> 1.95942
C38: % НР | D38: =Source!AT27 -> 90 | G38: =Source!X27 -> 315.35
C39: % СП | D39: =Source!AU27 -> 85 | G39: =Source!Y27 -> 297.83
A41: =Source!E28 -> 5 | B41: =Source!F28 -> 201-0664 | C41: =Source!G28 -> Стоимость кронштейнов | D41: =Source!I28 -> 0.867 | E41: =ROUND(Source!AB28,2) -> 9045 | F41: =Source!AD28 -> 0 | G41: =Source!O28 -> 7842.02 | H41: =Source!S28 -> 0 | I41: =Source!Q28 -> 0 | J41: =ROUND(Source!AH28,2) -> 0 | K41: =Source!U28 -> 0
C42: =Source!H28 -> т | E42: =ROUND(Source!AF28,2) -> 0 | F42: =Source!AE28 -> 0 | I42: =Source!R28 -> 0 | J42: =ROUND(Source!AI28,2) -> 0 | K42: =Source!V28 -> 0
A43: =Source!E29 -> 6 | B43: =Source!F29 -> 06-01-015-6 Прим. | C43: =Source!G29 -> Установка стальных труб | D43: =Source!I29 -> 4.097 | E43: =ROUND(Source!AB29,2) -> 9863.35 | F43: =Source!AD29 -> 438.57 | G43: =Source!O29 -> 40410.14 | H43: =Source!S29 -> 1825.99 | I43: =Source!Q29 -> 1796.82 | J43: =ROUND(Source!AH29,2) -> 46.33 | K43: =Source!U29 -> 189.81401
C44: =Source!H29 -> 1Т | E44: =ROUND(Source!AF29,2) -> 445.69 | F44: =Source!AE29 -> 45.45 | I44: =Source!R29 -> 186.21 | J44: =ROUND(Source!AI29,2) -> 4.38 | K44: =Source!V29 -> 17.94486
C45: % НР | D45: =Source!AT29 -> 105 | G45: =Source!X29 -> 2112.81
C46: % СП | D46: =Source!AU29 -> 65 | G46: =Source!Y29 -> 1307.93
A48: =Source!E30 -> 7 | B48: =Source!F30 -> 201-9002 | C48: =Source!G30 -> Конструкции металлические | D48: =Source!I30 -> -4.097 | E48: =ROUND(Source!AB30,2) -> 8909 | F48: =Source!AD30 -> 0 | G48: =Source!O30 -> -36500.17 | H48: =Source!S30 -> 0 | I48: =Source!Q30 -> 0 | J48: =ROUND(Source!AH30,2) -> 0 | K48: =Source!U30 -> 0
C49: =Source!H30 -> т | E49: =ROUND(Source!AF30,2) -> 0 | F49: =Source!AE30 -> 0 | I49: =Source!R30 -> 0 | J49: =ROUND(Source!AI30,2) -> 0 | K49: =Source!V30 -> 0
A50: =Source!E31 -> 8 | B50: =Source!F31 -> 103-0356 | C50: =Source!G31 -> Трубы стальные бесшовные, горячедеформированные наружный диаметр 57 мм толщина стенки 3 мм | D50: =Source!I31 -> 137.96 | E50: =ROUND(Source!AB31,2) -> 30.2 | F50: =Source!AD31 -> 0 | G50: =Source!O31 -> 4166.39 | H50: =Source!S31 -> 0 | I50: =Source!Q31 -> 0 | J50: =ROUND(Source!AH31,2) -> 0 | K50: =Source!U31 -> 0
C51: =Source!H31 -> м | E51: =ROUND(Source!AF31,2) -> 0 | F51: =Source!AE31 -> 0 | I51: =Source!R31 -> 0 | J51: =ROUND(Source!AI31,2) -> 0 | K51: =Source!V31 -> 0
A52: =Source!E32 -> 9 | B52: =Source!F32 -> 103-0176 | C52: =Source!G32 -> Трубы стальные сварные электросварные наружный диаметр 159 мм, толщина стенки 4.5 мм | D52: =Source!I32 -> 168.38 | E52: =ROUND(Source!AB32,2) -> 126 | F52: =Source!AD32 -> 0 | G52: =Source!O32 -> 21215.88 | H52: =Source!S32 -> 0 | I52: =Source!Q32 -> 0 | J52: =ROUND(Source!AH32,2) -> 0 | K52: =Source!U32 -> 0
C53: =Source!H32 -> м | E53: =ROUND(Source!AF32,2) -> 0 | F53: =Source!AE32 -> 0 | I53: =Source!R32 -> 0 | J53: =ROUND(Source!AI32,2) -> 0 | K53: =Source!V32 -> 0
A54: =Source!E33 -> 10 | B54: =Source!F33 -> 103-0161 | C54: =Source!G33 -> Трубы стальные сварные электросварные прямошовные со снятой фаской диаметром от 20 до 377 мм из стали марок бст2кп-бст2пс-бст4пс наружный диаметр 108 мм толщина стенки 4 мм | D54: =Source!I33 -> 60 | E54: =ROUND(Source!AB33,2) -> 70 | F54: =Source!AD33 -> 0 | G54: =Source!O33 -> 4200 | H54: =Source!S33 -> 0 | I54: =Source!Q33 -> 0 | J54: =ROUND(Source!AH33,2) -> 0 | K54: =Source!U33 -> 0
C55: =Source!H33 -> м | E55: =ROUND(Source!AF33,2) -> 0 | F55: =Source!AE33 -> 0 | I55: =Source!R33 -> 0 | J55: =ROUND(Source!AI33,2) -> 0 | K55: =Source!V33 -> 0
A56: =Source!E34 -> 11 | B56: =Source!F34 -> 07-01-044-3 | C56: =Source!G34 -> Установка монтажных изделий массой: до 20 кг | D56: =Source!I34 -> 0.569 | E56: =ROUND(Source!AB34,2) -> 8911.29 | F56: =Source!AD34 -> 237.92 | G56: =Source!O34 -> 5070.53 | H56: =Source!S34 -> 248.07 | I56: =Source!Q34 -> 135.38 | J56: =ROUND(Source!AH34,2) -> 42.7 | K56: =Source!U34 -> 24.2963
C57: =Source!H34 -> 1Т | E57: =ROUND(Source!AF34,2) -> 435.97 | F57: =Source!AE34 -> 10.55 | I57: =Source!R34 -> 6 | J57: =ROUND(Source!AI34,2) -> 1.03 | K57: =Source!V34 -> 0.58607
C58: % НР | D58: =Source!AT34 -> 130 | G58: =Source!X34 -> 330.29
C59: % СП | D59: =Source!AU34 -> 85 | G59: =Source!Y34 -> 215.96
A61: =Source!E35 -> 12 | B61: =Source!F35 -> 07-01-044-4 | C61: =Source!G35 -> Установка монтажных изделий массой: более 20 кг | D61: =Source!I35 -> 0.338 | E61: =ROUND(Source!AB35,2) -> 8689.36 | F61: =Source!AD35 -> 229.97 | G61: =Source!O35 -> 2937 | H61: =Source!S35 -> 108.36 | I61: =Source!Q35 -> 77.73 | J61: =ROUND(Source!AH35,2) -> 31.4 | K61: =Source!U35 -> 10.6132
C62: =Source!H35 -> 1Т | E62: =ROUND(Source!AF35,2) -> 320.59 | F62: =Source!AE35 -> 10.44 | I62: =Source!R35 -> 3.53 | J62: =ROUND(Source!AI35,2) -> 1.02 | K62: =Source!V35 -> 0.34476
C63: % НР | D63: =Source!AT35 -> 130 | G63: =Source!X35 -> 145.46
C64: % СП | D64: =Source!AU35 -> 85 | G64: =Source!Y35 -> 95.11
A66: =Source!E36 -> 13 | B66: =Source!F36 -> 06-01-015-4 | C66: =Source!G36 -> Установка анкерных болтов: при бетонировании на поддерживающие конструкции | D66: =Source!I36 -> 7.481 | E66: =ROUND(Source!AB36,2) -> 11392.49 | F66: =Source!AD36 -> 70.66 | G66: =Source!O36 -> 85227.22 | H66: =Source!S36 -> 2448.16 | I66: =Source!Q36 -> 528.61 | J66: =ROUND(Source!AH36,2) -> 36.08 | K66: =Source!U36 -> 269.91448
C67: =Source!H36 -> 1Т | E67: =ROUND(Source!AF36,2) -> 327.25 | F67: =Source!AE36 -> 6.58 | I67: =Source!R36 -> 49.22 | J67: =ROUND(Source!AI36,2) -> 0.63 | K67: =Source!V36 -> 4.71303
C68: % НР | D68: =Source!AT36 -> 105 | G68: =Source!X36 -> 2622.25
C69: % СП | D69: =Source!AU36 -> 65 | G69: =Source!Y36 -> 1623.3
A71: =Source!E37 -> 14 | B71: =Source!F37 -> 06-01-015-10 Прим. | C71: =Source!G37 -> Установка арматуры д=10 мм класса А-III отдельными стержнями | D71: =Source!I37 -> 0.628 | E71: =ROUND(Source!AB37,2) -> 4929.71 | F71: =Source!AD37 -> 32.34 | G71: =Source!O37 -> 3095.86 | H71: =Source!S37 -> 70.25 | I71: =Source!Q37 -> 20.31 | J71: =ROUND(Source!AH37,2) -> 12.64 | K71: =Source!U37 -> 7.93792
C72: =Source!H37 -> 1Т | E72: =ROUND(Source!AF37,2) -> 111.86 | F72: =Source!AE37 -> 3.95 | I72: =Source!R37 -> 2.48 | J72: =ROUND(Source!AI37,2) -> 0.38 | K72: =Source!V37 -> 0.23864
C73: % НР | D73: =Source!AT37 -> 105 | G73: =Source!X37 -> 76.37
C74: % СП | D74: =Source!AU37 -> 65 | G74: =Source!Y37 -> 47.27
A76: =Source!E38 -> 15 | B76: =Source!F38 -> 204-0100 | C76: =Source!G38 -> Горячекатаная арматурная сталь класса А-l, А-ll, А-lll | D76: =Source!I38 -> -0.628 | E76: =ROUND(Source!AB38,2) -> 4599 | F76: =Source!AD38 -> 0 | G76: =Source!O38 -> -2888.17 | H76: =Source!S38 -> 0 | I76: =Source!Q38 -> 0 | J76: =ROUND(Source!AH38,2) -> 0 | K76: =Source!U38 -> 0
C77: =Source!H38 -> т | E77: =ROUND(Source!AF38,2) -> 0 | F77: =Source!AE38 -> 0 | I77: =Source!R38 -> 0 | J77: =ROUND(Source!AI38,2) -> 0 | K77: =Source!V38 -> 0
A78: =Source!E39 -> 16 | B78: =Source!F39 -> 204-0021 | C78: =Source!G39 -> Горячекатаная арматурная сталь: периодического профиля класса А-III диаметром, 10 мм | D78: =Source!I39 -> 0.628 | E78: =ROUND(Source!AB39,2) -> 4577 | F78: =Source!AD39 -> 0 | G78: =Source!O39 -> 2874.36 | H78: =Source!S39 -> 0 | I78: =Source!Q39 -> 0 | J78: =ROUND(Source!AH39,2) -> 0 | K78: =Source!U39 -> 0
C79: =Source!H39 -> т | E79: =ROUND(Source!AF39,2) -> 0 | F79: =Source!AE39 -> 0 | I79: =Source!R39 -> 0 | J79: =ROUND(Source!AI39,2) -> 0 | K79: =Source!V39 -> 0
A80: =Source!E40 -> 17 | B80: =Source!F40 -> 13-03-002-4 | C80: =Source!G40 -> Огрунтовка закладных деталей и монтажных изделий за один раз: грунтовкой гф-021 | D80: =Source!I40 -> 16.59 | E80: =ROUND(Source!AB40,2) -> 320.03 | F80: =Source!AD40 -> 9.05 | G80: =Source!O40 -> 5309.3 | H80: =Source!S40 -> 937.34 | I80: =Source!Q40 -> 150.14 | J80: =ROUND(Source!AH40,2) -> 5.31 | K80: =Source!U40 -> 88.0929
C81: =Source!H40 -> 100М2 | E81: =ROUND(Source!AF40,2) -> 56.5 | F81: =Source!AE40 -> 0.21 | I81: =Source!R40 -> 3.48 | J81: =ROUND(Source!AI40,2) -> 0.02 | K81: =Source!V40 -> 0.3318
C82: % НР | D82: =Source!AT40 -> 90 | G82: =Source!X40 -> 846.74
C83: % СП | D83: =Source!AU40 -> 70 | G83: =Source!Y40 -> 658.57
A85: =Source!E41 -> 18 | B85: 13-03-004-26 к=2 | C85: =Source!G41 -> Окраска металлических огрунтованных поверхностей: эмалью пф-133 за 2 раза | D85: =Source!I41 -> 16.59 | E85: =ROUND(Source!AB41,2) -> 821.84 | F85: =Source!AD41 -> 11.7 | G85: =Source!O41 -> 13634.32 | H85: =Source!S41 -> 1152.67 | I85: =Source!Q41 -> 194.1 | J85: =ROUND(Source!AH41,2) -> 7.66 | K85: =Source!U41 -> 127.0794
C86: =Source!H41 -> 100М2 | E86: =ROUND(Source!AF41,2) -> 69.48 | F86: =Source!AE41 -> 0.42 | I86: =Source!R41 -> 6.97 | J86: =ROUND(Source!AI41,2) -> 0.04 | K86: =Source!V41 -> 0.6636
C87: Поправка к стоимости материалов: | D87: =Source!DD41 -> )*2
C88: Поправка к стоимости эксплуатации машин: | D88: =Source!DE41 -> )*2
C89: Поправка к заработной плате машиниста: | D89: =Source!DF41 -> )*2
C90: Поправка к заработной плате рабочих: | D90: =Source!DG41 -> )*2
C91: Поправка к трудозатратам рабочих: | D91: =Source!DI41 -> )*2
C92: Поправка к трудозатратам машинистов: | D92: =Source!DJ41 -> )*2
C93: % НР | D93: =Source!AT41 -> 90 | G93: =Source!X41 -> 1043.68
C94: % СП | D94: =Source!AU41 -> 70 | G94: =Source!Y41 -> 811.75
A96: =Source!E42 -> 19 | B96: =Source!F42 -> 13-03-004-23 | C96: =Source!G42 -> Окраска внутренней поверхности труб кузбасслаком | D96: =Source!I42 -> 0.41 | E96: =ROUND(Source!AB42,2) -> 531.61 | F96: =Source!AD42 -> 11.63 | G96: =Source!O42 -> 217.96 | H96: =Source!S42 -> 10.71 | I96: =Source!Q42 -> 4.77 | J96: =ROUND(Source!AH42,2) -> 2.88 | K96: =Source!U42 -> 1.1808
C97: =Source!H42 -> 100М2 | E97: =ROUND(Source!AF42,2) -> 26.12 | F97: =Source!AE42 -> 0.31 | I97: =Source!R42 -> 0.13 | J97: =ROUND(Source!AI42,2) -> 0.03 | K97: =Source!V42 -> 0.0123
C98: % НР | D98: =Source!AT42 -> 90 | G98: =Source!X42 -> 9.76
C99: % СП | D99: =Source!AU42 -> 70 | G99: =Source!Y42 -> 7.59
A101: =Source!E43 -> 20 | B101: =Source!F43 -> 11-01-011-1 | C101: =Source!G43 -> Устройство стяжек: цементных толщиной 20 мм (по проекту 40 мм) из раствора М100 | D101: =Source!I43 -> 4.1523 | E101: =ROUND(Source!AB43,2) -> 1232.23 | F101: =Source!AD43 -> 29.17 | G101: =Source!O43 -> 5116.59 | H101: =Source!S43 -> 1300.96 | I101: =Source!Q43 -> 121.12 | J101: =ROUND(Source!AH43,2) -> 39.51 | K101: =Source!U43 -> 164.05737
C102: =Source!H43 -> 100М2 | E102: =ROUND(Source!AF43,2) -> 313.31 | F102: =Source!AE43 -> 13.44 | I102: =Source!R43 -> 55.81 | J102: =ROUND(Source!AI43,2) -> 1.27 | K102: =Source!V43 -> 5.273421
C103: % НР | D103: =Source!AT43 -> 123 | G103: =Source!X43 -> 1668.83
C104: % СП | D104: =Source!AU43 -> 75 | G104: =Source!Y43 -> 1017.58
A106: =Source!E44 -> 21 | B106: =Source!F44 -> 402-0005 | C106: =Source!G44 -> Раствор готовый кладочный цементный, марка 150 (Расход 2,04:100х415,23=8,47) | D106: =Source!I44 -> -8.47 | E106: =ROUND(Source!AB44,2) -> 425 | F106: =Source!AD44 -> 0 | G106: =Source!O44 -> -3599.75 | H106: =Source!S44 -> 0 | I106: =Source!Q44 -> 0 | J106: =ROUND(Source!AH44,2) -> 0 | K106: =Source!U44 -> 0
C107: =Source!H44 -> м3 | E107: =ROUND(Source!AF44,2) -> 0 | F107: =Source!AE44 -> 0 | I107: =Source!R44 -> 0 | J107: =ROUND(Source!AI44,2) -> 0 | K107: =Source!V44 -> 0
A108: =Source!E45 -> 22 | B108: =Source!F45 -> 402-0004 | C108: =Source!G45 -> Раствор готовый кладочный цементный, марка 100 (Расход 2,04:100х415,23=8,47) | D108: =Source!I45 -> 8.47 | E108: =ROUND(Source!AB45,2) -> 394 | F108: =Source!AD45 -> 0 | G108: =Source!O45 -> 3337.18 | H108: =Source!S45 -> 0 | I108: =Source!Q45 -> 0 | J108: =ROUND(Source!AH45,2) -> 0 | K108: =Source!U45 -> 0
C109: =Source!H45 -> м3 | E109: =ROUND(Source!AF45,2) -> 0 | F109: =Source!AE45 -> 0 | I109: =Source!R45 -> 0 | J109: =ROUND(Source!AI45,2) -> 0 | K109: =Source!V45 -> 0
A110: =Source!E46 -> 23 | B110: 11-01-011-2 к=4 | C110: =Source!G46 -> Устройство стяжек: цементных на каждые 5 мм изменения толщины стяжки добавлять или исключать к норме 11-01-011-01 | D110: =Source!I46 -> 4.1523 | E110: =ROUND(Source!AB46,2) -> 903.8 | F110: =Source!AD46 -> 20.92 | G110: =Source!O46 -> 3752.85 | H110: =Source!S46 -> 65.94 | I110: =Source!Q46 -> 86.87 | J110: =ROUND(Source!AH46,2) -> 2 | K110: =Source!U46 -> 8.3046
C111: =Source!H46 -> 100М2 | E111: =ROUND(Source!AF46,2) -> 15.88 | F111: =Source!AE46 -> 8.88 | I111: =Source!R46 -> 36.87 | J111: =ROUND(Source!AI46,2) -> 0.84 | K111: =Source!V46 -> 3.487932
C112: Поправка к стоимости материалов: | D112: =Source!DD46 -> )*4
C113: Поправка к стоимости эксплуатации машин: | D113: =Source!DE46 -> )*4
C114: Поправка к заработной плате машиниста: | D114: =Source!DF46 -> )*4
C115: Поправка к заработной плате рабочих: | D115: =Source!DG46 -> )*4
C116: Поправка к трудозатратам рабочих: | D116: =Source!DI46 -> )*4
...

Sheet Source
A1: 0 | B1: АтомСмета | D1: _PS_ | F1: 0 | G1: 3 | H1: 0 | I1: АтомСмета | K1: 0 | L1: 29258
A12: 1 | B12: 1 | C12: 0 | D12: =ROW(A140) -> 140 | E12: 0 | F12: №2-2-6/с | G12: №2-2-6/с. Фундамент турбоагрегата. Верхнее строение. Закладные детали для вибродатчиков и термопар | I12: 0 | J12: 001-60-012-КЖ | P12: 0 | Q12: 0 | V12: -3 | X12: 2 | Y12: 2 | Z12: 1 | AA12: 1 | AC12: 0 | AD12: 2 | AE12: 0 | AF12: 0 | AG12: 0 | AH12: 40 | AI12: 0 | AJ12: 0 | AK12: 0 | AN12: 0 | BA12: 0 | BB12: 0 | BC12: 0 | BD12: 25553902 | BE12: Сметные нормы списания | BF12: Коды ценников | BG12: 16689361 | BH12: 0 | BI12: 1 | BK12: 1 | BL12: 1 | BM12: 1 | BN12: 1 | BO12: 0 | BP12: -1 | BR12: 2 | BT12: 0 | BU12: 1 | BV12: 1 | BW12: 0 | BX12: 0 | BY12: 0 | BZ12: 0 | CA12: 21535330 | CB12: 21535323 | CC12: 21535321 | CD12: 21535317 | CE12: 0 | CF12: 0 | CJ12: 0 | CK12: 21550311 | CL12: ТЕР - Ростовская область | CM12: Типовой расчёт для норм 2001 года АТОМНЫЕ ЭЛЕКТРОСТАНЦИИ МДС 81.33-2004 и МДС 81.25-99 без параметров | CN12: ТЕР-Ростов | CO12: ТЕР-Ростов | CP12: ТЕР-Ростов | CQ12: ТЕР-Ростов | CR12: Поправки для ТЕР 21_04 (Ростов) | CS12: 20085202 | CT12: 0 | CU12: 0 | CV12: 0 | CW12: 0 | CX12: 0 | CY12: 0
A15: 15 | B15: 1
A18: 52 | B18: =B140 -> 1 | C18: =C140 -> 1 | D18: =D140 -> 12 | E18: =E140 -> 0 | F18: =F140 -> №2-2-6/с | G18: =G140 -> №2-2-6/с. Фундамент турбоагрегата. Верхнее строение. Закладные детали для вибродатчиков и термопар | H18: =H140 -> 0 | I18: =I140 -> 0 | ... AM18: =AM140 -> 0
G19: 0
A20: 3 | B20: 1 | D20: =ROW(A76) -> 76 | F20: №2-2-6/с изм.1 | G20: на строительные работы | J20: 001-60-012-КЖ | R20: Т.И. Конозобко | S20: Р. Карпович | T20: Д.В. Карпович | X20: 2 | AJ20: 0 | AK20: 0 | AL20: -1 | BE20: {C220A64C-681F-4DB5-93CB-59341401C1A8} | BF20: 0 | BG20: 0
A22: 52 | B22: =B76 -> 1 | C22: =C76 -> 3 | D22: =D76 -> 20 | E22: =E76 -> 0 | F22: =F76 -> №2-2-6/с изм.1 | G22: =G76 -> на строительные работы | H22: =H76 -> 0 | I22: =I76 -> 0 | ... AM22: =AM76 -> 0
A24: 17 | B24: 1 | C24: =ROW(SmtRes!A5) -> 5 | D24: =ROW(EtalonRes!A5) -> 5 | E24: 1 | F24: 06-01-015-7 | G24: Установка закладных деталей весом: до 4 кг | H24: 1Т | I24: 0.273 | J24: 0 | O24: =ROUND(CP24,2) -> 2972.44 | P24: =ROUND(CQ24*I24,2) -> 2429.7 | Q24: =ROUND(CR24*I24,2) -> 8.35 | R24: =ROUND(CS24*I24,2) -> 1.02 | S24: =ROUND(CT24*I24,2) -> 534.39 | T24: =ROUND(CU24*I24,2) -> 0 | U24: =CV24*I24 -> 58.91886 | V24: =CW24*I24 -> 0.09828 | W24: =ROUND(CX24*I24,2) -> 0 | X24: =ROUND(CY24,2) -> 562.18 | Y24: =ROUND(CZ24,2) -> 348.02 | AA24: 0 | AB24: =(AC24+AD24+AF24) -> 10888.06 | AC24: =(ES24) -> 8900 | AD24: =(ET24) -> 30.57 | AE24: =(EU24) -> 3.74 | AF24: =(EV24) -> 1957.49 | AG24: =(AP24) -> 0 | AH24: =(EW24) -> 215.82 | AI24: =(EX24) -> 0.36 | AJ24: =(AS24) -> 0 | AK24: 10888.06 | AL24: 8900 | AM24: 30.57 | AN24: 3.74 | AO24: 1957.49 | AP24: 0 | AQ24: 215.82 | AR24: 0.36 | AS24: 0 | AT24: =BZ24 -> 105 | AU24: =CA24 -> 65 | AV24: 1 | AW24: 1 | AX24: 1 | AY24: 1 | AZ24: 1 | BA24: 1 | BB24: 1 | BC24: 1 | BH24: 0 | BI24: 1 | BJ24: ТЕР Ростовской обл,сб.06,гл.01,табл.015,поз.7 | BM24: 10 | BN24: 0 | BP24: 0 | BQ24: 2 | BR24: 0 | BS24: 1 | BT24: 1 | BU24: 1 | BV24: 1 | BW24: 1 | BX24: 1 | BZ24: 105 | CA24: 65 | CF24: 0 | CG24: 0 | CM24: 0 | CO24: 0 | CP24: =(P24+Q24+S24) -> 2972.44 | CQ24: =(AC24)*BC24 -> 8900 | CR24: =(AD24)*BB24 -> 30.57 | CS24: =(AE24)*BS24 -> 3.74 | CT24: =(AF24)*BA24 -> 1957.49 | CU24: =(AG24)*BT24 -> 0 | CV24: =(AH24)*BU24 -> 215.82 | CW24: =(AI24)*BV24 -> 0.36 | CX24: =(AJ24)*BW24 -> 0 | CY24: =(((S24+R24)*BZ24)/100) -> 562.1805 | CZ24: =(((S24+R24)*CA24)/100) -> 348.0165 | DN24: 0 | DO24: 0 | DP24: 1 | DQ24: 1 | DR24: 1 | DS24: 1 | DT24: 1 | DU24: 1013 | DV24: 1Т | DW24: 1Т | DX24: 1 | EE24: 16689382 | EF24: 2 | EG24: Общестроительные работы | EH24: 0 | EJ24: 1 | EK24: 10 | EL24: Бетонные и железобетонные монолитные конструкции в промышленном строительстве | EM24: 6-1 | EP24: Вырезка и заделка отверстий в опалубке, установка и закрепление закладных деталей . | EQ24: 0 | ER24: 10888.06 | ES24: 8900 | ET24: 30.57 | EU24: 3.74 | EV24: 1957.49 | EW24: 215.82 | EX24: 0.36 | EY24: 0
A25: 17 | B25: 1 | C25: =ROW(SmtRes!A10) -> 10 | D25: =ROW(EtalonRes!A10) -> 10 | E25: 2 | F25: 06-01-015-8 | G25: Установка закладных деталей весом: до 20 кг | H25: 1Т | I25: 36.153 | J25: 0 | O25: =ROUND(CP25,2) -> 343597.39 | P25: =ROUND(CQ25*I25,2) -> 321761.7 | Q25: =ROUND(CR25*I25,2) -> 1105.2 | R25: =ROUND(CS25*I25,2) -> 135.21 | S25: =ROUND(CT25*I25,2) -> 20730.49 | T25: =ROUND(CU25*I25,2) -> 0 | U25: =CV25*I25 -> 2285.5927 | V25: =CW25*I25 -> 13.01508 | W25: =ROUND(CX25*I25,2) -> 0 | X25: =ROUND(CY25,2) -> 21908.99 | Y25: =ROUND(CZ25,2) -> 13562.71 | AA25: 0 | AB25: =(AC25+AD25+AF25) -> 9503.98 | AC25: =(ES25) -> 8900 | AD25: =(ET25) -> 30.57 | AE25: =(EU25) -> 3.74 | AF25: =(EV25) -> 573.41 | AG25: =(AP25) -> 0 | AH25: =(EW25) -> 63.22 | AI25: =(EX25) -> 0.36 | AJ25: =(AS25) -> 0 | AK25: 9503.98 | AL25: 8900 | AM25: 30.57 | AN25: 3.74 | AO25: 573.41 | AP25: 0 | AQ25: 63.22 | AR25: 0.36 | AS25: 0 | AT25: =BZ25 -> 105 | AU25: =CA25 -> 65 | AV25: 1 | AW25: 1 | AX25: 1 | AY25: 1 | AZ25: 1 | BA25: 1 | BB25: 1 | BC25: 1 | BH25: 0 | BI25: 1 | BJ25: ТЕР Ростовской обл,сб.06,гл.01,табл.015,поз.8 | BM25: 10 | BN25: 0 | BP25: 0 | BQ25: 2 | BR25: 0 | BS25: 1 | BT25: 1 | BU25: 1 | BV25: 1 | BW25: 1 | BX25: 1 | BZ25: 105 | CA25: 65 | CF25: 0 | CG25: 0 | CM25: 0 | CO25: 0 | CP25: =(P25+Q25+S25) -> 343597.39 | CQ25: =(AC25)*BC25 -> 8900 | CR25: =(AD25)*BB25 -> 30.57 | CS25: =(AE25)*BS25 -> 3.74 | CT25: =(AF25)*BA25 -> 573.41 | CU25: =(AG25)*BT25 -> 0 | CV25: =(AH25)*BU25 -> 63.22 | CW25: =(AI25)*BV25 -> 0.36 | CX25: =(AJ25)*BW25 -> 0 | CY25: =(((S25+R25)*BZ25)/100) -> 21908.985 | CZ25: =(((S25+R25)*CA25)/100) -> 13562.705 | DN25: 0 | DO25: 0 | DP25: 1 | DQ25: 1 | DR25: 1 | DS25: 1 | DT25: 1 | DU25: 1013 | DV25: 1Т | DW25: 1Т | DX25: 1 | EE25: 16689382 | EF25: 2 | EG25: Общестроительные работы | EH25: 0 | EJ25: 1 | EK25: 10 | EL25: Бетонные и железобетонные монолитные конструкции в промышленном строительстве | EM25: 6-1 | EP25: Вырезка и заделка отверстий в опалубке, установка и закрепление закладных деталей . | EQ25: 0 | ER25: 9503.98 | ES25: 8900 | ET25: 30.57 | EU25: 3.74 | EV25: 573.41 | EW25: 63.22 | EX25: 0.36 | EY25: 0
A26: 17 | B26: 1 | C26: =ROW(SmtRes!A15) -> 15 | D26: =ROW(EtalonRes!A15) -> 15 | E26: 3 | F26: 06-01-015-9 | G26: Установка закладных деталей весом: более 20 кг | H26: 1Т | I26: 14.557 | J26: 0 | O26: =ROUND(CP26,2) -> 132880.67 | P26: =ROUND(CQ26*I26,2) -> 129557.3 | Q26: =ROUND(CR26*I26,2) -> 445.01 | R26: =ROUND(CS26*I26,2) -> 54.44 | S26: =ROUND(CT26*I26,2) -> 2878.36 | T26: =ROUND(CU26*I26,2) -> 0 | U26: =CV26*I26 -> 317.3426 | V26: =CW26*I26 -> 5.24052 | W26: =ROUND(CX26*I26,2) -> 0 | X26: =ROUND(CY26,2) -> 3079.44 | Y26: =ROUND(CZ26,2) -> 1906.32 | AA26: 0 | AB26: =(AC26+AD26+AF26) -> 9128.3 | AC26: =(ES26) -> 8900 | AD26: =(ET26) -> 30.57 | AE26: =(EU26) -> 3.74 | AF26: =(EV26) -> 197.73 | AG26: =(AP26) -> 0 | AH26: =(EW26) -> 21.8 | AI26: =(EX26) -> 0.36 | AJ26: =(AS26) -> 0 | AK26: 9128.3 | AL26: 8900 | AM26: 30.57 | AN26: 3.74 | AO26: 197.73 | AP26: 0 | AQ26: 21.8 | AR26: 0.36 | AS26: 0 | AT26: =BZ26 -> 105 | AU26: =CA26 -> 65 | AV26: 1 | AW26: 1 | AX26: 1 | AY26: 1 | AZ26: 1 | BA26: 1 | BB26: 1 | BC26: 1 | BH26: 0 | BI26: 1 | BJ26: ТЕР Ростовской обл,сб.06,гл.01,табл.015,поз.9 | BM26: 10 | BN26: 0 | BP26: 0 | BQ26: 2 | BR26: 0 | BS26: 1 | BT26: 1 | BU26: 1 | BV26: 1 | BW26: 1 | BX26: 1 | BZ26: 105 | CA26: 65 | CF26: 0 | CG26: 0 | CM26: 0 | CO26: 0 | CP26: =(P26+Q26+S26) -> 132880.67 | CQ26: =(AC26)*BC26 -> 8900 | CR26: =(AD26)*BB26 -> 30.57 | CS26: =(AE26)*BS26 -> 3.74 | CT26: =(AF26)*BA26 -> 197.73 | CU26: =(AG26)*BT26 -> 0 | CV26: =(AH26)*BU26 -> 21.8 | CW26: =(AI26)*BV26 -> 0.36 | CX26: =(AJ26)*BW26 -> 0 | CY26: =(((S26+R26)*BZ26)/100) -> 3079.44 | CZ26: =(((S26+R26)*CA26)/100) -> 1906.32 | DN26: 0 | DO26: 0 | DP26: 1 | DQ26: 1 | DR26: 1 | DS26: 1 | DT26: 1 | DU26: 1013 | DV26: 1Т | DW26: 1Т | DX26: 1 | EE26: 16689382 | EF26: 2 | EG26: Общестроительные работы | EH26: 0 | EJ26: 1 | EK26: 10 | EL26: Бетонные и железобетонные монолитные конструкции в промышленном строительстве | EM26: 6-1 | EP26: Вырезка и заделка отверстий в опалубке, установка и закрепление закладных деталей . | EQ26: 0 | ER26: 9128.3 | ES26: 8900 | ET26: 30.57 | EU26: 3.74 | EV26: 197.73 | EW26: 21.8 | EX26: 0.36 | EY26: 0
A27: 17 | B27: 1 | C27: =ROW(SmtRes!A34) -> 34 | D27: =ROW(EtalonRes!A34) -> 34 | E27: 4 | F27: 09-06-024-13 | G27: Монтаж кронштейнов | H27: 1Т | I27: 0.867 | J27: 0 | O27: =ROUND(CP27,2) -> 593.71 | P27: =ROUND(CQ27*I27,2) -> 37.64 | Q27: =ROUND(CR27*I27,2) -> 226.04 | R27: =ROUND(CS27*I27,2) -> 20.36 | S27: =ROUND(CT27*I27,2) -> 330.03 | T27: =ROUND(CU27*I27,2) -> 0 | U27: =CV27*I27 -> 34.30719 | V27: =CW27*I27 -> 1.95942 | W27: =ROUND(CX27*I27,2) -> 0 | X27: =ROUND(CY27,2) -> 315.35 | Y27: =ROUND(CZ27,2) -> 297.83 | AA27: 0 | AB27: =(AC27+AD27+AF27) -> 684.79 | AC27: =(ES27) -> 43.41 | AD27: =(ET27) -> 260.72 | AE27: =(EU27) -> 23.48 | AF27: =(EV27) -> 380.66 | AG27: =(AP27) -> 0 | AH27: =(EW27) -> 39.57 | AI27: =(EX27) -> 2.26 | AJ27: =(AS27) -> 0 | AK27: 684.79 | AL27: 43.41 | AM27: 260.72 | AN27: 23.48 | AO27: 380.66 | AP27: 0 | AQ27: 39.57 | AR27: 2.26 | AS27: 0 | AT27: =BZ27 -> 90 | AU27: =CA27 -> 85 | AV27: 1 | AW27: 1 | AX27: 1 | AY27: 1 | AZ27: 1 | BA27: 1 | BB27: 1 | BC27: 1 | BH27: 0 | BI27: 1 | BJ27: ТЕР Ростовской обл,сб.09,гл.06,табл.024,поз.13 | BM27: 15 | BN27: 0 | BP27: 0 | BQ27: 2 | BR27: 0 | BS27: 1 | BT27: 1 | BU27: 1 | BV27: 1 | BW27: 1 | BX27: 1 | BZ27: 90 | CA27: 85 | CF27: 0 | CG27: 0 | CM27: 0 | CO27: 0 | CP27: =(P27+Q27+S27) -> 593.71 | CQ27: =(AC27)*BC27 -> 43.41 | CR27: =(AD27)*BB27 -> 260.72 | CS27: =(AE27)*BS27 -> 23.48 | CT27: =(AF27)*BA27 -> 380.66 | CU27: =(AG27)*BT27 -> 0 | CV27: =(AH27)*BU27 -> 39.57 | CW27: =(AI27)*BV27 -> 2.26 | CX27: =(AJ27)*BW27 -> 0 | CY27: =(((S27+R27)*BZ27)/100) -> 315.351 | CZ27: =(((S27+R27)*CA27)/100) -> 297.8315 | DN27: 0 | DO27: 0 | DP27: 1 | DQ27: 1 | DR27: 1 | DS27: 1 | DT27: 1 | DU27: 1013 | DV27: 1Т | DW27: 1Т | DX27: 1 | EE27: 16689386 | EF27: 2 | EG27: Общестроительные работы | EH27: 0 | EJ27: 1 | EK27: 15 | EL27: Металлические конструкции | EM27: 9 | EP27: Установка и крепление стальнных конструкций. Устройство подмостей. Антикоррозийная защита стальных конструкций. | EQ27: 0 | ER27: 684.79 | ES27: 43.41 | ET27: 260.72 | EU27: 23.48 | EV27: 380.66 | EW27: 39.57 | EX27: 2.26 | EY27: 0
A28: 17 | B28: 1 | E28: 5 | F28: 201-0664 | G28: Стоимость кронштейнов | H28: т | I28: 0.867 | J28: 0 | O28: =ROUND(CP28,2) -> 7842.02 | P28: =ROUND(CQ28*I28,2) -> 7842.02 | Q28: =ROUND(CR28*I28,2) -> 0 | R28: =ROUND(CS28*I28,2) -> 0 | S28: =ROUND(CT28*I28,2) -> 0 | T28: =ROUND(CU28*I28,2) -> 0 | U28: =CV28*I28 -> 0 | V28: =CW28*I28 -> 0 | W28: =ROUND(CX28*I28,2) -> 0 | X28: =ROUND(CY28,2) -> 0 | Y28: =ROUND(CZ28,2) -> 0 | AA28: 0 | AB28: =(AC28+AD28+AF28) -> 9045 | AC28: =(ES28) -> 9045 | AD28: =(ET28) -> 0 | AE28: =(EU28) -> 0 | AF28: =(EV28) -> 0 | AG28: =(AP28) -> 0 | AH28: =(EW28) -> 0 | AI28: =(EX28) -> 0 | AJ28: =(AS28) -> 0 | AK28: 9045 | AL28: 9045 | AM28: 0 | AN28: 0 | AO28: 0 | AP28: 0 | AQ28: 0 | AR28: 0 | AS28: 0 | AT28: =BZ28 -> 0 | AU28: =CA28 -> 0 | AV28: 1 | AW28: 1 | AX28: 1 | AY28: 1 | AZ28: 1 | BA28: 1 | BB28: 1 | BC28: 1 | BH28: 3 | BI28: 1 | BJ28: ССЦ Ростовской обл, сб.201, поз.0664 | BM28: 1100 | BN28: 0 | BP28: 0 | BQ28: 8 | BR28: 0 | BS28: 1 | BT28: 1 | BU28: 1 | BV28: 1 | BW28: 1 | BX28: 1 | BZ28: 0 | CA28: 0 | CF28: 0 | CG28: 0 | CM28: 0 | CO28: 0 | CP28: =(P28+Q28+S28) -> 7842.02 | CQ28: =(AC28)*BC28 -> 9045 | CR28: =(AD28)*BB28 -> 0 | CS28: =(AE28)*BS28 -> 0 | CT28: =(AF28)*BA28 -> 0 | CU28: =(AG28)*BT28 -> 0 | CV28: =(AH28)*BU28 -> 0 | CW28: =(AI28)*BV28 -> 0 | CX28: =(AJ28)*BW28 -> 0 | CY28: =(((S28+R28)*BZ28)/100) -> 0 | CZ28: =(((S28+R28)*CA28)/100) -> 0 | DN28: 0 | DO28: 0 | DP28: 1 | DQ28: 1 | DR28: 1 | DS28: 1 | DT28: 1 | DU28: 1009 | DV28: т | DW28: т | DX28: 1000 | EE28: 16689463 | EF28: 8 | EG28: Материалы | EH28: 0 | EJ28: 1 | EK28: 1100 | EL28: Материалы, изделия и конструкции | EM28: материалы | EQ28: 0 | ER28: 9045 | ES28: 9045 | ET28: 0 | EU28: 0 | EV28: 0 | EW28: 0 | EX28: 0 | EY28: 0
A29: 17 | B29: 1 | C29: =ROW(SmtRes!A41) -> 41 | D29: =ROW(EtalonRes!A41) -> 41 | E29: 6 | F29: 06-01-015-6 Прим. | G29: Установка стальных труб | H29: 1Т | I29: 4.097 | J29: 0 | O29: =ROUND(CP29,2) -> 40410.14 | P29: =ROUND(CQ29*I29,2) -> 36787.33 | Q29: =ROUND(CR29*I29,2) -> 1796.82 | R29: =ROUND(CS29*I29,2) -> 186.21 | S29: =ROUND(CT29*I29,2) -> 1825.99 | T29: =ROUND(CU29*I29,2) -> 0 | U29: =CV29*I29 -> 189.81401 | V29: =CW29*I29 -> 17.94486 | W29: =ROUND(CX29*I29,2) -> 0 | X29: =ROUND(CY29,2) -> 2112.81 | Y29: =ROUND(CZ29,2) -> 1307.93 | AA29: 0 | AB29: =(AC29+AD29+AF29) -> 9863.35 | AC29: =(ES29) -> 8979.09 | AD29: =(ET29) -> 438.57 | AE29: =(EU29) -> 45.45 | AF29: =(EV29) -> 445.69 | AG29: =(AP29) -> 0 | AH29: =(EW29) -> 46.33 | AI29: =(EX29) -> 4.38 | AJ29: =(AS29) -> 0 | AK29: 9863.35 | AL29: 8979.09 | AM29: 438.57 | AN29: 45.45 | AO29: 445.69 | AP29: 0 | AQ29: 46.33 | AR29: 4.38 | AS29: 0 | AT29: =BZ29 -> 105 | AU29: =CA29 -> 65 | AV29: 1 | AW29: 1 | AX29: 1 | AY29: 1 | AZ29: 1 | BA29: 1 | BB29: 1 | BC29: 1 | BH29: 0 | BI29: 1 | BJ29: ТЕР Ростовской обл,сб.06,гл.01,табл.015,поз.6 | BM29: 10 | BN29: 0 | BP29: 0 | BQ29: 2 | BR29: 0 | BS29: 1 | BT29: 1 | BU29: 1 | BV29: 1 | BW29: 1 | BX29: 1 | BZ29: 105 | CA29: 65 | CF29: 0 | CG29: 0 | CM29: 0 | CO29: 0 | CP29: =(P29+Q29+S29) -> 40410.14 | CQ29: =(AC29)*BC29 -> 8979.09 | CR29: =(AD29)*BB29 -> 438.57 | CS29: =(AE29)*BS29 -> 45.45 | CT29: =(AF29)*BA29 -> 445.69 | CU29: =(AG29)*BT29 -> 0 | CV29: =(AH29)*BU29 -> 46.33 | CW29: =(AI29)*BV29 -> 4.38 | CX29: =(AJ29)*BW29 -> 0 | CY29: =(((S29+R29)*BZ29)/100) -> 2112.81 | CZ29: =(((S29+R29)*CA29)/100) -> 1307.93 | DN29: 0 | DO29: 0 | DP29: 1 | DQ29: 1 | DR29: 1 | DS29: 1 | DT29: 1 | DU29: 1013 | DV29: 1Т | DW29: 1Т | DX29: 1 | EE29: 16689382 | EF29: 2 | EG29: Общестроительные работы | EH29: 0 | EJ29: 1 | EK29: 10 | EL29: Бетонные и железобетонные монолитные конструкции в промышленном строительстве | EM29: 6-1 | EQ29: 0 | ER29: 9863.35 | ES29: 8979.09 | ET29: 438.57 | EU29: 45.45 | EV29: 445.69 | EW29: 46.33 | EX29: 4.38 | EY29: 0
A30: 17 | B30: 1 | E30: 7 | F30: 201-9002 | G30: Конструкции металлические | H30: т | I30: -4.097 | J30: 0 | O30: =ROUND(CP30,2) -> -36500.17 | P30: =ROUND(CQ30*I30,2) -> -36500.17 | Q30: =ROUND(CR30*I30,2) -> 0 | R30: =ROUND(CS30*I30,2) -> 0 | S30: =ROUND(CT30*I30,2) -> 0 | T30: =ROUND(CU30*I30,2) -> 0 | U30: =CV30*I30 -> 0 | V30: =CW30*I30 -> 0 | W30: =ROUND(CX30*I30,2) -> 0 | X30: =ROUND(CY30,2) -> 0 | Y30: =ROUND(CZ30,2) -> 0 | AA30: 0 | AB30: =(AC30+AD30+AF30) -> 8909 | AC30: =(ES30) -> 8909 | AD30: =(ET30) -> 0 | AE30: =(EU30) -> 0 | AF30: =(EV30) -> 0 | AG30: =(AP30) -> 0 | AH30: =(EW30) -> 0 | AI30: =(EX30) -> 0 | AJ30: =(AS30) -> 0 | AK30: 8909 | AL30: 8909 | AM30: 0 | AN30: 0 | AO30: 0 | AP30: 0 | AQ30: 0 | AR30: 0 | AS30: 0 | AT30: =BZ30 -> 0 | AU30: =CA30 -> 0 | AV30: 1 | AW30: 1 | AX30: 1 | AY30: 1 | AZ30: 1 | BA30: 1 | BB30: 1 | BC30: 1 | BH30: 3 | BI30: 1 | BJ30: ССЦ Ростовской обл, сб.201, поз.9002 | BM30: 1100 | BN30: 0 | BP30: 0 | BQ30: 8 | BR30: 0 | BS30: 1 | BT30: 1 | BU30: 1 | BV30: 1 | BW30: 1 | BX30: 1 | BZ30: 0 | CA30: 0 | CF30: 0 | CG30: 0 | CM30: 0 | CO30: 0 | CP30: =(P30+Q30+S30) -> -36500.17 | CQ30: =(AC30)*BC30 -> 8909 | CR30: =(AD30)*BB30 -> 0 | CS30: =(AE30)*BS30 -> 0 | CT30: =(AF30)*BA30 -> 0 | CU30: =(AG30)*BT30 -> 0 | CV30: =(AH30)*BU30 -> 0 | CW30: =(AI30)*BV30 -> 0 | CX30: =(AJ30)*BW30 -> 0 | CY30: =(((S30+R30)*BZ30)/100) -> 0 | CZ30: =(((S30+R30)*CA30)/100) -> 0 | DN30: 0 | DO30: 0 | DP30: 1 | DQ30: 1 | DR30: 1 | DS30: 1 | DT30: 1 | DU30: 1009 | DV30: т | DW30: т | DX30: 1000 | EE30: 16689463 | EF30: 8 | EG30: Материалы | EH30: 0 | EJ30: 1 | EK30: 1100 | EL30: Материалы, изделия и конструкции | EM30: материалы | EQ30: 0 | ER30: 8909 | ES30: 8909 | ET30: 0 | EU30: 0 | EV30: 0 | EW30: 0 | EX30: 0 | EY30: 0
A31: 17 | B31: 1 | E31: 8 | F31: 103-0356 | G31: Трубы стальные бесшовные, горячедеформированные наружный диаметр 57 мм толщина стенки 3 мм | H31: м | I31: 137.96 | J31: 0 | O31: =ROUND(CP31,2) -> 4166.39 | P31: =ROUND(CQ31*I31,2) -> 4166.39 | Q31: =ROUND(CR31*I31,2) -> 0 | R31: =ROUND(CS31*I31,2) -> 0 | S31: =ROUND(CT31*I31,2) -> 0 | T31: =ROUND(CU31*I31,2) -> 0 | U31: =CV31*I31 -> 0 | V31: =CW31*I31 -> 0 | W31: =ROUND(CX31*I31,2) -> 0 | X31: =ROUND(CY31,2) -> 0 | Y31: =ROUND(CZ31,2) -> 0 | AA31: 0 | AB31: =(AC31+AD31+AF31) -> 30.2 | AC31: =(ES31) -> 30.2 | AD31: =(ET31) -> 0 | AE31: =(EU31) -> 0 | AF31: =(EV31) -> 0 | AG31: =(AP31) -> 0 | AH31: =(EW31) -> 0 | AI31: =(EX31) -> 0 | AJ31: =(AS31) -> 0 | AK31: 30.2 | AL31: 30.2 | AM31: 0 | AN31: 0 | AO31: 0 | AP31: 0 | AQ31: 0 | AR31: 0 | AS31: 0 | AT31: =BZ31 -> 0 | AU31: =CA31 -> 0 | AV31: 1 | AW31: 1 | AX31: 1 | AY31: 1 | AZ31: 1 | BA31: 1 | BB31: 1 | BC31: 1 | BH31: 3 | BI31: 1 | BJ31: ССЦ Ростовской обл, сб.103, поз.0356 | BM31: 1100 | BN31: 0 | BP31: 0 | BQ31: 8 | BR31: 0 | BS31: 1 | BT31: 1 | BU31: 1 | BV31: 1 | BW31: 1 | BX31: 1 | BZ31: 0 | CA31: 0 | CF31: 0 | CG31: 0 | CM31: 0 | CO31: 0 | CP31: =(P31+Q31+S31) -> 4166.39 | CQ31: =(AC31)*BC31 -> 30.2 | CR31: =(AD31)*BB31 -> 0 | CS31: =(AE31)*BS31 -> 0 | CT31: =(AF31)*BA31 -> 0 | CU31: =(AG31)*BT31 -> 0 | CV31: =(AH31)*BU31 -> 0 | CW31: =(AI31)*BV31 -> 0 | CX31: =(AJ31)*BW31 -> 0 | CY31: =(((S31+R31)*BZ31)/100) -> 0 | CZ31: =(((S31+R31)*CA31)/100) -> 0 | DN31: 0 | DO31: 0 | DP31: 1 | DQ31: 1 | DR31: 1 | DS31: 1 | DT31: 1 | DU31: 1003 | DV31: м | DW31: м | DX31: 1 | EE31: 16689463 | EF31: 8 | EG31: Материалы | EH31: 0 | EJ31: 1 | EK31: 1100 | EL31: Материалы, изделия и конструкции | EM31: материалы | EQ31: 0 | ER31: 30.2 | ES31: 30.2 | ET31: 0 | EU31: 0 | EV31: 0 | EW31: 0 | EX31: 0 | EY31: 0
A32: 17 | B32: 1 | E32: 9 | F32: 103-0176 | G32: Трубы стальные сварные электросварные наружный диаметр 159 мм, толщина стенки 4.5 мм | H32: м | I32: 168.38 | J32: 0 | O32: =ROUND(CP32,2) -> 21215.88 | P32: =ROUND(CQ32*I32,2) -> 21215.88 | Q32: =ROUND(CR32*I32,2) -> 0 | R32: =ROUND(CS32*I32,2) -> 0 | S32: =ROUND(CT32*I32,2) -> 0 | T32: =ROUND(CU32*I32,2) -> 0 | U32: =CV32*I32 -> 0 | V32: =CW32*I32 -> 0 | W32: =ROUND(CX32*I32,2) -> 0 | X32: =ROUND(CY32,2) -> 0 | Y32: =ROUND(CZ32,2) -> 0 | AA32: 0 | AB32: =(AC32+AD32+AF32) -> 126 | AC32: =(ES32) -> 126 | AD32: =(ET32) -> 0 | AE32: =(EU32) -> 0 | AF32: =(EV32) -> 0 | AG32: =(AP32) -> 0 | AH32: =(EW32) -> 0 | AI32: =(EX32) -> 0 | AJ32: =(AS32) -> 0 | AK32: 126 | AL32: 126 | AM32: 0 | AN32: 0 | AO32: 0 | AP32: 0 | AQ32: 0 | AR32: 0 | AS32: 0 | AT32: =BZ32 -> 0 | AU32: =CA32 -> 0 | AV32: 1 | AW32: 1 | AX32: 1 | AY32: 1 | AZ32: 1 | BA32: 1 | BB32: 1 | BC32: 1 | BH32: 3 | BI32: 1 | BJ32: ССЦ Ростовской обл, сб.103, поз.0176 | BM32: 1100 | BN32: 0 | BP32: 0 | BQ32: 8 | BR32: 0 | BS32: 1 | BT32: 1 | BU32: 1 | BV32: 1 | BW32: 1 | BX32: 1 | BZ32: 0 | CA32: 0 | CF32: 0 | CG32: 0 | CM32: 0 | CO32: 0 | CP32: =(P32+Q32+S32) -> 21215.88 | CQ32: =(AC32)*BC32 -> 126 | CR32: =(AD32)*BB32 -> 0 | CS32: =(AE32)*BS32 -> 0 | CT32: =(AF32)*BA32 -> 0 | CU32: =(AG32)*BT32 -> 0 | CV32: =(AH32)*BU32 -> 0 | CW32: =(AI32)*BV32 -> 0 | CX32: =(AJ32)*BW32 -> 0 | CY32: =(((S32+R32)*BZ32)/100) -> 0 | CZ32: =(((S32+R32)*CA32)/100) -> 0 | DN32: 0 | DO32: 0 | DP32: 1 | DQ32: 1 | DR32: 1 | DS32: 1 | DT32: 1 | DU32: 1003 | DV32: м | DW32: м | DX32: 1 | EE32: 16689463 | EF32: 8 | EG32: Материалы | EH32: 0 | EJ32: 1 | EK32: 1100 | EL32: Материалы, изделия и конструкции | EM32: материалы | EQ32: 0 | ER32: 126 | ES32: 126 | ET32: 0 | EU32: 0 | EV32: 0 | EW32: 0 | EX32: 0 | EY32: 0
A33: 17 | B33: 1 | E33: 10 | F33: 103-0161 | G33: Трубы стальные сварные электросварные прямошовные со снятой фаской диаметром от 20 до 377 мм из стали марок бст2кп-бст2пс-бст4пс наружный диаметр 108 мм толщина стенки 4 мм | H33: м | I33: 60 | J33: 0 | O33: =ROUND(CP33,2) -> 4200 | P33: =ROUND(CQ33*I33,2) -> 4200 | Q33: =ROUND(CR33*I33,2) -> 0 | R33: =ROUND(CS33*I33,2) -> 0 | S33: =ROUND(CT33*I33,2) -> 0 | T33: =ROUND(CU33*I33,2) -> 0 | U33: =CV33*I33 -> 0 | V33: =CW33*I33 -> 0 | W33: =ROUND(CX33*I33,2) -> 0 | X33: =ROUND(CY33,2) -> 0 | Y33: =ROUND(CZ33,2) -> 0 | AA33: 0 | AB33: =(AC33+AD33+AF33) -> 70 | AC33: =(ES33) -> 70 | AD33: =(ET33) -> 0 | AE33: =(EU33) -> 0 | AF33: =(EV33) -> 0 | AG33: =(AP33) -> 0 | AH33: =(EW33) -> 0 | AI33: =(EX33) -> 0 | AJ33: =(AS33) -> 0 | AK33: 70 | AL33: 70 | AM33: 0 | AN33: 0 | AO33: 0 | AP33: 0 | AQ33: 0 | AR33: 0 | AS33: 0 | AT33: =BZ33 -> 0 | AU33: =CA33 -> 0 | AV33: 1 | AW33: 1 | AX33: 1 | AY33: 1 | AZ33: 1 | BA33: 1 | BB33: 1 | BC33: 1 | BH33: 3 | BI33: 1 | BJ33: ССЦ Ростовской обл, сб.103, поз.0161 | BM33: 1100 | BN33: 0 | BP33: 0 | BQ33: 8 | BR33: 0 | BS33: 1 | BT33: 1 | BU33: 1 | BV33: 1 | BW33: 1 | BX33: 1 | BZ33: 0 | CA33: 0 | CF33: 0 | CG33: 0 | CM33: 0 | CO33: 0 | CP33: =(P33+Q33+S33) -> 4200 | CQ33: =(AC33)*BC33 -> 70 | CR33: =(AD33)*BB33 -> 0 | CS33: =(AE33)*BS33 -> 0 | CT33: =(AF33)*BA33 -> 0 | CU33: =(AG33)*BT33 -> 0 | CV33: =(AH33)*BU33 -> 0 | CW33: =(AI33)*BV33 -> 0 | CX33: =(AJ33)*BW33 -> 0 | CY33: =(((S33+R33)*BZ33)/100) -> 0 | CZ33: =(((S33+R33)*CA33)/100) -> 0 | DN33: 0 | DO33: 0 | DP33: 1 | DQ33: 1 | DR33: 1 | DS33: 1 | DT33: 1 | DU33: 1003 | DV33: м | DW33: м | DX33: 1 | EE33: 16689463 | EF33: 8 | EG33: Материалы | EH33: 0 | EJ33: 1 | EK33: 1100 | EL33: Материалы, изделия и конструкции | EM33: материалы | EQ33: 0 | ER33: 70 | ES33: 70 | ET33: 0 | EU33: 0 | EV33: 0 | EW33: 0 | EX33: 0 | EY33: 0
A34: 17 | B34: 1 | C34: =ROW(SmtRes!A47) -> 47 | D34: =ROW(EtalonRes!A47) -> 47 | E34: 11 | F34: 07-01-044-3 | G34: Установка монтажных изделий массой: до 20 кг | H34: 1Т | I34: 0.569 | J34: 0 | O34: =ROUND(CP34,2) -> 5070.53 | P34: =ROUND(CQ34*I34,2) -> 4687.08 | Q34: =ROUND(CR34*I34,2) -> 135.38 | R34: =ROUND(CS34*I34,2) -> 6 | S34: =ROUND(CT34*I34,2) -> 248.07 | T34: =ROUND(CU34*I34,2) -> 0 | U34: =CV34*I34 -> 24.2963 | V34: =CW34*I34 -> 0.58607 | W34: =ROUND(CX34*I34,2) -> 0 | X34: =ROUND(CY34,2) -> 330.29 | Y34: =ROUND(CZ34,2) -> 215.96 | AA34: 0 | AB34: =(AC34+AD34+AF34) -> 8911.29 | AC34: =(ES34) -> 8237.4 | AD34: =(ET34) -> 237.92 | AE34: =(EU34) -> 10.55 | AF34: =(EV34) -> 435.97 | AG34: =(AP34) -> 0 | AH34: =(EW34) -> 42.7 | AI34: =(EX34) -> 1.03 | AJ34: =(AS34) -> 0 | AK34: 8911.29 | AL34: 8237.4 | AM34: 237.92 | AN34: 10.55 | AO34: 435.97 | AP34: 0 | AQ34: 42.7 | AR34: 1.03 | AS34: 0 | AT34: =BZ34 -> 130 | AU34: =CA34 -> 85 | AV34: 1 | AW34: 1 | AX34: 1 | AY34: 1 | AZ34: 1 | BA34: 1 | BB34: 1 | BC34: 1 | BH34: 0 | BI34: 1 | BJ34: ТЕР Ростовской обл,сб.07,гл.01,табл.044,поз.3 | BM34: 11 | BN34: 0 | BP34: 0 | BQ34: 2 | BR34: 0 | BS34: 1 | BT34: 1 | BU34: 1 | BV34: 1 | BW34: 1 | BX34: 1 | BZ34: 130 | CA34: 85 | CF34: 0 | CG34: 0 | CM34: 0 | CO34: 0 | CP34: =(P34+Q34+S34) -> 5070.53 | CQ34: =(AC34)*BC34 -> 8237.4 | CR34: =(AD34)*BB34 -> 237.92 | CS34: =(AE34)*BS34 -> 10.55 | CT34: =(AF34)*BA34 -> 435.97 | CU34: =(AG34)*BT34 -> 0 | CV34: =(AH34)*BU34 -> 42.7 | CW34: =(AI34)*BV34 -> 1.03 | CX34: =(AJ34)*BW34 -> 0 | CY34: =(((S34+R34)*BZ34)/100) -> 330.291 | CZ34: =(((S34+R34)*CA34)/100) -> 215.9595 | DN34: 0 | DO34: 0 | DP34: 1 | DQ34: 1 | DR34: 1 | DS34: 1 | DT34: 1 | DU34: 1013 | DV34: 1Т | DW34: 1Т | DX34: 1 | EE34: 16689383 | EF34: 2 | EG34: Общестроительные работы | EH34: 0 | EJ34: 1 | EK34: 11 | EL34: Бетонные и железобетонные сборные конструкции в промышленном строительстве | EM34: 7-1 | EP34: Установка и сварка стальных крепежных элементов. | EQ34: 0 | ER34: 8911.29 | ES34: 8237.4 | ET34: 237.92 | EU34: 10.55 | EV34: 435.97 | EW34: 42.7 | EX34: 1.03 | EY34: 0
A35: 17 | B35: 1 | C35: =ROW(SmtRes!A53) -> 53 | D35: =ROW(EtalonRes!A53) -> 53 | E35: 12 | F35: 07-01-044-4 | G35: Установка монтажных изделий массой: более 20 кг | H35: 1Т | I35: 0.338 | J35: 0 | O35: =ROUND(CP35,2) -> 2937 | P35: =ROUND(CQ35*I35,2) -> 2750.91 | Q35: =ROUND(CR35*I35,2) -> 77.73 | R35: =ROUND(CS35*I35,2) -> 3.53 | S35: =ROUND(CT35*I35,2) -> 108.36 | T35: =ROUND(CU35*I35,2) -> 0 | U35: =CV35*I35 -> 10.6132 | V35: =CW35*I35 -> 0.34476 | W35: =ROUND(CX35*I35,2) -> 0 | X35: =ROUND(CY35,2) -> 145.46 | Y35: =ROUND(CZ35,2) -> 95.11 | AA35: 0 | AB35: =(AC35+AD35+AF35) -> 8689.36 | AC35: =(ES35) -> 8138.8 | AD35: =(ET35) -> 229.97 | AE35: =(EU35) -> 10.44 | AF35: =(EV35) -> 320.59 | AG35: =(AP35) -> 0 | AH35: =(EW35) -> 31.4 | AI35: =(EX35) -> 1.02 | AJ35: =(AS35) -> 0 | AK35: 8689.36 | AL35: 8138.8 | AM35: 229.97 | AN35: 10.44 | AO35: 320.59 | AP35: 0 | AQ35: 31.4 | AR35: 1.02 | AS35: 0 | AT35: =BZ35 -> 130 | AU35: =CA35 -> 85 | AV35: 1 | AW35: 1 | AX35: 1 | AY35: 1 | AZ35: 1 | BA35: 1 | BB35: 1 | BC35: 1 | BH35: 0 | BI35: 1 | BJ35: ТЕР Ростовской обл,сб.07,гл.01,табл.044,поз.4 | BM35: 11 | BN35: 0 | BP35: 0 | BQ35: 2 | BR35: 0 | BS35: 1 | BT35: 1 | BU35: 1 | BV35: 1 | BW35: 1 | BX35: 1 | BZ35: 130 | CA35: 85 | CF35: 0 | CG35: 0 | CM35: 0 | CO35: 0 | CP35: =(P35+Q35+S35) -> 2937 | CQ35: =(AC35)*BC35 -> 8138.8 | CR35: =(AD35)*BB35 -> 229.97 | CS35: =(AE35)*BS35 -> 10.44 | CT35: =(AF35)*BA35 -> 320.59 | CU35: =(AG35)*BT35 -> 0 | CV35: =(AH35)*BU35 -> 31.4 | CW35: =(AI35)*BV35 -> 1.02 | CX35: =(AJ35)*BW35 -> 0 | CY35: =(((S35+R35)*BZ35)/100) -> 145.457 | CZ35: =(((S35+R35)*CA35)/100) -> 95.1065 | DN35: 0 | DO35: 0 | DP35: 1 | DQ35: 1 | DR35: 1 | DS35: 1 | DT35: 1 | DU35: 1013 | DV35: 1Т | DW35: 1Т | DX35: 1 | EE35: 16689383 | EF35: 2 | EG35: Общестроительные работы | EH35: 0 | EJ35: 1 | EK35: 11 | EL35: Бетонные и железобетонные сборные конструкции в промышленном строительстве | EM35: 7-1 | EP35: Установка и сварка стальных крепежных элементов. | EQ35: 0 | ER35: 8689.36 | ES35: 8138.8 | ET35: 229.97 | EU35: 10.44 | EV35: 320.59 | EW35: 31.4 | EX35: 1.02 | EY35: 0
A36: 17 | B36: 1 | C36: =ROW(SmtRes!A61) -> 61 | D36: =ROW(EtalonRes!A61) -> 61 | E36: 13 | F36: 06-01-015-4 | G36: Установка анкерных болтов: при бетонировании на поддерживающие конструкции | H36: 1Т | I36: 7.481 | J36: 0 | O36: =ROUND(CP36,2) -> 85227.22 | P36: =ROUND(CQ36*I36,2) -> 82250.45 | Q36: =ROUND(CR36*I36,2) -> 528.61 | R36: =ROUND(CS36*I36,2) -> 49.22 | S36: =ROUND(CT36*I36,2) -> 2448.16 | T36: =ROUND(CU36*I36,2) -> 0 | U36: =CV36*I36 -> 269.91448 | V36: =CW36*I36 -> 4.71303 | W36: =ROUND(CX36*I36,2) -> 0 | X36: =ROUND(CY36,2) -> 2622.25 | Y36: =ROUND(CZ36,2) -> 1623.3 | AA36: 0 | AB36: =(AC36+AD36+AF36) -> 11392.49 | AC36: =(ES36) -> 10994.58 | AD36: =(ET36) -> 70.66 | AE36: =(EU36) -> 6.58 | AF36: =(EV36) -> 327.25 | AG36: =(AP36) -> 0 | AH36: =(EW36) -> 36.08 | AI36: =(EX36) -> 0.63 | AJ36: =(AS36) -> 0 | AK36: 11392.49 | AL36: 10994.58 | AM36: 70.66 | AN36: 6.58 | AO36: 327.25 | AP36: 0 | AQ36: 36.08 | AR36: 0.63 | AS36: 0 | AT36: =BZ36 -> 105 | AU36: =CA36 -> 65 | AV36: 1 | AW36: 1 | AX36: 1 | AY36: 1 | AZ36: 1 | BA36: 1 | BB36: 1 | BC36: 1 | BH36: 0 | BI36: 1 | BJ36: ТЕР Ростовской обл,сб.06,гл.01,табл.015,поз.4 | BM36: 10 | BN36: 0 | BP36: 0 | BQ36: 2 | BR36: 0 | BS36: 1 | BT36: 1 | BU36: 1 | BV36: 1 | BW36: 1 | BX36: 1 | BZ36: 105 | CA36: 65 | CF36: 0 | CG36: 0 | CM36: 0 | CO36: 0 | CP36: =(P36+Q36+S36) -> 85227.22 | CQ36: =(AC36)*BC36 -> 10994.58 | CR36: =(AD36)*BB36 -> 70.66 | CS36: =(AE36)*BS36 -> 6.58 | CT36: =(AF36)*BA36 -> 327.25 | CU36: =(AG36)*BT36 -> 0 | CV36: =(AH36)*BU36 -> 36.08 | CW36: =(AI36)*BV36 -> 0.63 | CX36: =(AJ36)*BW36 -> 0 | CY36: =(((S36+R36)*BZ36)/100) -> 2622.249 | CZ36: =(((S36+R36)*CA36)/100) -> 1623.297 | DN36: 0 | DO36: 0 | DP36: 1 | DQ36: 1 | DR36: 1 | DS36: 1 | DT36: 1 | DU36: 1013 | DV36: 1Т | DW36: 1Т | DX36: 1 | EE36: 16689382 | EF36: 2 | EG36: Общестроительные работы | EH36: 0 | EJ36: 1 | EK36: 10 | EL36: Бетонные и железобетонные монолитные конструкции в промышленном строительстве | EM36: 6-1 | EP36: Установка кондукторов (шаблонов) с выверкой, закреплением и разборкой . Установка анкерных болтов с выверкой и закреплением . Установка фиксирующих элементов, остающихся в теле бетона с закреплением . | EQ36: 0 | ER36: 11392.49 | ES36: 10994.58 | ET36: 70.66 | EU36: 6.58 | EV36: 327.25 | EW36: 36.08 | EX36: 0.63 | EY36: 0
A37: 17 | B37: 1 | C37: =ROW(SmtRes!A67) -> 67 | D37: =ROW(EtalonRes!A67) -> 67 | E37: 14 | F37: 06-01-015-10 Прим. | G37: Установка арматуры д=10 мм класса А-III отдельными стержнями | H37: 1Т | I37: 0.628 | J37: 0 | O37: =ROUND(CP37,2) -> 3095.86 | P37: =ROUND(CQ37*I37,2) -> 3005.3 | Q37: =ROUND(CR37*I37,2) -> 20.31 | R37: =ROUND(CS37*I37,2) -> 2.48 | S37: =ROUND(CT37*I37,2) -> 70.25 | T37: =ROUND(CU37*I37,2) -> 0 | U37: =CV37*I37 -> 7.93792 | V37: =CW37*I37 -> 0.23864 | W37: =ROUND(CX37*I37,2) -> 0 | X37: =ROUND(CY37,2) -> 76.37 | Y37: =ROUND(CZ37,2) -> 47.27 | AA37: 0 | AB37: =(AC37+AD37+AF37) -> 4929.71 | AC37: =(ES37) -> 4785.51 | AD37: =(ET37) -> 32.34 | AE37: =(EU37) -> 3.95 | AF37: =(EV37) -> 111.86 | AG37: =(AP37) -> 0 | AH37: =(EW37) -> 12.64 | AI37: =(EX37) -> 0.38 | AJ37: =(AS37) -> 0 | AK37: 4929.71 | AL37: 4785.51 | AM37: 32.34 | AN37: 3.95 | AO37: 111.86 | AP37: 0 | AQ37: 12.64 | AR37: 0.38 | AS37: 0 | AT37: =BZ37 -> 105 | AU37: =CA37 -> 65 | AV37: 1 | AW37: 1 | AX37: 1 | AY37: 1 | AZ37: 1 | BA37: 1 | BB37: 1 | BC37: 1 | BH37: 0 | BI37: 1 | BJ37: ТЕР Ростовской обл,сб.06,гл.01,табл.015,поз.10 | BM37: 10 | BN37: 0 | BP37: 0 | BQ37: 2 | BR37: 0 | BS37: 1 | BT37: 1 | BU37: 1 | BV37: 1 | BW37: 1 | BX37: 1 | BZ37: 105 | CA37: 65 | CF37: 0 | CG37: 0 | CM37: 0 | CO37: 0 | CP37: =(P37+Q37+S37) -> 3095.86 | CQ37: =(AC37)*BC37 -> 4785.51 | CR37: =(AD37)*BB37 -> 32.34 | CS37: =(AE37)*BS37 -> 3.95 | CT37: =(AF37)*BA37 -> 111.86 | CU37: =(AG37)*BT37 -> 0 | CV37: =(AH37)*BU37 -> 12.64 | CW37: =(AI37)*BV37 -> 0.38 | CX37: =(AJ37)*BW37 -> 0 | CY37: =(((S37+R37)*BZ37)/100) -> 76.3665 | CZ37: =(((S37+R37)*CA37)/100) -> 47.2745 | DN37: 0 | DO37: 0 | DP37: 1 | DQ37: 1 | DR37: 1 | DS37: 1 | DT37: 1 | DU37: 1013 | DV37: 1Т | DW37: 1Т | DX37: 1 | EE37: 16689382 | EF37: 2 | EG37: Общестроительные работы | EH37: 0 | EJ37: 1 | EK37: 10 | EL37: Бетонные и железобетонные монолитные конструкции в промышленном строительстве | EM37: 6-1 | EQ37: 0 | ER37: 4929.71 | ES37: 4785.51 | ET37: 32.34 | EU37: 3.95 | EV37: 111.86 | EW37: 12.64 | EX37: 0.38 | EY37: 0
A38: 17 | B38: 1 | E38: 15 | F38: 204-0100 | G38: Горячекатаная арматурная сталь класса А-l, А-ll, А-lll | H38: т | I38: -0.628 | J38: 0 | O38: =ROUND(CP38,2) -> -2888.17 | P38: =ROUND(CQ38*I38,2) -> -2888.17 | Q38: =ROUND(CR38*I38,2) -> 0 | R38: =ROUND(CS38*I38,2) -> 0 | S38: =ROUND(CT38*I38,2) -> 0 | T38: =ROUND(CU38*I38,2) -> 0 | U38: =CV38*I38 -> 0 | V38: =CW38*I38 -> 0 | W38: =ROUND(CX38*I38,2) -> 0 | X38: =ROUND(CY38,2) -> 0 | Y38: =ROUND(CZ38,2) -> 0 | AA38: 0 | AB38: =(AC38+AD38+AF38) -> 4599 | AC38: =(ES38) -> 4599 | AD38: =(ET38) -> 0 | AE38: =(EU38) -> 0 | AF38: =(EV38) -> 0 | AG38: =(AP38) -> 0 | AH38: =(EW38) -> 0 | AI38: =(EX38) -> 0 | AJ38: =(AS38) -> 0 | AK38: 4599 | AL38: 4599 | AM38: 0 | AN38: 0 | AO38: 0 | AP38: 0 | AQ38: 0 | AR38: 0 | AS38: 0 | AT38: =BZ38 -> 0 | AU38: =CA38 -> 0 | AV38: 1 | AW38: 1 | AX38: 1 | AY38: 1 | AZ38: 1 | BA38: 1 | BB38: 1 | BC38: 1 | BH38: 3 | BI38: 1 | BJ38: ССЦ Ростовской обл, сб.204, поз.0100 | BM38: 1100 | BN38: 0 | BO38: 204-0100 | BP38: 1 | BQ38: 8 | BR38: 0 | BS38: 1 | BT38: 1 | BU38: 1 | BV38: 1 | BW38: 1 | BX38: 1 | BZ38: 0 | CA38: 0 | CF38: 0 | CG38: 0 | CM38: 0 | CO38: 0 | CP38: =(P38+Q38+S38) -> -2888.17 | CQ38: =(AC38)*BC38 -> 4599 | CR38: =(AD38)*BB38 -> 0 | CS38: =(AE38)*BS38 -> 0 | CT38: =(AF38)*BA38 -> 0 | CU38: =(AG38)*BT38 -> 0 | CV38: =(AH38)*BU38 -> 0 | CW38: =(AI38)*BV38 -> 0 | CX38: =(AJ38)*BW38 -> 0 | CY38: =(((S38+R38)*BZ38)/100) -> 0 | CZ38: =(((S38+R38)*CA38)/100) -> 0 | DN38: 0 | DO38: 0 | DP38: 1 | DQ38: 1 | DR38: 1 | DS38: 1 | DT38: 1 | DU38: 1009 | DV38: т | DW38: т | DX38: 1000 | EE38: 16689463 | EF38: 8 | EG38: Материалы | EH38: 0 | EJ38: 1 | EK38: 1100 | EL38: Материалы, изделия и конструкции | EM38: материалы | EQ38: 0 | ER38: 4599 | ES38: 4599 | ET38: 0 | EU38: 0 | EV38: 0 | EW38: 0 | EX38: 0 | EY38: 0
A39: 17 | B39: 1 | E39: 16 | F39: 204-0021 | G39: Горячекатаная арматурная сталь: периодического профиля класса А-III диаметром, 10 мм | H39: т | I39: 0.628 | J39: 0 | O39: =ROUND(CP39,2) -> 2874.36 | P39: =ROUND(CQ39*I39,2) -> 2874.36 | Q39: =ROUND(CR39*I39,2) -> 0 | R39: =ROUND(CS39*I39,2) -> 0 | S39: =ROUND(CT39*I39,2) -> 0 | T39: =ROUND(CU39*I39,2) -> 0 | U39: =CV39*I39 -> 0 | V39: =CW39*I39 -> 0 | W39: =ROUND(CX39*I39,2) -> 0 | X39: =ROUND(CY39,2) -> 0 | Y39: =ROUND(CZ39,2) -> 0 | AA39: 0 | AB39: =(AC39+AD39+AF39) -> 4577 | AC39: =(ES39) -> 4577 | AD39: =(ET39) -> 0 | AE39: =(EU39) -> 0 | AF39: =(EV39) -> 0 | AG39: =(AP39) -> 0 | AH39: =(EW39) -> 0 | AI39: =(EX39) -> 0 | AJ39: =(AS39) -> 0 | AK39: 4577 | AL39: 4577 | AM39: 0 | AN39: 0 | AO39: 0 | AP39: 0 | AQ39: 0 | AR39: 0 | AS39: 0 | AT39: =BZ39 -> 0 | AU39: =CA39 -> 0 | AV39: 1 | AW39: 1 | AX39: 1 | AY39: 1 | AZ39: 1 | BA39: 1 | BB39: 1 | BC39: 1 | BH39: 3 | BI39: 1 | BJ39: ССЦ Ростовской обл, сб.204, поз.0021 | BM39: 1100 | BN39: 0 | BP39: 0 | BQ39: 8 | BR39: 0 | BS39: 1 | BT39: 1 | BU39: 1 | BV39: 1 | BW39: 1 | BX39: 1 | BZ39: 0 | CA39: 0 | CF39: 0 | CG39: 0 | CM39: 0 | CO39: 0 | CP39: =(P39+Q39+S39) -> 2874.36 | CQ39: =(AC39)*BC39 -> 4577 | CR39: =(AD39)*BB39 -> 0 | CS39: =(AE39)*BS39 -> 0 | CT39: =(AF39)*BA39 -> 0 | CU39: =(AG39)*BT39 -> 0 | CV39: =(AH39)*BU39 -> 0 | CW39: =(AI39)*BV39 -> 0 | CX39: =(AJ39)*BW39 -> 0 | CY39: =(((S39+R39)*BZ39)/100) -> 0 | CZ39: =(((S39+R39)*CA39)/100) -> 0 | DN39: 0 | DO39: 0 | DP39: 1 | DQ39: 1 | DR39: 1 | DS39: 1 | DT39: 1 | DU39: 1009 | DV39: т | DW39: т | DX39: 1000 | EE39: 16689463 | EF39: 8 | EG39: Материалы | EH39: 0 | EJ39: 1 | EK39: 1100 | EL39: Материалы, изделия и конструкции | EM39: материалы | EQ39: 0 | ER39: 4577 | ES39: 4577 | ET39: 0 | EU39: 0 | EV39: 0 | EW39: 0 | EX39: 0 | EY39: 0
A40: 17 | B40: 1 | C40: =ROW(SmtRes!A75) -> 75 | D40: =ROW(EtalonRes!A75) -> 75 | E40: 17 | F40: 13-03-002-4 | G40: Огрунтовка закладных деталей и монтажных изделий за один раз: грунтовкой гф-021 | H40: 100М2 | I40: 16.59 | J40: 0 | O40: =ROUND(CP40,2) -> 5309.3 | P40: =ROUND(CQ40*I40,2) -> 4221.82 | Q40: =ROUND(CR40*I40,2) -> 150.14 | R40: =ROUND(CS40*I40,2) -> 3.48 | S40: =ROUND(CT40*I40,2) -> 937.34 | T40: =ROUND(CU40*I40,2) -> 0 | U40: =CV40*I40 -> 88.0929 | V40: =CW40*I40 -> 0.3318 | W40: =ROUND(CX40*I40,2) -> 0 | X40: =ROUND(CY40,2) -> 846.74 | Y40: =ROUND(CZ40,2) -> 658.57 | AA40: 0 | AB40: =(AC40+AD40+AF40) -> 320.03 | AC40: =(ES40) -> 254.48 | AD40: =(ET40) -> 9.05 | AE40: =(EU40) -> 0.21 | AF40: =(EV40) -> 56.5 | AG40: =(AP40) -> 0 | AH40: =(EW40) -> 5.31 | AI40: =(EX40) -> 0.02 | AJ40: =(AS40) -> 0 | AK40: 320.03 | AL40: 254.48 | AM40: 9.05 | AN40: 0.21 | AO40: 56.5 | AP40: 0 | AQ40: 5.31 | AR40: 0.02 | AS40: 0 | AT40: =BZ40 -> 90 | AU40: =CA40 -> 70 | AV40: 1 | AW40: 1 | AX40: 1 | AY40: 1 | AZ40: 1 | BA40: 1 | BB40: 1 | BC40: 1 | BH40: 0 | BI40: 1 | BJ40: ТЕР Ростовской обл,сб.13,гл.03,табл.002,поз.4 | BM40: 19 | BN40: 0 | BP40: 0 | BQ40: 2 | BR40: 0 | BS40: 1 | BT40: 1 | BU40: 1 | BV40: 1 | BW40: 1 | BX40: 1 | BZ40: 90 | CA40: 70 | CF40: 0 | CG40: 0 | CM40: 0 | CO40: 0 | CP40: =(P40+Q40+S40) -> 5309.3 | CQ40: =(AC40)*BC40 -> 254.48 | CR40: =(AD40)*BB40 -> 9.05 | CS40: =(AE40)*BS40 -> 0.21 | CT40: =(AF40)*BA40 -> 56.5 | CU40: =(AG40)*BT40 -> 0 | CV40: =(AH40)*BU40 -> 5.31 | CW40: =(AI40)*BV40 -> 0.02 | CX40: =(AJ40)*BW40 -> 0 | CY40: =(((S40+R40)*BZ40)/100) -> 846.738 | CZ40: =(((S40+R40)*CA40)/100) -> 658.574 | DN40: 0 | DO40: 0 | DP40: 1 | DQ40: 1 | DR40: 1 | DS40: 1 | DT40: 1 | DU40: 1013 | DV40: 100М2 | DW40: 100М2 | DX40: 1 | EE40: 16689390 | EF40: 2 | EG40: Общестроительные работы | EH40: 0 | EJ40: 1 | EK40: 19 | EL40: Защита строительных конструкций и оборудования от коррозии | EM40: 13 | EP40: Подготовка окрасочных агрегатов. Приготовление грунтовочных составов. Нанесение грунта. Промывка, очистка окрасочных агрегатов и шлангов. Контроль качества. | EQ40: 0 | ER40: 320.03 | ES40: 254.48 | ET40: 9.05 | EU40: 0.21 | EV40: 56.5 | EW40: 5.31 | EX40: 0.02 | EY40: 0
A41: 17 | B41: 1 | C41: =ROW(SmtRes!A83) -> 83 | D41: =ROW(EtalonRes!A83) -> 83 | E41: 18 | F41: 13-03-004-26 | G41: Окраска металлических огрунтованных поверхностей: эмалью пф-133 за 2 раза | H41: 100М2 | I41: 16.59 | J41: 0 | O41: =ROUND(CP41,2) -> 13634.32 | P41: =ROUND(CQ41*I41,2) -> 12287.55 | Q41: =ROUND(CR41*I41,2) -> 194.1 | R41: =ROUND(CS41*I41,2) -> 6.97 | S41: =ROUND(CT41*I41,2) -> 1152.67 | T41: =ROUND(CU41*I41,2) -> 0 | U41: =CV41*I41 -> 127.0794 | V41: =CW41*I41 -> 0.6636 | W41: =ROUND(CX41*I41,2) -> 0 | X41: =ROUND(CY41,2) -> 1043.68 | Y41: =ROUND(CZ41,2) -> 811.75 | AA41: 0 | AB41: =(AC41+AD41+AF41) -> 821.84 | AC41: =((ES41*2)) -> 740.66 | AD41: =((ET41*2)) -> 11.7 | AE41: =((EU41*2)) -> 0.42 | AF41: =((EV41*2)) -> 69.48 | AG41: =(AP41) -> 0 | AH41: =((EW41*2)) -> 7.66 | AI41: =((EX41*2)) -> 0.04 | AJ41: =(AS41) -> 0 | AK41: 410.92 | AL41: 370.33 | AM41: 5.85 | AN41: 0.21 | AO41: 34.74 | AP41: 0 | AQ41: 3.83 | AR41: 0.02 | AS41: 0 | AT41: =BZ41 -> 90 | AU41: =CA41 -> 70 | AV41: 1 | AW41: 1 | AX41: 1 | AY41: 1 | AZ41: 1 | BA41: 1 | BB41: 1 | BC41: 1 | BH41: 0 | BI41: 1 | BJ41: ТЕР Ростовской обл,сб.13,гл.03,табл.004,поз.26 | BM41: 19 | BN41: 0 | BP41: 0 | BQ41: 2 | BR41: 0 | BS41: 1 | BT41: 1 | BU41: 1 | BV41: 1 | BW41: 1 | BX41: 1 | BZ41: 90 | CA41: 70 | CF41: 0 | CG41: 0 | CM41: 0 | CO41: 0 | CP41: =(P41+Q41+S41) -> 13634.32 | CQ41: =(AC41)*BC41 -> 740.66 | CR41: =(AD41)*BB41 -> 11.7 | CS41: =(AE41)*BS41 -> 0.42 | CT41: =(AF41)*BA41 -> 69.48 | CU41: =(AG41)*BT41 -> 0 | CV41: =(AH41)*BU41 -> 7.66 | CW41: =(AI41)*BV41 -> 0.04 | CX41: =(AJ41)*BW41 -> 0 | CY41: =(((S41+R41)*BZ41)/100) -> 1043.676 | CZ41: =(((S41+R41)*CA41)/100) -> 811.748 | DD41: )*2 | DE41: )*2 | DF41: )*2 | DG41: )*2 | DI41: )*2 | DJ41: )*2 | DN41: 0 | DO41: 0 | DP41: 1 | DQ41: 1 | DR41: 1 | DS41: 1 | DT41: 1 | DU41: 1013 | DV41: 100М2 | DW41: 100М2 | DX41: 1 | EE41: 16689390 | EF41: 2 | EG41: Общестроительные работы | EH41: 0 | EJ41: 1 | EK41: 19 | EL41: Защита строительных конструкций и оборудования от коррозии | EM41: 13 | EO41: к=2 | EP41: Подготовка окрасочных агрегатов. Приготовление состава. Нанесение окрасочного состава. Промывка, очистка окрасочных агрегатов и шлангов. Контроль качества. | EQ41: 512 | ER41: 410.92 | ES41: 370.33 | ET41: 5.85 | EU41: 0.21 | EV41: 34.74 | EW41: 3.83 | EX41: 0.02 | EY41: 0
A42: 17 | B42: 1 | C42: =ROW(SmtRes!A91) -> 91 | D42: =ROW(EtalonRes!A91) -> 91 | E42: 19 | F42: 13-03-004-23 | G42: Окраска внутренней поверхности труб кузбасслаком | H42: 100М2 | I42: 0.41 | J42: 0 | O42: =ROUND(CP42,2) -> 217.96 | P42: =ROUND(CQ42*I42,2) -> 202.48 | Q42: =ROUND(CR42*I42,2) -> 4.77 | R42: =ROUND(CS42*I42,2) -> 0.13 | S42: =ROUND(CT42*I42,2) -> 10.71 | T42: =ROUND(CU42*I42,2) -> 0 | U42: =CV42*I42 -> 1.1808 | V42: =CW42*I42 -> 0.0123 | W42: =ROUND(CX42*I42,2) -> 0 | X42: =ROUND(CY42,2) -> 9.76 | Y42: =ROUND(CZ42,2) -> 7.59 | AA42: 0 | AB42: =(AC42+AD42+AF42) -> 531.61 | AC42: =(ES42) -> 493.86 | AD42: =(ET42) -> 11.63 | AE42: =(EU42) -> 0.31 | AF42: =(EV42) -> 26.12 | AG42: =(AP42) -> 0 | AH42: =(EW42) -> 2.88 | AI42: =(EX42) -> 0.03 | AJ42: =(AS42) -> 0 | AK42: 531.61 | AL42: 493.86 | AM42: 11.63 | AN42: 0.31 | AO42: 26.12 | AP42: 0 | AQ42: 2.88 | AR42: 0.03 | AS42: 0 | AT42: =BZ42 -> 90 | AU42: =CA42 -> 70 | AV42: 1 | AW42: 1 | AX42: 1 | AY42: 1 | AZ42: 1 | BA42: 1 | BB42: 1 | BC42: 1 | BH42: 0 | BI42: 1 | BJ42: ТЕР Ростовской обл,сб.13,гл.03,табл.004,поз.23 | BM42: 19 | BN42: 0 | BP42: 0 | BQ42: 2 | BR42: 0 | BS42: 1 | BT42: 1 | BU42: 1 | BV42: 1 | BW42: 1 | BX42: 1 | BZ42: 90 | CA42: 70 | CF42: 0 | CG42: 0 | CM42: 0 | CO42: 0 | CP42: =(P42+Q42+S42) -> 217.96 | CQ42: =(AC42)*BC42 -> 493.86 | CR42: =(AD42)*BB42 -> 11.63 | CS42: =(AE42)*BS42 -> 0.31 | CT42: =(AF42)*BA42 -> 26.12 | CU42: =(AG42)*BT42 -> 0 | CV42: =(AH42)*BU42 -> 2.88 | CW42: =(AI42)*BV42 -> 0.03 | CX42: =(AJ42)*BW42 -> 0 | CY42: =(((S42+R42)*BZ42)/100) -> 9.756 | CZ42: =(((S42+R42)*CA42)/100) -> 7.588 | DN42: 0 | DO42: 0 | DP42: 1 | DQ42: 1 | DR42: 1 | DS42: 1 | DT42: 1 | DU42: 1013 | DV42: 100М2 | DW42: 100М2 | DX42: 1 | EE42: 16689390 | EF42: 2 | EG42: Общестроительные работы | EH42: 0 | EJ42: 1 | EK42: 19 | EL42: Защита строительных конструкций и оборудования от коррозии | EM42: 13 | EP42: Подготовка окрасочных агрегатов. Приготовление состава. Нанесение окрасочного состава. Промывка, очистка окрасочных агрегатов и шлангов. Контроль качества. | EQ42: 0 | ER42: 531.61 | ES42: 493.86 | ET42: 11.63 | EU42: 0.31 | EV42: 26.12 | EW42: 2.88 | EX42: 0.03 | EY42: 0
A43: 17 | B43: 1 | C43: =ROW(SmtRes!A97) -> 97 | D43: =ROW(EtalonRes!A97) -> 97 | E43: 20 | F43: 11-01-011-1 | G43: Устройство стяжек: цементных толщиной 20 мм (по проекту 40 мм) из раствора М100 | H43: 100М2 | I43: 4.1523 | J43: 0 | O43: =ROUND(CP43,2) -> 5116.59 | P43: =ROUND(CQ43*I43,2) -> 3694.51 | Q43: =ROUND(CR43*I43,2) -> 121.12 | R43: =ROUND(CS43*I43,2) -> 55.81 | S43: =ROUND(CT43*I43,2) -> 1300.96 | T43: =ROUND(CU43*I43,2) -> 0 | U43: =CV43*I43 -> 164.05737 | V43: =CW43*I43 -> 5.273421 | W43: =ROUND(CX43*I43,2) -> 0 | X43: =ROUND(CY43,2) -> 1668.83 | Y43: =ROUND(CZ43,2) -> 1017.58 | AA43: 0 | AB43: =(AC43+AD43+AF43) -> 1232.23 | AC43: =(ES43) -> 889.75 | AD43: =(ET43) -> 29.17 | AE43: =(EU43) -> 13.44 | AF43: =(EV43) -> 313.31 | AG43: =(AP43) -> 0 | AH43: =(EW43) -> 39.51 | AI43: =(EX43) -> 1.27 | AJ43: =(AS43) -> 0 | AK43: 1232.23 | AL43: 889.75 | AM43: 29.17 | AN43: 13.44 | AO43: 313.31 | AP43: 0 | AQ43: 39.51 | AR43: 1.27 | AS43: 0 | AT43: =BZ43 -> 123 | AU43: =CA43 -> 75 | AV43: 1 | AW43: 1 | AX43: 1 | AY43: 1 | AZ43: 1 | BA43: 1 | BB43: 1 | BC43: 1 | BH43: 0 | BI43: 1 | BJ43: ТЕР Ростовской обл,сб.11,гл.01,табл.011,поз.1 | BM43: 17 | BN43: 0 | BP43: 0 | BQ43: 2 | BR43: 0 | BS43: 1 | BT43: 1 | BU43: 1 | BV43: 1 | BW43: 1 | BX43: 1 | BZ43: 123 | CA43: 75 | CF43: 0 | CG43: 0 | CM43: 0 | CO43: 0 | CP43: =(P43+Q43+S43) -> 5116.59 | CQ43: =(AC43)*BC43 -> 889.75 | CR43: =(AD43)*BB43 -> 29.17 | CS43: =(AE43)*BS43 -> 13.44 | CT43: =(AF43)*BA43 -> 313.31 | CU43: =(AG43)*BT43 -> 0 | CV43: =(AH43)*BU43 -> 39.51 | CW43: =(AI43)*BV43 -> 1.27 | CX43: =(AJ43)*BW43 -> 0 | CY43: =(((S43+R43)*BZ43)/100) -> 1668.8271 | CZ43: =(((S43+R43)*CA43)/100) -> 1017.5775 | DN43: 0 | DO43: 0 | DP43: 1 | DQ43: 1 | DR43: 1 | DS43: 1 | DT43: 1 | DU43: 1013 | DV43: 100М2 | DW43: 100М2 | DX43: 1 | EE43: 16689388 | EF43: 2 | EG43: Общестроительные работы | EH43: 0 | EJ43: 1 | EK43: 17 | EL43: Полы | EM43: 11 | EP43: Подготовка основания. Укладка и разравнивание слоя раствора . Уход за стяжкой . | EQ43: 0 | ER43: 1232.23 | ES43: 889.75 | ET43: 29.17 | EU43: 13.44 | EV43: 313.31 | EW43: 39.51 | EX43: 1.27 | EY43: 0
A44: 17 | B44: 1 | E44: 21 | F44: 402-0005 | G44: Раствор готовый кладочный цементный, марка 150 (Расход 2,04:100х415,23=8,47) | H44: м3 | I44: -8.47 | J44: 0 | O44: =ROUND(CP44,2) -> -3599.75 | P44: =ROUND(CQ44*I44,2) -> -3599.75 | Q44: =ROUND(CR44*I44,2) -> 0 | R44: =ROUND(CS44*I44,2) -> 0 | S44: =ROUND(CT44*I44,2) -> 0 | T44: =ROUND(CU44*I44,2) -> 0 | U44: =CV44*I44 -> 0 | V44: =CW44*I44 -> 0 | W44: =ROUND(CX44*I44,2) -> 0 | X44: =ROUND(CY44,2) -> 0 | Y44: =ROUND(CZ44,2) -> 0 | AA44: 0 | AB44: =(AC44+AD44+AF44) -> 425 | AC44: =(ES44) -> 425 | AD44: =(ET44) -> 0 | AE44: =(EU44) -> 0 | AF44: =(EV44) -> 0 | AG44: =(AP44) -> 0 | AH44: =(EW44) -> 0 | AI44: =(EX44) -> 0 | AJ44: =(AS44) -> 0 | AK44: 425 | AL44: 425 | AM44: 0 | AN44: 0 | AO44: 0 | AP44: 0 | AQ44: 0 | AR44: 0 | AS44: 0 | AT44: =BZ44 -> 0 | AU44: =CA44 -> 0 | AV44: 1 | AW44: 1 | AX44: 1 | AY44: 1 | AZ44: 1 | BA44: 1 | BB44: 1 | BC44: 1 | BH44: 3 | BI44: 1 | BJ44: ССЦ Ростовской обл, сб.402, поз.0005 | BM44: 1100 | BN44: 0 | BP44: 0 | BQ44: 8 | BR44: 0 | BS44: 1 | BT44: 1 | BU44: 1 | BV44: 1 | BW44: 1 | BX44: 1 | BZ44: 0 | CA44: 0 | CF44: 0 | CG44: 0 | CM44: 0 | CO44: 0 | CP44: =(P44+Q44+S44) -> -3599.75 | CQ44: =(AC44)*BC44 -> 425 | CR44: =(AD44)*BB44 -> 0 | CS44: =(AE44)*BS44 -> 0 | CT44: =(AF44)*BA44 -> 0 | CU44: =(AG44)*BT44 -> 0 | CV44: =(AH44)*BU44 -> 0 | CW44: =(AI44)*BV44 -> 0 | CX44: =(AJ44)*BW44 -> 0 | CY44: =(((S44+R44)*BZ44)/100) -> 0 | CZ44: =(((S44+R44)*CA44)/100) -> 0 | DN44: 0 | DO44: 0 | DP44: 1 | DQ44: 1 | DR44: 1 | DS44: 1 | DT44: 1 | DU44: 1007 | DV44: м3 | DW44: м3 | DX44: 1 | EE44: 16689463 | EF44: 8 | EG44: Материалы | EH44: 0 | EJ44: 1 | EK44: 1100 | EL44: Материалы, изделия и конструкции | EM44: материалы | EQ44: 0 | ER44: 425 | ES44: 425 | ET44: 0 | EU44: 0 | EV44: 0 | EW44: 0 | EX44: 0 | EY44: 0
A45: 17 | B45: 1 | E45: 22 | F45: 402-0004 | G45: Раствор готовый кладочный цементный, марка 100 (Расход 2,04:100х415,23=8,47) | H45: м3 | I45: 8.47 | J45: 0 | O45: =ROUND(CP45,2) -> 3337.18 | P45: =ROUND(CQ45*I45,2) -> 3337.18 | Q45: =ROUND(CR45*I45,2) -> 0 | R45: =ROUND(CS45*I45,2) -> 0 | S45: =ROUND(CT45*I45,2) -> 0 | T45: =ROUND(CU45*I45,2) -> 0 | U45: =CV45*I45 -> 0 | V45: =CW45*I45 -> 0 | W45: =ROUND(CX45*I45,2) -> 0 | X45: =ROUND(CY45,2) -> 0 | Y45: =ROUND(CZ45,2) -> 0 | AA45: 0 | AB45: =(AC45+AD45+AF45) -> 394 | AC45: =(ES45) -> 394 | AD45: =(ET45) -> 0 | AE45: =(EU45) -> 0 | AF45: =(EV45) -> 0 | AG45: =(AP45) -> 0 | AH45: =(EW45) -> 0 | AI45: =(EX45) -> 0 | AJ45: =(AS45) -> 0 | AK45: 394 | AL45: 394 | AM45: 0 | AN45: 0 | AO45: 0 | AP45: 0 | AQ45: 0 | AR45: 0 | AS45: 0 | AT45: =BZ45 -> 0 | AU45: =CA45 -> 0 | AV45: 1 | AW45: 1 | AX45: 1 | AY45: 1 | AZ45: 1 | BA45: 1 | BB45: 1 | BC45: 1 | BH45: 3 | BI45: 1 | BJ45: ССЦ Ростовской обл, сб.402, поз.0004 | BM45: 1100 | BN45: 0 | BP45: 0 | BQ45: 8 | BR45: 0 | BS45: 1 | BT45: 1 | BU45: 1 | BV45: 1 | BW45: 1 | BX45: 1 | BZ45: 0 | CA45: 0 | CF45: 0 | CG45: 0 | CM45: 0 | CO45: 0 | CP45: =(P45+Q45+S45) -> 3337.18 | CQ45: =(AC45)*BC45 -> 394 | CR45: =(AD45)*BB45 -> 0 | CS45: =(AE45)*BS45 -> 0 | CT45: =(AF45)*BA45 -> 0 | CU45: =(AG45)*BT45 -> 0 | CV45: =(AH45)*BU45 -> 0 | CW45: =(AI45)*BV45 -> 0 | CX45: =(AJ45)*BW45 -> 0 | CY45: =(((S45+R45)*BZ45)/100) -> 0 | CZ45: =(((S45+R45)*CA45)/100) -> 0 | DN45: 0 | DO45: 0 | DP45: 1 | DQ45: 1 | DR45: 1 | DS45: 1 | DT45: 1 | DU45: 1007 | DV45: м3 | DW45: м3 | DX45: 1 | EE45: 16689463 | EF45: 8 | EG45: Материалы | EH45: 0 | EJ45: 1 | EK45: 1100 | EL45: Материалы, изделия и конструкции | EM45: материалы | EQ45: 0 | ER45: 394 | ES45: 394 | ET45: 0 | EU45: 0 | EV45: 0 | EW45: 0 | EX45: 0 | EY45: 0
A46: 17 | B46: 1 | C46: =ROW(SmtRes!A102) -> 102 | D46: =ROW(EtalonRes!A102) -> 102 | E46: 23 | F46: 11-01-011-2 | G46: Устройство стяжек: цементных на каждые 5 мм изменения толщины стяжки добавлять или исключать к норме 11-01-011-01 | H46: 100М2 | I46: 4.1523 | J46: 0 | O46: =ROUND(CP46,2) -> 3752.85 | P46: =ROUND(CQ46*I46,2) -> 3600.04 | Q46: =ROUND(CR46*I46,2) -> 86.87 | R46: =ROUND(CS46*I46,2) -> 36.87 | S46: =ROUND(CT46*I46,2) -> 65.94 | T46: =ROUND(CU46*I46,2) -> 0 | U46: =CV46*I46 -> 8.3046 | V46: =CW46*I46 -> 3.487932 | W46: =ROUND(CX46*I46,2) -> 0 | X46: =ROUND(CY46,2) -> 126.46 | Y46: =ROUND(CZ46,2) -> 77.11 | AA46: 0 | AB46: =(AC46+AD46+AF46) -> 903.8 | AC46: =((ES46*4)) -> 867 | AD46: =((ET46*4)) -> 20.92 | AE46: =((EU46*4)) -> 8.88 | AF46: =((EV46*4)) -> 15.88 | AG46: =(AP46) -> 0 | AH46: =((EW46*4)) -> 2 | AI46: =((EX46*4)) -> 0.84 | AJ46: =(AS46) -> 0 | AK46: 225.95 | AL46: 216.75 | AM46: 5.23 | AN46: 2.22 | AO46: 3.97 | AP46: 0 | AQ46: 0.5 | AR46: 0.21 | AS46: 0 | AT46: =BZ46 -> 123 | AU46: =CA46 -> 75 | AV46: 1 | AW46: 1 | AX46: 1 | AY46: 1 | AZ46: 1 | BA46: 1 | BB46: 1 | BC46: 1 | BH46: 0 | BI46: 1 | BJ46: ТЕР Ростовской обл,сб.11,гл.01,табл.011,поз.2 | BM46: 17 | BN46: 0 | BP46: 0 | BQ46: 2 | BR46: 0 | BS46: 1 | BT46: 1 | BU46: 1 | BV46: 1 | BW46: 1 | BX46: 1 | BZ46: 123 | CA46: 75 | CF46: 0 | CG46: 0 | CM46: 0 | CO46: 0 | CP46: =(P46+Q46+S46) -> 3752.85 | CQ46: =(AC46)*BC46 -> 867 | CR46: =(AD46)*BB46 -> 20.92 | CS46: =(AE46)*BS46 -> 8.88 | CT46: =(AF46)*BA46 -> 15.88 | CU46: =(AG46)*BT46 -> 0 | CV46: =(AH46)*BU46 -> 2 | CW46: =(AI46)*BV46 -> 0.84 | CX46: =(AJ46)*BW46 -> 0 | CY46: =(((S46+R46)*BZ46)/100) -> 126.4563 | CZ46: =(((S46+R46)*CA46)/100) -> 77.1075 | DD46: )*4 | DE46: )*4 | DF46: )*4 | DG46: )*4 | DI46: )*4 | DJ46: )*4 | DN46: 0 | DO46: 0 | DP46: 1 | DQ46: 1 | DR46: 1 | DS46: 1 | DT46: 1 | DU46: 1013 | DV46: 100М2 | DW46: 100М2 | DX46: 1 | EE46: 16689388 | EF46: 2 | EG46: Общестроительные работы | EH46: 0 | EJ46: 1 | EK46: 17 | EL46: Полы | EM46: 11 | EO46: к=4 | EP46: Подготовка основания. Укладка и разравнивание слоя раствора . | EQ46: 512 | ER46: 225.95 | ES46: 216.75 | ET46: 5.23 | EU46: 2.22 | EV46: 3.97 | EW46: 0.5 | EX46: 0.21 | EY46: 0
A47: 17 | B47: 1 | E47: 24 | F47: 402-0005 | G47: Раствор готовый кладочный цементный, марка 150 (Расход (0,51:100х4)415,23=8,47) | H47: м3 | I47: -8.47 | J47: 0 | O47: =ROUND(CP47,2) -> -3599.75 | P47: =ROUND(CQ47*I47,2) -> -3599.75 | Q47: =ROUND(CR47*I47,2) -> 0 | R47: =ROUND(CS47*I47,2) -> 0 | S47: =ROUND(CT47*I47,2) -> 0 | T47: =ROUND(CU47*I47,2) -> 0 | U47: =CV47*I47 -> 0 | V47: =CW47*I47 -> 0 | W47: =ROUND(CX47*I47,2) -> 0 | X47: =ROUND(CY47,2) -> 0 | Y47: =ROUND(CZ47,2) -> 0 | AA47: 0 | AB47: =(AC47+AD47+AF47) -> 425 | AC47: =(ES47) -> 425 | AD47: =(ET47) -> 0 | AE47: =(EU47) -> 0 | AF47: =(EV47) -> 0 | AG47: =(AP47) -> 0 | AH47: =(EW47) -> 0 | AI47: =(EX47) -> 0 | AJ47: =(AS47) -> 0 | AK47: 425 | AL47: 425 | AM47: 0 | AN47: 0 | AO47: 0 | AP47: 0 | AQ47: 0 | AR47: 0 | AS47: 0 | AT47: =BZ47 -> 0 | AU47: =CA47 -> 0 | AV47: 1 | AW47: 1 | AX47: 1 | AY47: 1 | AZ47: 1 | BA47: 1 | BB47: 1 | BC47: 1 | BH47: 3 | BI47: 1 | BJ47: ССЦ Ростовской обл, сб.402, поз.0005 | BM47: 1100 | BN47: 0 | BP47: 0 | BQ47: 8 | BR47: 0 | BS47: 1 | BT47: 1 | BU47: 1 | BV47: 1 | BW47: 1 | BX47: 1 | BZ47: 0 | CA47: 0 | CF47: 0 | CG47: 0 | CM47: 0 | CO47: 0 | CP47: =(P47+Q47+S47) -> -3599.75 | CQ47: =(AC47)*BC47 -> 425 | CR47: =(AD47)*BB47 -> 0 | CS47: =(AE47)*BS47 -> 0 | CT47: =(AF47)*BA47 -> 0 | CU47: =(AG47)*BT47 -> 0 | CV47: =(AH47)*BU47 -> 0 | CW47: =(AI47)*BV47 -> 0 | CX47: =(AJ47)*BW47 -> 0 | CY47: =(((S47+R47)*BZ47)/100) -> 0 | CZ47: =(((S47+R47)*CA47)/100) -> 0 | DN47: 0 | DO47: 0 | DP47: 1 | DQ47: 1 | DR47: 1 | DS47: 1 | DT47: 1 | DU47: 1007 | DV47: м3 | DW47: м3 | DX47: 1 | EE47: 16689463 | EF47: 8 | EG47: Материалы | EH47: 0 | EJ47: 1 | EK47: 1100 | EL47: Материалы, изделия и конструкции | EM47: материалы | EQ47: 0 | ER47: 425 | ES47: 425 | ET47: 0 | EU47: 0 | EV47: 0 | EW47: 0 | EX47: 0 | EY47: 0
A48: 17 | B48: 1 | E48: 25 | F48: 402-0004 | G48: Раствор готовый кладочный цементный, марка 100 (Расход (0,51:100х4)х415,23=8,47) | H48: м3 | I48: 8.47 | J48: 0 | O48: =ROUND(CP48,2) -> 3337.18 | P48: =ROUND(CQ48*I48,2) -> 3337.18 | Q48: =ROUND(CR48*I48,2) -> 0 | R48: =ROUND(CS48*I48,2) -> 0 | S48: =ROUND(CT48*I48,2) -> 0 | T48: =ROUND(CU48*I48,2) -> 0 | U48: =CV48*I48 -> 0 | V48: =CW48*I48 -> 0 | W48: =ROUND(CX48*I48,2) -> 0 | X48: =ROUND(CY48,2) -> 0 | Y48: =ROUND(CZ48,2) -> 0 | AA48: 0 | AB48: =(AC48+AD48+AF48) -> 394 | AC48: =(ES48) -> 394 | AD48: =(ET48) -> 0 | AE48: =(EU48) -> 0 | AF48: =(EV48) -> 0 | AG48: =(AP48) -> 0 | AH48: =(EW48) -> 0 | AI48: =(EX48) -> 0 | AJ48: =(AS48) -> 0 | AK48: 394 | AL48: 394 | AM48: 0 | AN48: 0 | AO48: 0 | AP48: 0 | AQ48: 0 | AR48: 0 | AS48: 0 | AT48: =BZ48 -> 0 | AU48: =CA48 -> 0 | AV48: 1 | AW48: 1 | AX48: 1 | AY48: 1 | AZ48: 1 | BA48: 1 | BB48: 1 | BC48: 1 | BH48: 3 | BI48: 1 | BJ48: ССЦ Ростовской обл, сб.402, поз.0004 | BM48: 1100 | BN48: 0 | BP48: 0 | BQ48: 8 | BR48: 0 | BS48: 1 | BT48: 1 | BU48: 1 | BV48: 1 | BW48: 1 | BX48: 1 | BZ48: 0 | CA48: 0 | CF48: 0 | CG48: 0 | CM48: 0 | CO48: 0 | CP48: =(P48+Q48+S48) -> 3337.18 | CQ48: =(AC48)*BC48 -> 394 | CR48: =(AD48)*BB48 -> 0 | CS48: =(AE48)*BS48 -> 0 | CT48: =(AF48)*BA48 -> 0 | CU48: =(AG48)*BT48 -> 0 | CV48: =(AH48)*BU48 -> 0 | CW48: =(AI48)*BV48 -> 0 | CX48: =(AJ48)*BW48 -> 0 | CY48: =(((S48+R48)*BZ48)/100) -> 0 | CZ48: =(((S48+R48)*CA48)/100) -> 0 | DN48: 0 | DO48: 0 | DP48: 1 | DQ48: 1 | DR48: 1 | DS48: 1 | DT48: 1 | DU48: 1007 | DV48: м3 | DW48: м3 | DX48: 1 | EE48: 16689463 | EF48: 8 | EG48: Материалы | EH48: 0 | EJ48: 1 | EK48: 1100 | EL48: Материалы, изделия и конструкции | EM48: материалы | EQ48: 0 | ER48: 394 | ES48: 394 | ET48: 0 | EU48: 0 | EV48: 0 | EW48: 0 | EX48: 0 | EY48: 0
A49: 17 | B49: 1 | C49: =ROW(SmtRes!A121) -> 121 | D49: =ROW(EtalonRes!A121) -> 121 | E49: 26 | F49: 06-01-005-1 | G49: Устройство бетонных фундаментов под оборудование объемом: до 5 м3 из бетона В15 (ФО1) | H49: 100М3 | I49: 0.029 | J49: 0 | O49: =ROUND(CP49,2) -> 323.21 | P49: =ROUND(CQ49*I49,2) -> 125.03 | Q49: =ROUND(CR49*I49,2) -> 90.04 | R49: =ROUND(CS49*I49,2) -> 11.06 | S49: =ROUND(CT49*I49,2) -> 108.14 | T49: =ROUND(CU49*I49,2) -> 0 | U49: =CV49*I49 -> 12.79712 | V49: =CW49*I49 -> 1.04719 | W49: =ROUND(CX49*I49,2) -> 0 | X49: =ROUND(CY49,2) -> 125.16 | Y49: =ROUND(CZ49,2) -> 77.48 | AA49: 0 | AB49: =(AC49+AD49+AF49) -> 11145.11 | AC49: =(ES49) -> 4311.37 | AD49: =(ET49) -> 3104.92 | AE49: =(EU49) -> 381.52 | AF49: =(EV49) -> 3728.82 | AG49: =(AP49) -> 0 | AH49: =(EW49) -> 441.28 | AI49: =(EX49) -> 36.11 | AJ49: =(AS49) -> 0 | AK49: 11145.11 | AL49: 4311.37 | AM49: 3104.92 | AN49: 381.52 | AO49: 3728.82 | AP49: 0 | AQ49: 441.28 | AR49: 36.11 | AS49: 0 | AT49: =BZ49 -> 105 | AU49: =CA49 -> 65 | AV49: 1 | AW49: 1 | AX49: 1 | AY49: 1 | AZ49: 1 | BA49: 1 | BB49: 1 | BC49: 1 | BH49: 0 | BI49: 1 | BJ49: ТЕР Ростовской обл,сб.06,гл.01,табл.005,поз.1 | BM49: 10 | BN49: 0 | BP49: 0 | BQ49: 2 | BR49: 0 | BS49: 1 | BT49: 1 | BU49: 1 | BV49: 1 | BW49: 1 | BX49: 1 | BZ49: 105 | CA49: 65 | CF49: 0 | CG49: 0 | CM49: 0 | CO49: 0 | CP49: =(P49+Q49+S49) -> 323.21 | CQ49: =(AC49)*BC49 -> 4311.37 | CR49: =(AD49)*BB49 -> 3104.92 | CS49: =(AE49)*BS49 -> 381.52 | CT49: =(AF49)*BA49 -> 3728.82 | CU49: =(AG49)*BT49 -> 0 | CV49: =(AH49)*BU49 -> 441.28 | CW49: =(AI49)*BV49 -> 36.11 | CX49: =(AJ49)*BW49 -> 0 | CY49: =(((S49+R49)*BZ49)/100) -> 125.16 | CZ49: =(((S49+R49)*CA49)/100) -> 77.48 | DN49: 0 | DO49: 0 | DP49: 1 | DQ49: 1 | DR49: 1 | DS49: 1 | DT49: 1 | DU49: 1013 | DV49: 100М3 | DW49: 100М3 | DX49: 1 | EE49: 16689382 | EF49: 2 | EG49: Общестроительные работы | EH49: 0 | EJ49: 1 | EK49: 10 | EL49: Бетонные и железобетонные монолитные конструкции в промышленном строительстве | EM49: 6-1 | EP49: Раскрой и установка досок. Установка щитов опалубки. Крепление элементов опалубки проволокой и гвоздями строительными. Укладка бетонной смеси. Установка арматуры. | EQ49: 0 | ER49: 11145.11 | ES49: 4311.37 | ET49: 3104.92 | EU49: 381.52 | EV49: 3728.82 | EW49: 441.28 | EX49: 36.11 | EY49: 0
A50: 17 | B50: 1 | E50: 27 | F50: 401-0046 | G50: Бетон тяжелый, крупность заполнителя 40 мм, класс: В 15 (М200) (Расход 2,9м3х1,02=2,958) | H50: м3 | I50: 2.958 | J50: 0 | O50: =ROUND(CP50,2) -> 1597.32 | P50: =ROUND(CQ50*I50,2) -> 1597.32 | Q50: =ROUND(CR50*I50,2) -> 0 | R50: =ROUND(CS50*I50,2) -> 0 | S50: =ROUND(CT50*I50,2) -> 0 | T50: =ROUND(CU50*I50,2) -> 0 | U50: =CV50*I50 -> 0 | V50: =CW50*I50 -> 0 | W50: =ROUND(CX50*I50,2) -> 0 | X50: =ROUND(CY50,2) -> 0 | Y50: =ROUND(CZ50,2) -> 0 | AA50: 0 | AB50: =(AC50+AD50+AF50) -> 540 | AC50: =(ES50) -> 540 | AD50: =(ET50) -> 0 | AE50: =(EU50) -> 0 | AF50: =(EV50) -> 0 | AG50: =(AP50) -> 0 | AH50: =(EW50) -> 0 | AI50: =(EX50) -> 0 | AJ50: =(AS50) -> 0 | AK50: 540 | AL50: 540 | AM50: 0 | AN50: 0 | AO50: 0 | AP50: 0 | AQ50: 0 | AR50: 0 | AS50: 0 | AT50: =BZ50 -> 0 | AU50: =CA50 -> 0 | AV50: 1 | AW50: 1 | AX50: 1 | AY50: 1 | AZ50: 1 | BA50: 1 | BB50: 1 | BC50: 1 | BH50: 3 | BI50: 1 | BJ50: ССЦ Ростовской обл, сб.401, поз.0046 | BM50: 1100 | BN50: 0 | BP50: 0 | BQ50: 8 | BR50: 0 | BS50: 1 | BT50: 1 | BU50: 1 | BV50: 1 | BW50: 1 | BX50: 1 | BZ50: 0 | CA50: 0 | CF50: 0 | CG50: 0 | CM50: 0 | CO50: 0 | CP50: =(P50+Q50+S50) -> 1597.32 | CQ50: =(AC50)*BC50 -> 540 | CR50: =(AD50)*BB50 -> 0 | CS50: =(AE50)*BS50 -> 0 | CT50: =(AF50)*BA50 -> 0 | CU50: =(AG50)*BT50 -> 0 | CV50: =(AH50)*BU50 -> 0 | CW50: =(AI50)*BV50 -> 0 | CX50: =(AJ50)*BW50 -> 0 | CY50: =(((S50+R50)*BZ50)/100) -> 0 | CZ50: =(((S50+R50)*CA50)/100) -> 0 | DN50: 0 | DO50: 0 | DP50: 1 | DQ50: 1 | DR50: 1 | DS50: 1 | DT50: 1 | DU50: 1007 | DV50: м3 | DW50: м3 | DX50: 1 | EE50: 16689463 | EF50: 8 | EG50: Материалы | EH50: 0 | EJ50: 1 | EK50: 1100 | EL50: Материалы, изделия и конструкции | EM50: материалы | EQ50: 0 | ER50: 540 | ES50: 540 | ET50: 0 | EU50: 0 | EV50: 0 | EW50: 0 | EX50: 0 | EY50: 0
A51: 17 | B51: 1 | C51: =ROW(SmtRes!A126) -> 126 | D51: =ROW(EtalonRes!A126) -> 126 | E51: 28 | F51: 06-01-015-8 | G51: Установка закладных деталей весом: до 20 кг | H51: 1Т | I51: 0.398 | J51: 0 | O51: =ROUND(CP51,2) -> 3782.59 | P51: =ROUND(CQ51*I51,2) -> 3542.2 | Q51: =ROUND(CR51*I51,2) -> 12.17 | R51: =ROUND(CS51*I51,2) -> 1.49 | S51: =ROUND(CT51*I51,2) -> 228.22 | T51: =ROUND(CU51*I51,2) -> 0 | U51: =CV51*I51 -> 25.16156 | V51: =CW51*I51 -> 0.14328 | W51: =ROUND(CX51*I51,2) -> 0 | X51: =ROUND(CY51,2) -> 241.2 | Y51: =ROUND(CZ51,2) -> 149.31 | AA51: 0 | AB51: =(AC51+AD51+AF51) -> 9503.98 | AC51: =(ES51) -> 8900 | AD51: =(ET51) -> 30.57 | AE51: =(EU51) -> 3.74 | AF51: =(EV51) -> 573.41 | AG51: =(AP51) -> 0 | AH51: =(EW51) -> 63.22 | AI51: =(EX51) -> 0.36 | AJ51: =(AS51) -> 0 | AK51: 9503.98 | AL51: 8900 | AM51: 30.57 | AN51: 3.74 | AO51: 573.41 | AP51: 0 | AQ51: 63.22 | AR51: 0.36 | AS51: 0 | AT51: =BZ51 -> 105 | AU51: =CA51 -> 65 | AV51: 1 | AW51: 1 | AX51: 1 | AY51: 1 | AZ51: 1 | BA51: 1 | BB51: 1 | BC51: 1 | BH51: 0 | BI51: 1 | BJ51: ТЕР Ростовской обл,сб.06,гл.01,табл.015,поз.8 | BM51: 10 | BN51: 0 | BP51: 0 | BQ51: 2 | BR51: 0 | BS51: 1 | BT51: 1 | BU51: 1 | BV51: 1 | BW51: 1 | BX51: 1 | BZ51: 105 | CA51: 65 | CF51: 0 | CG51: 0 | CM51: 0 | CO51: 0 | CP51: =(P51+Q51+S51) -> 3782.59 | CQ51: =(AC51)*BC51 -> 8900 | CR51: =(AD51)*BB51 -> 30.57 | CS51: =(AE51)*BS51 -> 3.74 | CT51: =(AF51)*BA51 -> 573.41 | CU51: =(AG51)*BT51 -> 0 | CV51: =(AH51)*BU51 -> 63.22 | CW51: =(AI51)*BV51 -> 0.36 | CX51: =(AJ51)*BW51 -> 0 | CY51: =(((S51+R51)*BZ51)/100) -> 241.1955 | CZ51: =(((S51+R51)*CA51)/100) -> 149.3115 | DN51: 0 | DO51: 0 | DP51: 1 | DQ51: 1 | DR51: 1 | DS51: 1 | DT51: 1 | DU51: 1013 | DV51: 1Т | DW51: 1Т | DX51: 1 | EE51: 16689382 | EF51: 2 | EG51: Общестроительные работы | EH51: 0 | EJ51: 1 | EK51: 10 | EL51: Бетонные и железобетонные монолитные конструкции в промышленном строительстве | EM51: 6-1 | EP51: Вырезка и заделка отверстий в опалубке, установка и закрепление закладных деталей . | EQ51: 0 | ER51: 9503.98 | ES51: 8900 | ET51: 30.57 | EU51: 3.74 | EV51: 573.41 | EW51: 63.22 | EX51: 0.36 | EY51: 0
A52: 17 | B52: 1 | C52: =ROW(SmtRes!A134) -> 134 | D52: =ROW(EtalonRes!A134) -> 134 | E52: 29 | F52: 13-03-002-4 | G52: Огрунтовка закладных деталей за один раз: грунтовкой гф-021 | H52: 100М2 | I52: 0.115 | J52: 0 | O52: =ROUND(CP52,2) -> 36.81 | P52: =ROUND(CQ52*I52,2) -> 29.27 | Q52: =ROUND(CR52*I52,2) -> 1.04 | R52: =ROUND(CS52*I52,2) -> 0.02 | S52: =ROUND(CT52*I52,2) -> 6.5 | T52: =ROUND(CU52*I52,2) -> 0 | U52: =CV52*I52 -> 0.61065 | V52: =CW52*I52 -> 0.0023 | W52: =ROUND(CX52*I52,2) -> 0 | X52: =ROUND(CY52,2) -> 5.87 | Y52: =ROUND(CZ52,2) -> 4.56 | AA52: 0 | AB52: =(AC52+AD52+AF52) -> 320.03 | AC52: =(ES52) -> 254.48 | AD52: =(ET52) -> 9.05 | AE52: =(EU52) -> 0.21 | AF52: =(EV52) -> 56.5 | AG52: =(AP52) -> 0 | AH52: =(EW52) -> 5.31 | AI52: =(EX52) -> 0.02 | AJ52: =(AS52) -> 0 | AK52: 320.03 | AL52: 254.48 | AM52: 9.05 | AN52: 0.21 | AO52: 56.5 | AP52: 0 | AQ52: 5.31 | AR52: 0.02 | AS52: 0 | AT52: =BZ52 -> 90 | AU52: =CA52 -> 70 | AV52: 1 | AW52: 1 | AX52: 1 | AY52: 1 | AZ52: 1 | BA52: 1 | BB52: 1 | BC52: 1 | BH52: 0 | BI52: 1 | BJ52: ТЕР Ростовской обл,сб.13,гл.03,табл.002,поз.4 | BM52: 19 | BN52: 0 | BP52: 0 | BQ52: 2 | BR52: 0 | BS52: 1 | BT52: 1 | BU52: 1 | BV52: 1 | BW52: 1 | BX52: 1 | BZ52: 90 | CA52: 70 | CF52: 0 | CG52: 0 | CM52: 0 | CO52: 0 | CP52: =(P52+Q52+S52) -> 36.81 | CQ52: =(AC52)*BC52 -> 254.48 | CR52: =(AD52)*BB52 -> 9.05 | CS52: =(AE52)*BS52 -> 0.21 | CT52: =(AF52)*BA52 -> 56.5 | CU52: =(AG52)*BT52 -> 0 | CV52: =(AH52)*BU52 -> 5.31 | CW52: =(AI52)*BV52 -> 0.02 | CX52: =(AJ52)*BW52 -> 0 | CY52: =(((S52+R52)*BZ52)/100) -> 5.868 | CZ52: =(((S52+R52)*CA52)/100) -> 4.564 | DN52: 0 | DO52: 0 | DP52: 1 | DQ52: 1 | DR52: 1 | DS52: 1 | DT52: 1 | DU52: 1013 | DV52: 100М2 | DW52: 100М2 | DX52: 1 | EE52: 16689390 | EF52: 2 | EG52: Общестроительные работы | EH52: 0 | EJ52: 1 | EK52: 19 | EL52: Защита строительных конструкций и оборудования от коррозии | EM52: 13 | EP52: Подготовка окрасочных агрегатов. Приготовление грунтовочных составов. Нанесение грунта. Промывка, очистка окрасочных агрегатов и шлангов. Контроль качества. | EQ52: 0 | ER52: 320.03 | ES52: 254.48 | ET52: 9.05 | EU52: 0.21 | EV52: 56.5 | EW52: 5.31 | EX52: 0.02 | EY52: 0
A53: 17 | B53: 1 | C53: =ROW(SmtRes!A142) -> 142 | D53: =ROW(EtalonRes!A142) -> 142 | E53: 30 | F53: 13-03-004-26 | G53: Окраска деталей эмалью пф-133 за 2 раза | H53: 100М2 | I53: 0.115 | J53: 0 | O53: =ROUND(CP53,2) -> 94.52 | P53: =ROUND(CQ53*I53,2) -> 85.18 | Q53: =ROUND(CR53*I53,2) -> 1.35 | R53: =ROUND(CS53*I53,2) -> 0.05 | S53: =ROUND(CT53*I53,2) -> 7.99 | T53: =ROUND(CU53*I53,2) -> 0 | U53: =CV53*I53 -> 0.8809 | V53: =CW53*I53 -> 0.0046 | W53: =ROUND(CX53*I53,2) -> 0 | X53: =ROUND(CY53,2) -> 7.24 | Y53: =ROUND(CZ53,2) -> 5.63 | AA53: 0 | AB53: =(AC53+AD53+AF53) -> 821.84 | AC53: =((ES53*2)) -> 740.66 | AD53: =((ET53*2)) -> 11.7 | AE53: =((EU53*2)) -> 0.42 | AF53: =((EV53*2)) -> 69.48 | AG53: =(AP53) -> 0 | AH53: =((EW53*2)) -> 7.66 | AI53: =((EX53*2)) -> 0.04 | AJ53: =(AS53) -> 0 | AK53: 410.92 | AL53: 370.33 | AM53: 5.85 | AN53: 0.21 | AO53: 34.74 | AP53: 0 | AQ53: 3.83 | AR53: 0.02 | AS53: 0 | AT53: =BZ53 -> 90 | AU53: =CA53 -> 70 | AV53: 1 | AW53: 1 | AX53: 1 | AY53: 1 | AZ53: 1 | BA53: 1 | BB53: 1 | BC53: 1 | BH53: 0 | BI53: 1 | BJ53: ТЕР Ростовской обл,сб.13,гл.03,табл.004,поз.26 | BM53: 19 | BN53: 0 | BP53: 0 | BQ53: 2 | BR53: 0 | BS53: 1 | BT53: 1 | BU53: 1 | BV53: 1 | BW53: 1 | BX53: 1 | BZ53: 90 | CA53: 70 | CF53: 0 | CG53: 0 | CM53: 0 | CO53: 0 | CP53: =(P53+Q53+S53) -> 94.52 | CQ53: =(AC53)*BC53 -> 740.66 | CR53: =(AD53)*BB53 -> 11.7 | CS53: =(AE53)*BS53 -> 0.42 | CT53: =(AF53)*BA53 -> 69.48 | CU53: =(AG53)*BT53 -> 0 | CV53: =(AH53)*BU53 -> 7.66 | CW53: =(AI53)*BV53 -> 0.04 | CX53: =(AJ53)*BW53 -> 0 | CY53: =(((S53+R53)*BZ53)/100) -> 7.236 | CZ53: =(((S53+R53)*CA53)/100) -> 5.628 | DD53: )*2 | DE53: )*2 | DF53: )*2 | DG53: )*2 | DI53: )*2 | DJ53: )*2 | DN53: 0 | DO53: 0 | DP53: 1 | DQ53: 1 | DR53: 1 | DS53: 1 | DT53: 1 | DU53: 1013 | DV53: 100М2 | DW53: 100М2 | DX53: 1 | EE53: 16689390 | EF53: 2 | EG53: Общестроительные работы | EH53: 0 | EJ53: 1 | EK53: 19 | EL53: Защита строительных конструкций и оборудования от коррозии | EM53: 13 | EO53: к=2 | EP53: Подготовка окрасочных агрегатов. Приготовление состава. Нанесение окрасочного состава. Промывка, очистка окрасочных агрегатов и шлангов. Контроль качества. | EQ53: 512 | ER53: 410.92 | ES53: 370.33 | ET53: 5.85 | EU53: 0.21 | EV53: 34.74 | EW53: 3.83 | EX53: 0.02 | EY53: 0
A54: 17 | B54: 1 | C54: =ROW(SmtRes!A143) -> 143 | D54: =ROW(EtalonRes!A143) -> 143 | E54: 31 | F54: 15-02-031-8 Прим. | G54: Насечка поверхности ж.б. конструкций | H54: 100М2 | I54: 0.0672 | J54: 0 | O54: =ROUND(CP54,2) -> 21.21 | P54: =ROUND(CQ54*I54,2) -> 0 | Q54: =ROUND(CR54*I54,2) -> 0 | R54: =ROUND(CS54*I54,2) -> 0 | S54: =ROUND(CT54*I54,2) -> 21.21 | T54: =ROUND(CU54*I54,2) -> 0 | U54: =CV54*I54 -> 2.4864 | V54: =CW54*I54 -> 0 | W54: =ROUND(CX54*I54,2) -> 0 | X54: =ROUND(CY54,2) -> 22.27 | Y54: =ROUND(CZ54,2) -> 11.67 | AA54: 0 | AB54: =(AC54+AD54+AF54) -> 315.61 | AC54: =(ES54) -> 0 | AD54: =(ET54) -> 0 | AE54: =(EU54) -> 0 | AF54: =(EV54) -> 315.61 | AG54: =(AP54) -> 0 | AH54: =(EW54) -> 37 | AI54: =(EX54) -> 0 | AJ54: =(AS54) -> 0 | AK54: 315.61 | AL54: 0 | AM54: 0 | AN54: 0 | AO54: 315.61 | AP54: 0 | AQ54: 37 | AR54: 0 | AS54: 0 | AT54: =BZ54 -> 105 | AU54: =CA54 -> 55 | AV54: 1 | AW54: 1 | AX54: 1 | AY54: 1 | AZ54: 1 | BA54: 1 | BB54: 1 | BC54: 1 | BH54: 0 | BI54: 1 | BJ54: ТЕР Ростовской обл,сб.15,гл.02,табл.031,поз.8 | BM54: 24 | BN54: 0 | BP54: 0 | BQ54: 2 | BR54: 0 | BS54: 1 | BT54: 1 | BU54: 1 | BV54: 1 | BW54: 1 | BX54: 1 | BZ54: 105 | CA54: 55 | CF54: 0 | CG54: 0 | CM54: 0 | CO54: 0 | CP54: =(P54+Q54+S54) -> 21.21 | CQ54: =(AC54)*BC54 -> 0 | CR54: =(AD54)*BB54 -> 0 | CS54: =(AE54)*BS54 -> 0 | CT54: =(AF54)*BA54 -> 315.61 | CU54: =(AG54)*BT54 -> 0 | CV54: =(AH54)*BU54 -> 37 | CW54: =(AI54)*BV54 -> 0 | CX54: =(AJ54)*BW54 -> 0 | CY54: =(((S54+R54)*BZ54)/100) -> 22.2705 | CZ54: =(((S54+R54)*CA54)/100) -> 11.6655 | DN54: 0 | DO54: 0 | DP54: 1 | DQ54: 1 | DR54: 1 | DS54: 1 | DT54: 1 | DU54: 1013 | DV54: 100М2 | DW54: 100М2 | DX54: 1 | EE54: 16689395 | EF54: 2 | EG54: Общестроительные работы | EH54: 0 | EJ54: 1 | EK54: 24 | EL54: Отделочные работы | EM54: 15 | EQ54: 0 | ER54: 315.61 | ES54: 0 | ET54: 0 | EU54: 0 | EV54: 315.61 | EW54: 37 | EX54: 0 | EY54: 0
A55: 17 | B55: 1 | C55: =ROW(SmtRes!A144) -> 144 | D55: =ROW(EtalonRes!A144) -> 144 | E55: 32 | F55: 13-06-003-1 | G55: Очистка поверхности щетками | H55: 1 м2 | I55: 6.72 | J55: 0 | O55: =ROUND(CP55,2) -> 51.61 | P55: =ROUND(CQ55*I55,2) -> 0 | Q55: =ROUND(CR55*I55,2) -> 0 | R55: =ROUND(CS55*I55,2) -> 0 | S55: =ROUND(CT55*I55,2) -> 51.61 | T55: =ROUND(CU55*I55,2) -> 0 | U55: =CV55*I55 -> 6.048 | V55: =CW55*I55 -> 0 | W55: =ROUND(CX55*I55,2) -> 0 | X55: =ROUND(CY55,2) -> 46.45 | Y55: =ROUND(CZ55,2) -> 36.13 | AA55: 0 | AB55: =(AC55+AD55+AF55) -> 7.68 | AC55: =(ES55) -> 0 | AD55: =(ET55) -> 0 | AE55: =(EU55) -> 0 | AF55: =(EV55) -> 7.68 | AG55: =(AP55) -> 0 | AH55: =(EW55) -> 0.9 | AI55: =(EX55) -> 0 | AJ55: =(AS55) -> 0 | AK55: 7.68 | AL55: 0 | AM55: 0 | AN55: 0 | AO55: 7.68 | AP55: 0 | AQ55: 0.9 | AR55: 0 | AS55: 0 | AT55: =BZ55 -> 90 | AU55: =CA55 -> 70 | AV55: 1 | AW55: 1 | AX55: 1 | AY55: 1 | AZ55: 1 | BA55: 1 | BB55: 1 | BC55: 1 | BH55: 0 | BI55: 1 | BJ55: ТЕР Ростовской обл,сб.13,гл.06,табл.003,поз.1 | BM55: 19 | BN55: 0 | BP55: 0 | BQ55: 2 | BR55: 0 | BS55: 1 | BT55: 1 | BU55: 1 | BV55: 1 | BW55: 1 | BX55: 1 | BZ55: 90 | CA55: 70 | CF55: 0 | CG55: 0 | CM55: 0 | CO55: 0 | CP55: =(P55+Q55+S55) -> 51.61 | CQ55: =(AC55)*BC55 -> 0 | CR55: =(AD55)*BB55 -> 0 | CS55: =(AE55)*BS55 -> 0 | CT55: =(AF55)*BA55 -> 7.68 | CU55: =(AG55)*BT55 -> 0 | CV55: =(AH55)*BU55 -> 0.9 | CW55: =(AI55)*BV55 -> 0 | CX55: =(AJ55)*BW55 -> 0 | CY55: =(((S55+R55)*BZ55)/100) -> 46.449 | CZ55: =(((S55+R55)*CA55)/100) -> 36.127 | DN55: 0 | DO55: 0 | DP55: 1 | DQ55: 1 | DR55: 1 | DS55: 1 | DT55: 1 | DU55: 1013 | DV55: 1 м2 | DW55: 1м2 | DX55: 1 | EE55: 16689390 | EF55: 2 | EG55: Общестроительные работы | EH55: 0 | EJ55: 1 | EK55: 19 | EL55: Защита строительных конструкций и оборудования от коррозии | EM55: 13 | EP55: Очистка поверхности. Контроль качества. | EQ55: 0 | ER55: 7.68 | ES55: 0 | ET55: 0 | EU55: 0 | EV55: 7.68 | EW55: 0.9 | EX55: 0 | EY55: 0
A56: 17 | B56: 1 | C56: =ROW(SmtRes!A146) -> 146 | D56: =ROW(EtalonRes!A146) -> 146 | E56: 33 | F56: 47-01-084-2 Прим. | G56: Промывка водой | H56: 1М3 | I56: 0.3 | J56: 0 | O56: =ROUND(CP56,2) -> 3.18 | P56: =ROUND(CQ56*I56,2) -> 1.95 | Q56: =ROUND(CR56*I56,2) -> 0 | R56: =ROUND(CS56*I56,2) -> 0 | S56: =ROUND(CT56*I56,2) -> 1.23 | T56: =ROUND(CU56*I56,2) -> 0 | U56: =CV56*I56 -> 0.141 | V56: =CW56*I56 -> 0 | W56: =ROUND(CX56*I56,2) -> 0 | X56: =ROUND(CY56,2) -> 1.41 | Y56: =ROUND(CZ56,2) -> 1.11 | AA56: 0 | AB56: =(AC56+AD56+AF56) -> 10.61 | AC56: =(ES56) -> 6.5 | AD56: =(ET56) -> 0 | AE56: =(EU56) -> 0 | AF56: =(EV56) -> 4.11 | AG56: =(AP56) -> 0 | AH56: =(EW56) -> 0.47 | AI56: =(EX56) -> 0 | AJ56: =(AS56) -> 0 | AK56: 10.61 | AL56: 6.5 | AM56: 0 | AN56: 0 | AO56: 4.11 | AP56: 0 | AQ56: 0.47 | AR56: 0 | AS56: 0 | AT56: =BZ56 -> 115 | AU56: =CA56 -> 90 | AV56: 1 | AW56: 1 | AX56: 1 | AY56: 1 | AZ56: 1 | BA56: 1 | BB56: 1 | BC56: 1 | BH56: 0 | BI56: 1 | BJ56: ТЕР Ростовской обл,сб.47,гл.01,табл.084,поз.2 | BM56: 52 | BN56: 0 | BP56: 0 | BQ56: 2 | BR56: 0 | BS56: 1 | BT56: 1 | BU56: 1 | BV56: 1 | BW56: 1 | BX56: 1 | BZ56: 115 | CA56: 90 | CF56: 0 | CG56: 0 | CM56: 0 | CO56: 0 | CP56: =(P56+Q56+S56) -> 3.18 | CQ56: =(AC56)*BC56 -> 6.5 | CR56: =(AD56)*BB56 -> 0 | CS56: =(AE56)*BS56 -> 0 | CT56: =(AF56)*BA56 -> 4.11 | CU56: =(AG56)*BT56 -> 0 | CV56: =(AH56)*BU56 -> 0.47 | CW56: =(AI56)*BV56 -> 0 | CX56: =(AJ56)*BW56 -> 0 | CY56: =(((S56+R56)*BZ56)/100) -> 1.4145 | CZ56: =(((S56+R56)*CA56)/100) -> 1.107 | DN56: 0 | DO56: 0 | DP56: 1 | DQ56: 1 | DR56: 1 | DS56: 1 | DT56: 1 | DU56: 1013 | DV56: 1М3 | DW56: 1М3 | DX56: 1 | EE56: 16689423 | EF56: 2 | EG56: Общестроительные работы | EH56: 0 | EJ56: 1 | EK56: 52 | EL56: Озеленение. Защитные лесонасаждения. Многолетние плодовые насаждения | EM56: 40 | EQ56: 0 | ER56: 10.61 | ES56: 6.5 | ET56: 0 | EU56: 0 | EV56: 4.11 | EW56: 0.47 | EX56: 0 | EY56: 0
A57: 17 | B57: 1 | C57: =ROW(SmtRes!A155) -> 155 | D57: =ROW(EtalonRes!A155) -> 155 | E57: 34 | F57: 13-03-003-8 Прим. | G57: Огрунтовка горизонтальных бетонных поверхностей: лаком ЭП-741 | H57: 100М2 | I57: 3.7 | J57: 0 | O57: =ROUND(CP57,2) -> 1836.95 | P57: =ROUND(CQ57*I57,2) -> 1705.89 | Q57: =ROUND(CR57*I57,2) -> 21.65 | R57: =ROUND(CS57*I57,2) -> 0.78 | S57: =ROUND(CT57*I57,2) -> 109.41 | T57: =ROUND(CU57*I57,2) -> 0 | U57: =CV57*I57 -> 12.062 | V57: =CW57*I57 -> 0.074 | W57: =ROUND(CX57*I57,2) -> 0 | X57: =ROUND(CY57,2) -> 99.17 | Y57: =ROUND(CZ57,2) -> 77.13 | AA57: 0 | AB57: =(AC57+AD57+AF57) -> 496.47 | AC57: =(ES57) -> 461.05 | AD57: =(ET57) -> 5.85 | AE57: =(EU57) -> 0.21 | AF57: =(EV57) -> 29.57 | AG57: =(AP57) -> 0 | AH57: =(EW57) -> 3.26 | AI57: =(EX57) -> 0.02 | AJ57: =(AS57) -> 0 | AK57: 496.47 | AL57: 461.05 | AM57: 5.85 | AN57: 0.21 | AO57: 29.57 | AP57: 0 | AQ57: 3.26 | AR57: 0.02 | AS57: 0 | AT57: =BZ57 -> 90 | AU57: =CA57 -> 70 | AV57: 1 | AW57: 1 | AX57: 1 | AY57: 1 | AZ57: 1 | BA57: 1 | BB57: 1 | BC57: 1 | BH57: 0 | BI57: 1 | BJ57: ТЕР Ростовской обл,сб.13,гл.03,табл.003,поз.8 | BM57: 19 | BN57: 0 | BP57: 0 | BQ57: 2 | BR57: 0 | BS57: 1 | BT57: 1 | BU57: 1 | BV57: 1 | BW57: 1 | BX57: 1 | BZ57: 90 | CA57: 70 | CF57: 0 | CG57: 0 | CM57: 0 | CO57: 0 | CP57: =(P57+Q57+S57) -> 1836.95 | CQ57: =(AC57)*BC57 -> 461.05 | CR57: =(AD57)*BB57 -> 5.85 | CS57: =(AE57)*BS57 -> 0.21 | CT57: =(AF57)*BA57 -> 29.57 | CU57: =(AG57)*BT57 -> 0 | CV57: =(AH57)*BU57 -> 3.26 | CW57: =(AI57)*BV57 -> 0.02 | CX57: =(AJ57)*BW57 -> 0 | CY57: =(((S57+R57)*BZ57)/100) -> 99.171 | CZ57: =(((S57+R57)*CA57)/100) -> 77.133 | DN57: 0 | DO57: 0 | DP57: 1 | DQ57: 1 | DR57: 1 | DS57: 1 | DT57: 1 | DU57: 1013 | DV57: 100М2 | DW57: 100М2 | DX57: 1 | EE57: 16689390 | EF57: 2 | EG57: Общестроительные работы | EH57: 0 | EJ57: 1 | EK57: 19 | EL57: Защита строительных конструкций и оборудования от коррозии | EM57: 13 | EQ57: 0 | ER57: 496.47 | ES57: 461.05 | ET57: 5.85 | EU57: 0.21 | EV57: 29.57 | EW57: 3.26 | EX57: 0.02 | EY57: 0
A58: 17 | B58: 1 | C58: =ROW(SmtRes!A164) -> 164 | D58: =ROW(EtalonRes!A164) -> 164 | E58: 35 | F58: 13-03-003-8 | G58: Окраска огрунтованных бетонных поверхностей эмалью ЭП-773 за 3 раза | H58: 100М2 | I58: 3.7 | J58: 0 | O58: =ROUND(CP58,2) -> 5510.83 | P58: =ROUND(CQ58*I58,2) -> 5117.66 | Q58: =ROUND(CR58*I58,2) -> 64.94 | R58: =ROUND(CS58*I58,2) -> 2.33 | S58: =ROUND(CT58*I58,2) -> 328.23 | T58: =ROUND(CU58*I58,2) -> 0 | U58: =CV58*I58 -> 36.186 | V58: =CW58*I58 -> 0.222 | W58: =ROUND(CX58*I58,2) -> 0 | X58: =ROUND(CY58,2) -> 297.5 | Y58: =ROUND(CZ58,2) -> 231.39 | AA58: 0 | AB58: =(AC58+AD58+AF58) -> 1489.41 | AC58: =((ES58*3)) -> 1383.15 | AD58: =((ET58*3)) -> 17.55 | AE58: =((EU58*3)) -> 0.63 | AF58: =((EV58*3)) -> 88.71 | AG58: =(AP58) -> 0 | AH58: =((EW58*3)) -> 9.78 | AI58: =((EX58*3)) -> 0.06 | AJ58: =(AS58) -> 0 | AK58: 496.47 | AL58: 461.05 | AM58: 5.85 | AN58: 0.21 | AO58: 29.57 | AP58: 0 | AQ58: 3.26 | AR58: 0.02 | AS58: 0 | AT58: =BZ58 -> 90 | AU58: =CA58 -> 70 | AV58: 1 | AW58: 1 | AX58: 1 | AY58: 1 | AZ58: 1 | BA58: 1 | BB58: 1 | BC58: 1 | BH58: 0 | BI58: 1 | BJ58: ТЕР Ростовской обл,сб.13,гл.03,табл.003,поз.8 | BM58: 19 | BN58: 0 | BP58: 0 | BQ58: 2 | BR58: 0 | BS58: 1 | BT58: 1 | BU58: 1 | BV58: 1 | BW58: 1 | BX58: 1 | BZ58: 90 | CA58: 70 | CF58: 0 | CG58: 0 | CM58: 0 | CO58: 0 | CP58: =(P58+Q58+S58) -> 5510.83 | CQ58: =(AC58)*BC58 -> 1383.15 | CR58: =(AD58)*BB58 -> 17.55 | CS58: =(AE58)*BS58 -> 0.63 | CT58: =(AF58)*BA58 -> 88.71 | CU58: =(AG58)*BT58 -> 0 | CV58: =(AH58)*BU58 -> 9.78 | CW58: =(AI58)*BV58 -> 0.06 | CX58: =(AJ58)*BW58 -> 0 | CY58: =(((S58+R58)*BZ58)/100) -> 297.504 | CZ58: =(((S58+R58)*CA58)/100) -> 231.392 | DD58: )*3 | DE58: )*3 | DF58: )*3 | DG58: )*3 | DI58: )*3 | DJ58: )*3 | DN58: 0 | DO58: 0 | DP58: 1 | DQ58: 1 | DR58: 1 | DS58: 1 | DT58: 1 | DU58: 1013 | DV58: 100М2 | DW58: 100М2 | DX58: 1 | EE58: 16689390 | EF58: 2 | EG58: Общестроительные работы | EH58: 0 | EJ58: 1 | EK58: 19 | EL58: Защита строительных конструкций и оборудования от коррозии | EM58: 13 | EO58: к=3 | EP58: Подготовка окрасочных агрегатов. Приготовление состава. Нанесение окрасочного состава. Промывка, очистка окрасочных агрегатов и шлангов. Контроль качества. | EQ58: 512 | ER58: 496.47 | ES58: 461.05 | ET58: 5.85 | EU58: 0.21 | EV58: 29.57 | EW58: 3.26 | EX58: 0.02 | EY58: 0
A59: 17 | B59: 1 | C59: =ROW(SmtRes!A169) -> 169 | D59: =ROW(EtalonRes!A169) -> 169 | E59: 36 | F59: 15-04-002-4 Прим. | G59: Силикатная окраска горизонтальных поверхностей (полы) за 2 раза | H59: 100М2 | I59: 3.71 | J59: 0 | O59: =ROUND(CP59,2) -> 815.16 | P59: =ROUND(CQ59*I59,2) -> 377.31 | Q59: =ROUND(CR59*I59,2) -> 8.27 | R59: =ROUND(CS59*I59,2) -> 1.52 | S59: =ROUND(CT59*I59,2) -> 429.58 | T59: =ROUND(CU59*I59,2) -> 0 | U59: =CV59*I59 -> 52.6449 | V59: =CW59*I59 -> 0.1484 | W59: =ROUND(CX59*I59,2) -> 0 | X59: =ROUND(CY59,2) -> 452.66 | Y59: =ROUND(CZ59,2) -> 237.11 | AA59: 0 | AB59: =(AC59+AD59+AF59) -> 219.72 | AC59: =(ES59) -> 101.7 | AD59: =(ET59) -> 2.23 | AE59: =(EU59) -> 0.41 | AF59: =(EV59) -> 115.79 | AG59: =(AP59) -> 0 | AH59: =(EW59) -> 14.19 | AI59: =(EX59) -> 0.04 | AJ59: =(AS59) -> 0 | AK59: 219.72 | AL59: 101.7 | AM59: 2.23 | AN59: 0.41 | AO59: 115.79 | AP59: 0 | AQ59: 14.19 | AR59: 0.04 | AS59: 0 | AT59: =BZ59 -> 105 | AU59: =CA59 -> 55 | AV59: 1 | AW59: 1 | AX59: 1 | AY59: 1 | AZ59: 1 | BA59: 1 | BB59: 1 | BC59: 1 | BH59: 0 | BI59: 1 | BJ59: ТЕР Ростовской обл,сб.15,гл.04,табл.002,поз.4 | BM59: 24 | BN59: 0 | BP59: 0 | BQ59: 2 | BR59: 0 | BS59: 1 | BT59: 1 | BU59: 1 | BV59: 1 | BW59: 1 | BX59: 1 | BZ59: 105 | CA59: 55 | CF59: 0 | CG59: 0 | CM59: 0 | CO59: 0 | CP59: =(P59+Q59+S59) -> 815.16 | CQ59: =(AC59)*BC59 -> 101.7 | CR59: =(AD59)*BB59 -> 2.23 | CS59: =(AE59)*BS59 -> 0.41 | CT59: =(AF59)*BA59 -> 115.79 | CU59: =(AG59)*BT59 -> 0 | CV59: =(AH59)*BU59 -> 14.19 | CW59: =(AI59)*BV59 -> 0.04 | CX59: =(AJ59)*BW59 -> 0 | CY59: =(((S59+R59)*BZ59)/100) -> 452.655 | CZ59: =(((S59+R59)*CA59)/100) -> 237.105 | DN59: 0 | DO59: 0 | DP59: 1 | DQ59: 1 | DR59: 1 | DS59: 1 | DT59: 1 | DU59: 1013 | DV59: 100М2 | DW59: 100М2 | DX59: 1 | EE59: 16689395 | EF59: 2 | EG59: Общестроительные работы | EH59: 0 | EJ59: 1 | EK59: 24 | EL59: Отделочные работы | EM59: 15 | EQ59: 0 | ER59: 219.72 | ES59: 101.7 | ET59: 2.23 | EU59: 0.41 | EV59: 115.79 | EW59: 14.19 | EX59: 0.04 | EY59: 0
A60: 17 | B60: 1 | C60: =ROW(SmtRes!A174) -> 174 | D60: =ROW(EtalonRes!A174) -> 174 | E60: 37 | F60: 15-04-002-4 | G60: Силикатная окраска потолка и стен за 2 раза при высоте до 4 м | H60: 100М2 | I60: 4.462 | J60: 0 | O60: =ROUND(CP60,2) -> 980.39 | P60: =ROUND(CQ60*I60,2) -> 453.79 | Q60: =ROUND(CR60*I60,2) -> 9.95 | R60: =ROUND(CS60*I60,2) -> 1.83 | S60: =ROUND(CT60*I60,2) -> 516.65 | T60: =ROUND(CU60*I60,2) -> 0 | U60: =CV60*I60 -> 63.31578 | V60: =CW60*I60 -> 0.17848 | W60: =ROUND(CX60*I60,2) -> 0 | X60: =ROUND(CY60,2) -> 544.4 | Y60: =ROUND(CZ60,2) -> 285.16 | AA60: 0 | AB60: =(AC60+AD60+AF60) -> 219.72 | AC60: =(ES60) -> 101.7 | AD60: =(ET60) -> 2.23 | AE60: =(EU60) -> 0.41 | AF60: =(EV60) -> 115.79 | AG60: =(AP60) -> 0 | AH60: =(EW60) -> 14.19 | AI60: =(EX60) -> 0.04 | AJ60: =(AS60) -> 0 | AK60: 219.72 | AL60: 101.7 | AM60: 2.23 | AN60: 0.41 | AO60: 115.79 | AP60: 0 | AQ60: 14.19 | AR60: 0.04 | AS60: 0 | AT60: =BZ60 -> 105 | AU60: =CA60 -> 55 | AV60: 1 | AW60: 1 | AX60: 1 | AY60: 1 | AZ60: 1 | BA60: 1 | BB60: 1 | BC60: 1 | BH60: 0 | BI60: 1 | BJ60: ТЕР Ростовской обл,сб.15,гл.04,табл.002,поз.4 | BM60: 24 | BN60: 0 | BP60: 0 | BQ60: 2 | BR60: 0 | BS60: 1 | BT60: 1 | BU60: 1 | BV60: 1 | BW60: 1 | BX60: 1 | BZ60: 105 | CA60: 55 | CF60: 0 | CG60: 0 | CM60: 0 | CO60: 0 | CP60: =(P60+Q60+S60) -> 980.39 | CQ60: =(AC60)*BC60 -> 101.7 | CR60: =(AD60)*BB60 -> 2.23 | CS60: =(AE60)*BS60 -> 0.41 | CT60: =(AF60)*BA60 -> 115.79 | CU60: =(AG60)*BT60 -> 0 | CV60: =(AH60)*BU60 -> 14.19 | CW60: =(AI60)*BV60 -> 0.04 | CX60: =(AJ60)*BW60 -> 0 | CY60: =(((S60+R60)*BZ60)/100) -> 544.404 | CZ60: =(((S60+R60)*CA60)/100) -> 285.164 | DN60: 0 | DO60: 0 | DP60: 1 | DQ60: 1 | DR60: 1 | DS60: 1 | DT60: 1 | DU60: 1013 | DV60: 100М2 | DW60: 100М2 | DX60: 1 | EE60: 16689395 | EF60: 2 | EG60: Общестроительные работы | EH60: 0 | EJ60: 1 | EK60: 24 | EL60: Отделочные работы | EM60: 15 | EQ60: 0 | ER60: 219.72 | ES60: 101.7 | ET60: 2.23 | EU60: 0.41 | EV60: 115.79 | EW60: 14.19 | EX60: 0.04 | EY60: 0
A61: 17 | B61: 1 | C61: =ROW(SmtRes!A179) -> 179 | D61: =ROW(EtalonRes!A179) -> 179 | E61: 38 | F61: 15-04-002-4 | G61: Силикатная окраска потолка и стен за 2 раза при высоте от 4 до 8м | H61: 100М2 | I61: 18.702 | J61: 0 | O61: =ROUND(CP61,2) -> 4329.93 | P61: =ROUND(CQ61*I61,2) -> 1901.99 | Q61: =ROUND(CR61*I61,2) -> 45.88 | R61: =ROUND(CS61*I61,2) -> 8.43 | S61: =ROUND(CT61*I61,2) -> 2382.06 | T61: =ROUND(CU61*I61,2) -> 0 | U61: =CV61*I61 -> 291.91952 | V61: =CW61*I61 -> 0.822888 | W61: =ROUND(CX61*I61,2) -> 0 | X61: =ROUND(CY61,2) -> 2510.01 | Y61: =ROUND(CZ61,2) -> 1314.77 | AA61: 0 | AB61: =(AC61+AD61+AF61) -> 231.522 | AC61: =(ES61) -> 101.7 | AD61: =((ET61*1.1)) -> 2.453 | AE61: =((EU61*1.1)) -> 0.451 | AF61: =((EV61*1.1)) -> 127.369 | AG61: =(AP61) -> 0 | AH61: =((EW61*1.1)) -> 15.609 | AI61: =((EX61*1.1)) -> 0.044 | AJ61: =(AS61) -> 0 | AK61: 219.72 | AL61: 101.7 | AM61: 2.23 | AN61: 0.41 | AO61: 115.79 | AP61: 0 | AQ61: 14.19 | AR61: 0.04 | AS61: 0 | AT61: =BZ61 -> 105 | AU61: =CA61 -> 55 | AV61: 1 | AW61: 1 | AX61: 1 | AY61: 1 | AZ61: 1 | BA61: 1 | BB61: 1 | BC61: 1 | BH61: 0 | BI61: 1 | BJ61: ТЕР Ростовской обл,сб.15,гл.04,табл.002,поз.4 | BM61: 24 | BN61: 0 | BP61: 0 | BQ61: 2 | BR61: 0 | BS61: 1 | BT61: 1 | BU61: 1 | BV61: 1 | BW61: 1 | BX61: 1 | BZ61: 105 | CA61: 55 | CF61: 0 | CG61: 0 | CM61: 0 | CO61: 0 | CP61: =(P61+Q61+S61) -> 4329.93 | CQ61: =(AC61)*BC61 -> 101.7 | CR61: =(AD61)*BB61 -> 2.453 | CS61: =(AE61)*BS61 -> 0.451 | CT61: =(AF61)*BA61 -> 127.369 | CU61: =(AG61)*BT61 -> 0 | CV61: =(AH61)*BU61 -> 15.609 | CW61: =(AI61)*BV61 -> 0.044 | CX61: =(AJ61)*BW61 -> 0 | CY61: =(((S61+R61)*BZ61)/100) -> 2510.0145 | CZ61: =(((S61+R61)*CA61)/100) -> 1314.7695 | DE61: )*1,1 | DF61: )*1,1 | DG61: )*1,1 | DI61: )*1,1 | DJ61: )*1,1 | DN61: 0 | DO61: 0 | DP61: 1 | DQ61: 1 | DR61: 1 | DS61: 1 | DT61: 1 | DU61: 1013 | DV61: 100М2 | DW61: 100М2 | DX61: 1 | EE61: 16689395 | EF61: 2 | EG61: Общестроительные работы | EH61: 0 | EJ61: 1 | EK61: 24 | EL61: Отделочные работы | EM61: 15 | EO61: Поправка: 15_3.20 | EQ61: 512 | ER61: 219.72 | ES61: 101.7 | ET61: 2.23 | EU61: 0.41 | EV61: 115.79 | EW61: 14.19 | EX61: 0.04 | EY61: 0
A62: 17 | B62: 1 | C62: =ROW(SmtRes!A184) -> 184 | D62: =ROW(EtalonRes!A184) -> 184 | E62: 39 | F62: 15-04-002-4 | G62: Силикатная окраска потолка и стен за 2 раза при высоте более 8 м | H62: 100М2 | I62: 41.7783 | J62: 0 | O62: =ROUND(CP62,2) -> 9179.53 | P62: =ROUND(CQ62*I62,2) -> 4248.85 | Q62: =ROUND(CR62*I62,2) -> 93.17 | R62: =ROUND(CS62*I62,2) -> 17.13 | S62: =ROUND(CT62*I62,2) -> 4837.51 | T62: =ROUND(CU62*I62,2) -> 0 | U62: =CV62*I62 -> 592.83408 | V62: =CW62*I62 -> 1.671132 | W62: =ROUND(CX62*I62,2) -> 0 | X62: =ROUND(CY62,2) -> 5097.37 | Y62: =ROUND(CZ62,2) -> 2670.05 | AA62: 0 | AB62: =(AC62+AD62+AF62) -> 219.72 | AC62: =(ES62) -> 101.7 | AD62: =(ET62) -> 2.23 | AE62: =(EU62) -> 0.41 | AF62: =(EV62) -> 115.79 | AG62: =(AP62) -> 0 | AH62: =(EW62) -> 14.19 | AI62: =(EX62) -> 0.04 | AJ62: =(AS62) -> 0 | AK62: 219.72 | AL62: 101.7 | AM62: 2.23 | AN62: 0.41 | AO62: 115.79 | AP62: 0 | AQ62: 14.19 | AR62: 0.04 | AS62: 0 | AT62: =BZ62 -> 105 | AU62: =CA62 -> 55 | AV62: 1 | AW62: 1 | AX62: 1 | AY62: 1 | AZ62: 1 | BA62: 1 | BB62: 1 | BC62: 1 | BH62: 0 | BI62: 1 | BJ62: ТЕР Ростовской обл,сб.15,гл.04,табл.002,поз.4 | BM62: 24 | BN62: 0 | BP62: 0 | BQ62: 2 | BR62: 0 | BS62: 1 | BT62: 1 | BU62: 1 | BV62: 1 | BW62: 1 | BX62: 1 | BZ62: 105 | CA62: 55 | CF62: 0 | CG62: 0 | CM62: 0 | CO62: 0 | CP62: =(P62+Q62+S62) -> 9179.53 | CQ62: =(AC62)*BC62 -> 101.7 | CR62: =(AD62)*BB62 -> 2.23 | CS62: =(AE62)*BS62 -> 0.41 | CT62: =(AF62)*BA62 -> 115.79 | CU62: =(AG62)*BT62 -> 0 | CV62: =(AH62)*BU62 -> 14.19 | CW62: =(AI62)*BV62 -> 0.04 | CX62: =(AJ62)*BW62 -> 0 | CY62: =(((S62+R62)*BZ62)/100) -> 5097.372 | CZ62: =(((S62+R62)*CA62)/100) -> 2670.052 | DN62: 0 | DO62: 0 | DP62: 1 | DQ62: 1 | DR62: 1 | DS62: 1 | DT62: 1 | DU62: 1013 | DV62: 100М2 | DW62: 100М2 | DX62: 1 | EE62: 16689395 | EF62: 2 | EG62: Общестроительные работы | EH62: 0 | EJ62: 1 | EK62: 24 | EL62: Отделочные работы | EM62: 15 | EQ62: 0 | ER62: 219.72 | ES62: 101.7 | ET62: 2.23 | EU62: 0.41 | EV62: 115.79 | EW62: 14.19 | EX62: 0.04 | EY62: 0
A63: 17 | B63: 1 | C63: =ROW(SmtRes!A190) -> 190 | D63: =ROW(EtalonRes!A190) -> 190 | E63: 40 | F63: 11-01-011-3 | G63: Устройство стяжек: бетонных толщиной 20 мм (по проекту 80 мм) | H63: 100М2 | I63: 0.063 | J63: 0 | O63: =ROUND(CP63,2) -> 89.04 | P63: =ROUND(CQ63*I63,2) -> 67.36 | Q63: =ROUND(CR63*I63,2) -> 1.7 | R63: =ROUND(CS63*I63,2) -> 0.85 | S63: =ROUND(CT63*I63,2) -> 19.98 | T63: =ROUND(CU63*I63,2) -> 0 | U63: =CV63*I63 -> 2.56095 | V63: =CW63*I63 -> 0.08001 | W63: =ROUND(CX63*I63,2) -> 0 | X63: =ROUND(CY63,2) -> 25.62 | Y63: =ROUND(CZ63,2) -> 15.62 | AA63: 0 | AB63: =(AC63+AD63+AF63) -> 1413.33 | AC63: =(ES63) -> 1069.27 | AD63: =(ET63) -> 26.99 | AE63: =(EU63) -> 13.44 | AF63: =(EV63) -> 317.07 | AG63: =(AP63) -> 0 | AH63: =(EW63) -> 40.65 | AI63: =(EX63) -> 1.27 | AJ63: =(AS63) -> 0 | AK63: 1413.33 | AL63: 1069.27 | AM63: 26.99 | AN63: 13.44 | AO63: 317.07 | AP63: 0 | AQ63: 40.65 | AR63: 1.27 | AS63: 0 | AT63: =BZ63 -> 123 | AU63: =CA63 -> 75 | AV63: 1 | AW63: 1 | AX63: 1 | AY63: 1 | AZ63: 1 | BA63: 1 | BB63: 1 | BC63: 1 | BH63: 0 | BI63: 1 | BJ63: ТЕР Ростовской обл,сб.11,гл.01,табл.011,поз.3 | BM63: 17 | BN63: 0 | BP63: 0 | BQ63: 2 | BR63: 0 | BS63: 1 | BT63: 1 | BU63: 1 | BV63: 1 | BW63: 1 | BX63: 1 | BZ63: 123 | CA63: 75 | CF63: 0 | CG63: 0 | CM63: 0 | CO63: 0 | CP63: =(P63+Q63+S63) -> 89.04 | CQ63: =(AC63)*BC63 -> 1069.27 | CR63: =(AD63)*BB63 -> 26.99 | CS63: =(AE63)*BS63 -> 13.44 | CT63: =(AF63)*BA63 -> 317.07 | CU63: =(AG63)*BT63 -> 0 | CV63: =(AH63)*BU63 -> 40.65 | CW63: =(AI63)*BV63 -> 1.27 | CX63: =(AJ63)*BW63 -> 0 | CY63: =(((S63+R63)*BZ63)/100) -> 25.6209 | CZ63: =(((S63+R63)*CA63)/100) -> 15.6225 | DN63: 0 | DO63: 0 | DP63: 1 | DQ63: 1 | DR63: 1 | DS63: 1 | DT63: 1 | DU63: 1013 | DV63: 100М2 | DW63: 100М2 | DX63: 1 | EE63: 16689388 | EF63: 2 | EG63: Общестроительные работы | EH63: 0 | EJ63: 1 | EK63: 17 | EL63: Полы | EM63: 11 | EP63: Подготовка основания. Укладка и разравнивание слоя бетона . Уход за стяжкой . | EQ63: 0 | ER63: 1413.33 | ES63: 1069.27 | ET63: 26.99 | EU63: 13.44 | EV63: 317.07 | EW63: 40.65 | EX63: 1.27 | EY63: 0
A64: 17 | B64: 1 | E64: 41 | F64: 401-0045 | G64: Бетон тяжелый, крупность заполнителя 40 мм, класс: В12,5 (М150) (Расход 2,04:100х6,3=0,129) | H64: м3 | I64: -0.129 | J64: 0 | O64: =ROUND(CP64,2) -> -66.18 | P64: =ROUND(CQ64*I64,2) -> -66.18 | Q64: =ROUND(CR64*I64,2) -> 0 | R64: =ROUND(CS64*I64,2) -> 0 | S64: =ROUND(CT64*I64,2) -> 0 | T64: =ROUND(CU64*I64,2) -> 0 | U64: =CV64*I64 -> 0 | V64: =CW64*I64 -> 0 | W64: =ROUND(CX64*I64,2) -> 0 | X64: =ROUND(CY64,2) -> 0 | Y64: =ROUND(CZ64,2) -> 0 | AA64: 0 | AB64: =(AC64+AD64+AF64) -> 513 | AC64: =(ES64) -> 513 | AD64: =(ET64) -> 0 | AE64: =(EU64) -> 0 | AF64: =(EV64) -> 0 | AG64: =(AP64) -> 0 | AH64: =(EW64) -> 0 | AI64: =(EX64) -> 0 | AJ64: =(AS64) -> 0 | AK64: 513 | AL64: 513 | AM64: 0 | AN64: 0 | AO64: 0 | AP64: 0 | AQ64: 0 | AR64: 0 | AS64: 0 | AT64: =BZ64 -> 0 | AU64: =CA64 -> 0 | AV64: 1 | AW64: 1 | AX64: 1 | AY64: 1 | AZ64: 1 | BA64: 1 | BB64: 1 | BC64: 1 | BH64: 3 | BI64: 1 | BJ64: ССЦ Ростовской обл, сб.401, поз.0045 | BM64: 1100 | BN64: 0 | BP64: 0 | BQ64: 8 | BR64: 0 | BS64: 1 | BT64: 1 | BU64: 1 | BV64: 1 | BW64: 1 | BX64: 1 | BZ64: 0 | CA64: 0 | CF64: 0 | CG64: 0 | CM64: 0 | CO64: 0 | CP64: =(P64+Q64+S64) -> -66.18 | CQ64: =(AC64)*BC64 -> 513 | CR64: =(AD64)*BB64 -> 0 | CS64: =(AE64)*BS64 -> 0 | CT64: =(AF64)*BA64 -> 0 | CU64: =(AG64)*BT64 -> 0 | CV64: =(AH64)*BU64 -> 0 | CW64: =(AI64)*BV64 -> 0 | CX64: =(AJ64)*BW64 -> 0 | CY64: =(((S64+R64)*BZ64)/100) -> 0 | CZ64: =(((S64+R64)*CA64)/100) -> 0 | DN64: 0 | DO64: 0 | DP64: 1 | DQ64: 1 | DR64: 1 | DS64: 1 | DT64: 1 | DU64: 1007 | DV64: м3 | DW64: м3 | DX64: 1 | EE64: 16689463 | EF64: 8 | EG64: Материалы | EH64: 0 | EJ64: 1 | EK64: 1100 | EL64: Материалы, изделия и конструкции | EM64: материалы | EQ64: 0 | ER64: 513 | ES64: 513 | ET64: 0 | EU64: 0 | EV64: 0 | EW64: 0 | EX64: 0 | EY64: 0
A65: 17 | B65: 1 | E65: 42 | F65: 401-0066 | G65: Бетон тяжелый, крупность заполнителя 20 мм, класс: В 15 (М200) (Расход 2,04:100х6,3=0,129) | H65: м3 | I65: 0.129 | J65: 0 | O65: =ROUND(CP65,2) -> 69.66 | P65: =ROUND(CQ65*I65,2) -> 69.66 | Q65: =ROUND(CR65*I65,2) -> 0 | R65: =ROUND(CS65*I65,2) -> 0 | S65: =ROUND(CT65*I65,2) -> 0 | T65: =ROUND(CU65*I65,2) -> 0 | U65: =CV65*I65 -> 0 | V65: =CW65*I65 -> 0 | W65: =ROUND(CX65*I65,2) -> 0 | X65: =ROUND(CY65,2) -> 0 | Y65: =ROUND(CZ65,2) -> 0 | AA65: 0 | AB65: =(AC65+AD65+AF65) -> 540 | AC65: =(ES65) -> 540 | AD65: =(ET65) -> 0 | AE65: =(EU65) -> 0 | AF65: =(EV65) -> 0 | AG65: =(AP65) -> 0 | AH65: =(EW65) -> 0 | AI65: =(EX65) -> 0 | AJ65: =(AS65) -> 0 | AK65: 540 | AL65: 540 | AM65: 0 | AN65: 0 | AO65: 0 | AP65: 0 | AQ65: 0 | AR65: 0 | AS65: 0 | AT65: =BZ65 -> 0 | AU65: =CA65 -> 0 | AV65: 1 | AW65: 1 | AX65: 1 | AY65: 1 | AZ65: 1 | BA65: 1 | BB65: 1 | BC65: 1 | BH65: 3 | BI65: 1 | BJ65: ССЦ Ростовской обл, сб.401, поз.0066 | BM65: 1100 | BN65: 0 | BP65: 0 | BQ65: 8 | BR65: 0 | BS65: 1 | BT65: 1 | BU65: 1 | BV65: 1 | BW65: 1 | BX65: 1 | BZ65: 0 | CA65: 0 | CF65: 0 | CG65: 0 | CM65: 0 | CO65: 0 | CP65: =(P65+Q65+S65) -> 69.66 | CQ65: =(AC65)*BC65 -> 540 | CR65: =(AD65)*BB65 -> 0 | CS65: =(AE65)*BS65 -> 0 | CT65: =(AF65)*BA65 -> 0 | CU65: =(AG65)*BT65 -> 0 | CV65: =(AH65)*BU65 -> 0 | CW65: =(AI65)*BV65 -> 0 | CX65: =(AJ65)*BW65 -> 0 | CY65: =(((S65+R65)*BZ65)/100) -> 0 | CZ65: =(((S65+R65)*CA65)/100) -> 0 | DN65: 0 | DO65: 0 | DP65: 1 | DQ65: 1 | DR65: 1 | DS65: 1 | DT65: 1 | DU65: 1007 | DV65: м3 | DW65: м3 | DX65: 1 | EE65: 16689463 | EF65: 8 | EG65: Материалы | EH65: 0 | EJ65: 1 | EK65: 1100 | EL65: Материалы, изделия и конструкции | EM65: материалы | EQ65: 0 | ER65: 540 | ES65: 540 | ET65: 0 | EU65: 0 | EV65: 0 | EW65: 0 | EX65: 0 | EY65: 0
A66: 17 | B66: 1 | C66: =ROW(SmtRes!A195) -> 195 | D66: =ROW(EtalonRes!A195) -> 195 | E66: 43 | F66: 11-01-011-4 | G66: Устройство стяжек: бетонных на каждые 5 мм изменения толщины стяжки добавлять или исключать к норме 11-01-011-03 | H66: 100М2 | I66: 0.063 | J66: 0 | O66: =ROUND(CP66,2) -> 204.69 | P66: =ROUND(CQ66*I66,2) -> 197.79 | Q66: =ROUND(CR66*I66,2) -> 3.95 | R66: =ROUND(CS66*I66,2) -> 1.68 | S66: =ROUND(CT66*I66,2) -> 2.95 | T66: =ROUND(CU66*I66,2) -> 0 | U66: =CV66*I66 -> 0.378 | V66: =CW66*I66 -> 0.15876 | W66: =ROUND(CX66*I66,2) -> 0 | X66: =ROUND(CY66,2) -> 5.69 | Y66: =ROUND(CZ66,2) -> 3.47 | AA66: 0 | AB66: =(AC66+AD66+AF66) -> 3249.12 | AC66: =((ES66*12)) -> 3139.56 | AD66: =((ET66*12)) -> 62.76 | AE66: =((EU66*12)) -> 26.64 | AF66: =((EV66*12)) -> 46.8 | AG66: =(AP66) -> 0 | AH66: =((EW66*12)) -> 6 | AI66: =((EX66*12)) -> 2.52 | AJ66: =(AS66) -> 0 | AK66: 270.76 | AL66: 261.63 | AM66: 5.23 | AN66: 2.22 | AO66: 3.9 | AP66: 0 | AQ66: 0.5 | AR66: 0.21 | AS66: 0 | AT66: =BZ66 -> 123 | AU66: =CA66 -> 75 | AV66: 1 | AW66: 1 | AX66: 1 | AY66: 1 | AZ66: 1 | BA66: 1 | BB66: 1 | BC66: 1 | BH66: 0 | BI66: 1 | BJ66: ТЕР Ростовской обл,сб.11,гл.01,табл.011,поз.4 | BM66: 17 | BN66: 0 | BP66: 0 | BQ66: 2 | BR66: 0 | BS66: 1 | BT66: 1 | BU66: 1 | BV66: 1 | BW66: 1 | BX66: 1 | BZ66: 123 | CA66: 75 | CF66: 0 | CG66: 0 | CM66: 0 | CO66: 0 | CP66: =(P66+Q66+S66) -> 204.69 | CQ66: =(AC66)*BC66 -> 3139.56 | CR66: =(AD66)*BB66 -> 62.76 | CS66: =(AE66)*BS66 -> 26.64 | CT66: =(AF66)*BA66 -> 46.8 | CU66: =(AG66)*BT66 -> 0 | CV66: =(AH66)*BU66 -> 6 | CW66: =(AI66)*BV66 -> 2.52 | CX66: =(AJ66)*BW66 -> 0 | CY66: =(((S66+R66)*BZ66)/100) -> 5.6949 | CZ66: =(((S66+R66)*CA66)/100) -> 3.4725 | DD66: )*12 | DE66: )*12 | DF66: )*12 | DG66: )*12 | DI66: )*12 | DJ66: )*12 | DN66: 0 | DO66: 0 | DP66: 1 | DQ66: 1 | DR66: 1 | DS66: 1 | DT66: 1 | DU66: 1013 | DV66: 100М2 | DW66: 100М2 | DX66: 1 | EE66: 16689388 | EF66: 2 | EG66: Общестроительные работы | EH66: 0 | EJ66: 1 | EK66: 17 | EL66: Полы | EM66: 11 | EO66: к=12 | EP66: Подготовка основания. Укладка и разравнивание слоя бетона . | EQ66: 512 | ER66: 270.76 | ES66: 261.63 | ET66: 5.23 | EU66: 2.22 | EV66: 3.9 | EW66: 0.5 | EX66: 0.21 | EY66: 0
A67: 17 | B67: 1 | E67: 44 | F67: 401-0045 | G67: Бетон тяжелый, крупность заполнителя 40 мм, класс: В12,5 (М150) (Расход 0,51:100х12х6,3=0,386) | H67: м3 | I67: -0.386 | J67: 0 | O67: =ROUND(CP67,2) -> -198.02 | P67: =ROUND(CQ67*I67,2) -> -198.02 | Q67: =ROUND(CR67*I67,2) -> 0 | R67: =ROUND(CS67*I67,2) -> 0 | S67: =ROUND(CT67*I67,2) -> 0 | T67: =ROUND(CU67*I67,2) -> 0 | U67: =CV67*I67 -> 0 | V67: =CW67*I67 -> 0 | W67: =ROUND(CX67*I67,2) -> 0 | X67: =ROUND(CY67,2) -> 0 | Y67: =ROUND(CZ67,2) -> 0 | AA67: 0 | AB67: =(AC67+AD67+AF67) -> 513 | AC67: =(ES67) -> 513 | AD67: =(ET67) -> 0 | AE67: =(EU67) -> 0 | AF67: =(EV67) -> 0 | AG67: =(AP67) -> 0 | AH67: =(EW67) -> 0 | AI67: =(EX67) -> 0 | AJ67: =(AS67) -> 0 | AK67: 513 | AL67: 513 | AM67: 0 | AN67: 0 | AO67: 0 | AP67: 0 | AQ67: 0 | AR67: 0 | AS67: 0 | AT67: =BZ67 -> 0 | AU67: =CA67 -> 0 | AV67: 1 | AW67: 1 | AX67: 1 | AY67: 1 | AZ67: 1 | BA67: 1 | BB67: 1 | BC67: 1 | BH67: 3 | BI67: 1 | BJ67: ССЦ Ростовской обл, сб.401, поз.0045 | BM67: 1100 | BN67: 0 | BP67: 0 | BQ67: 8 | BR67: 0 | BS67: 1 | BT67: 1 | BU67: 1 | BV67: 1 | BW67: 1 | BX67: 1 | BZ67: 0 | CA67: 0 | CF67: 0 | CG67: 0 | CM67: 0 | CO67: 0 | CP67: =(P67+Q67+S67) -> -198.02 | CQ67: =(AC67)*BC67 -> 513 | CR67: =(AD67)*BB67 -> 0 | CS67: =(AE67)*BS67 -> 0 | CT67: =(AF67)*BA67 -> 0 | CU67: =(AG67)*BT67 -> 0 | CV67: =(AH67)*BU67 -> 0 | CW67: =(AI67)*BV67 -> 0 | CX67: =(AJ67)*BW67 -> 0 | CY67: =(((S67+R67)*BZ67)/100) -> 0 | CZ67: =(((S67+R67)*CA67)/100) -> 0 | DN67: 0 | DO67: 0 | DP67: 1 | DQ67: 1 | DR67: 1 | DS67: 1 | DT67: 1 | DU67: 1007 | DV67: м3 | DW67: м3 | DX67: 1 | EE67: 16689463 | EF67: 8 | EG67: Материалы | EH67: 0 | EJ67: 1 | EK67: 1100 | EL67: Материалы, изделия и конструкции | EM67: материалы | EQ67: 0 | ER67: 513 | ES67: 513 | ET67: 0 | EU67: 0 | EV67: 0 | EW67: 0 | EX67: 0 | EY67: 0
A68: 17 | B68: 1 | E68: 45 | F68: 401-0066 | G68: Бетон тяжелый, крупность заполнителя 20 мм, класс: В 15 (М200) (Расход 0,51:100х12х6,3=0,386) | H68: м3 | I68: 0.386 | J68: 0 | O68: =ROUND(CP68,2) -> 208.44 | P68: =ROUND(CQ68*I68,2) -> 208.44 | Q68: =ROUND(CR68*I68,2) -> 0 | R68: =ROUND(CS68*I68,2) -> 0 | S68: =ROUND(CT68*I68,2) -> 0 | T68: =ROUND(CU68*I68,2) -> 0 | U68: =CV68*I68 -> 0 | V68: =CW68*I68 -> 0 | W68: =ROUND(CX68*I68,2) -> 0 | X68: =ROUND(CY68,2) -> 0 | Y68: =ROUND(CZ68,2) -> 0 | AA68: 0 | AB68: =(AC68+AD68+AF68) -> 540 | AC68: =(ES68) -> 540 | AD68: =(ET68) -> 0 | AE68: =(EU68) -> 0 | AF68: =(EV68) -> 0 | AG68: =(AP68) -> 0 | AH68: =(EW68) -> 0 | AI68: =(EX68) -> 0 | AJ68: =(AS68) -> 0 | AK68: 540 | AL68: 540 | AM68: 0 | AN68: 0 | AO68: 0 | AP68: 0 | AQ68: 0 | AR68: 0 | AS68: 0 | AT68: =BZ68 -> 0 | AU68: =CA68 -> 0 | AV68: 1 | AW68: 1 | AX68: 1 | AY68: 1 | AZ68: 1 | BA68: 1 | BB68: 1 | BC68: 1 | BH68: 3 | BI68: 1 | BJ68: ССЦ Ростовской обл, сб.401, поз.0066 | BM68: 1100 | BN68: 0 | BP68: 0 | BQ68: 8 | BR68: 0 | BS68: 1 | BT68: 1 | BU68: 1 | BV68: 1 | BW68: 1 | BX68: 1 | BZ68: 0 | CA68: 0 | CF68: 0 | CG68: 0 | CM68: 0 | CO68: 0 | CP68: =(P68+Q68+S68) -> 208.44 | CQ68: =(AC68)*BC68 -> 540 | CR68: =(AD68)*BB68 -> 0 | CS68: =(AE68)*BS68 -> 0 | CT68: =(AF68)*BA68 -> 0 | CU68: =(AG68)*BT68 -> 0 | CV68: =(AH68)*BU68 -> 0 | CW68: =(AI68)*BV68 -> 0 | CX68: =(AJ68)*BW68 -> 0 | CY68: =(((S68+R68)*BZ68)/100) -> 0 | CZ68: =(((S68+R68)*CA68)/100) -> 0 | DN68: 0 | DO68: 0 | DP68: 1 | DQ68: 1 | DR68: 1 | DS68: 1 | DT68: 1 | DU68: 1007 | DV68: м3 | DW68: м3 | DX68: 1 | EE68: 16689463 | EF68: 8 | EG68: Материалы | EH68: 0 | EJ68: 1 | EK68: 1100 | EL68: Материалы, изделия и конструкции | EM68: материалы | EQ68: 0 | ER68: 540 | ES68: 540 | ET68: 0 | EU68: 0 | EV68: 0 | EW68: 0 | EX68: 0 | EY68: 0
A69: 17 | B69: 1 | C69: =ROW(SmtRes!A201) -> 201 | D69: =ROW(EtalonRes!A201) -> 201 | E69: 46 | F69: 08-07-002-1 | G69: Установка и разборка внутренних трубчатых инвентарных лесов: при высоте помещений до 6 м | H69: 100М2 | I69: 0.5226 | J69: 0 | O69: =ROUND(CP69,2) -> 559.18 | P69: =ROUND(CQ69*I69,2) -> 236.54 | Q69: =ROUND(CR69*I69,2) -> 6.4 | R69: =ROUND(CS69*I69,2) -> 0.96 | S69: =ROUND(CT69*I69,2) -> 316.24 | T69: =ROUND(CU69*I69,2) -> 0 | U69: =CV69*I69 -> 36.68652 | V69: =CW69*I69 -> 0.094068 | W69: =ROUND(CX69*I69,2) -> 0 | X69: =ROUND(CY69,2) -> 386.98 | Y69: =ROUND(CZ69,2) -> 253.76 | AA69: 0 | AB69: =(AC69+AD69+AF69) -> 1069.99 | AC69: =(ES69) -> 452.63 | AD69: =(ET69) -> 12.24 | AE69: =(EU69) -> 1.84 | AF69: =(EV69) -> 605.12 | AG69: =(AP69) -> 0 | AH69: =(EW69) -> 70.2 | AI69: =(EX69) -> 0.18 | AJ69: =(AS69) -> 0 | AK69: 1069.99 | AL69: 452.63 | AM69: 12.24 | AN69: 1.84 | AO69: 605.12 | AP69: 0 | AQ69: 70.2 | AR69: 0.18 | AS69: 0 | AT69: =BZ69 -> 122 | AU69: =80 -> 80 | AV69: 1 | AW69: 1 | AX69: 1 | AY69: 1 | AZ69: 1 | BA69: 1 | BB69: 1 | BC69: 1 | BH69: 0 | BI69: 1 | BJ69: ТЕР Ростовской обл,сб.08,гл.07,табл.002,поз.1 | BM69: 14 | BN69: 0 | BP69: 0 | BQ69: 2 | BR69: 0 | BS69: 1 | BT69: 1 | BU69: 1 | BV69: 1 | BW69: 1 | BX69: 1 | BZ69: 122 | CA69: 80 | CF69: 0 | CG69: 0 | CM69: 0 | CO69: 0 | CP69: =(P69+Q69+S69) -> 559.18 | CQ69: =(AC69)*BC69 -> 452.63 | CR69: =(AD69)*BB69 -> 12.24 | CS69: =(AE69)*BS69 -> 1.84 | CT69: =(AF69)*BA69 -> 605.12 | CU69: =(AG69)*BT69 -> 0 | CV69: =(AH69)*BU69 -> 70.2 | CW69: =(AI69)*BV69 -> 0.18 | CX69: =(AJ69)*BW69 -> 0 | CY69: =(((S69+R69)*BZ69)/100) -> 386.984 | CZ69: =(((S69+R69)*CA69)/100) -> 253.76 | DM69: =80 | DN69: 0 | DO69: 0 | DP69: 1 | DQ69: 1 | DR69: 1 | DS69: 1 | DT69: 1 | DU69: 1013 | DV69: 100М2 | DW69: 100М2 | DX69: 1 | EE69: 16689385 | EF69: 2 | EG69: Общестроительные работы | EH69: 0 | EJ69: 1 | EK69: 14 | EL69: Конструкции из кирпича и блоков в жилищно-гражданских зданиях | EM69: 8 | EP69: Сборка и установка инвентарных лесов с устройством настилов, ограждений, стремянок и ходовых лестниц. Разборка лесов. Восстановительный ремонт деталей лесов при каждом обороте их. Завозка готовых элементов лесов со склада на объект и отвозка их после разборки на склад или другой объект. | EQ69: 0 | ER69: 1069.99 | ES69: 452.63 | ET69: 12.24 | EU69: 1.84 | EV69: 605.12 | EW69: 70.2 | EX69: 0.18 | EY69: 0
A70: 17 | B70: 1 | C70: =ROW(SmtRes!A207) -> 207 | D70: =ROW(EtalonRes!A207) -> 207 | E70: 47 | F70: 08-07-002-2 | G70: Установка и разборка внутренних трубчатых инвентарных лесов: на каждые последующие 4 м высоты помещений добавлять до 10 м | H70: 100М2 | I70: 0.5226 | J70: 0 | O70: =ROUND(CP70,2) -> 387.66 | P70: =ROUND(CQ70*I70,2) -> 159.41 | Q70: =ROUND(CR70*I70,2) -> 3.91 | R70: =ROUND(CS70*I70,2) -> 0.59 | S70: =ROUND(CT70*I70,2) -> 224.34 | T70: =ROUND(CU70*I70,2) -> 0 | U70: =CV70*I70 -> 26.02548 | V70: =CW70*I70 -> 0.057486 | W70: =ROUND(CX70*I70,2) -> 0 | X70: =ROUND(CY70,2) -> 274.41 | Y70: =ROUND(CZ70,2) -> 179.94 | AA70: 0 | AB70: =(AC70+AD70+AF70) -> 741.79 | AC70: =(ES70) -> 305.03 | AD70: =(ET70) -> 7.48 | AE70: =(EU70) -> 1.13 | AF70: =(EV70) -> 429.28 | AG70: =(AP70) -> 0 | AH70: =(EW70) -> 49.8 | AI70: =(EX70) -> 0.11 | AJ70: =(AS70) -> 0 | AK70: 741.79 | AL70: 305.03 | AM70: 7.48 | AN70: 1.13 | AO70: 429.28 | AP70: 0 | AQ70: 49.8 | AR70: 0.11 | AS70: 0 | AT70: =BZ70 -> 122 | AU70: =CA70 -> 80 | AV70: 1 | AW70: 1 | AX70: 1 | AY70: 1 | AZ70: 1 | BA70: 1 | BB70: 1 | BC70: 1 | BH70: 0 | BI70: 1 | BJ70: ТЕР Ростовской обл,сб.08,гл.07,табл.002,поз.2 | BM70: 14 | BN70: 0 | BP70: 0 | BQ70: 2 | BR70: 0 | BS70: 1 | BT70: 1 | BU70: 1 | BV70: 1 | BW70: 1 | BX70: 1 | BZ70: 122 | CA70: 80 | CF70: 0 | CG70: 0 | CM70: 0 | CO70: 0 | CP70: =(P70+Q70+S70) -> 387.66 | CQ70: =(AC70)*BC70 -> 305.03 | CR70: =(AD70)*BB70 -> 7.48 | CS70: =(AE70)*BS70 -> 1.13 | CT70: =(AF70)*BA70 -> 429.28 | CU70: =(AG70)*BT70 -> 0 | CV70: =(AH70)*BU70 -> 49.8 | CW70: =(AI70)*BV70 -> 0.11 | CX70: =(AJ70)*BW70 -> 0 | CY70: =(((S70+R70)*BZ70)/100) -> 274.4146 | CZ70: =(((S70+R70)*CA70)/100) -> 179.944 | DN70: 0 | DO70: 0 | DP70: 1 | DQ70: 1 | DR70: 1 | DS70: 1 | DT70: 1 | DU70: 1013 | DV70: 100М2 | DW70: 100М2 | DX70: 1 | EE70: 16689385 | EF70: 2 | EG70: Общестроительные работы | EH70: 0 | EJ70: 1 | EK70: 14 | EL70: Конструкции из кирпича и блоков в жилищно-гражданских зданиях | EM70: 8 | EP70: Сборка и установка инвентарных лесов с устройством настилов, ограждений, стремянок и ходовых лестниц. Разборка лесов. Восстановительный ремонт деталей лесов при каждом обороте их. Завозка готовых элементов лесов со склада на объект и отвозка их после разборки на склад или другой объект. | EQ70: 0 | ER70: 741.79 | ES70: 305.03 | ET70: 7.48 | EU70: 1.13 | EV70: 429.28 | EW70: 49.8 | EX70: 0.11 | EY70: 0
A71: 17 | B71: 1 | C71: =ROW(SmtRes!A213) -> 213 | D71: =ROW(EtalonRes!A213) -> 213 | E71: 48 | F71: 08-07-002-1 | G71: Установка и разборка внутренних трубчатых инвентарных лесов: при высоте помещений до 6 м (по проекту до 14 м) | H71: 100М2 | I71: 3.9723 | J71: 0 | O71: =ROUND(CP71,2) -> 4250.32 | P71: =ROUND(CQ71*I71,2) -> 1797.98 | Q71: =ROUND(CR71*I71,2) -> 48.62 | R71: =ROUND(CS71*I71,2) -> 7.31 | S71: =ROUND(CT71*I71,2) -> 2403.72 | T71: =ROUND(CU71*I71,2) -> 0 | U71: =CV71*I71 -> 278.85546 | V71: =CW71*I71 -> 0.715014 | W71: =ROUND(CX71*I71,2) -> 0 | X71: =ROUND(CY71,2) -> 2941.46 | Y71: =ROUND(CZ71,2) -> 1928.82 | AA71: 0 | AB71: =(AC71+AD71+AF71) -> 1069.99 | AC71: =(ES71) -> 452.63 | AD71: =(ET71) -> 12.24 | AE71: =(EU71) -> 1.84 | AF71: =(EV71) -> 605.12 | AG71: =(AP71) -> 0 | AH71: =(EW71) -> 70.2 | AI71: =(EX71) -> 0.18 | AJ71: =(AS71) -> 0 | AK71: 1069.99 | AL71: 452.63 | AM71: 12.24 | AN71: 1.84 | AO71: 605.12 | AP71: 0 | AQ71: 70.2 | AR71: 0.18 | AS71: 0 | AT71: =BZ71 -> 122 | AU71: =CA71 -> 80 | AV71: 1 | AW71: 1 | AX71: 1 | AY71: 1 | AZ71: 1 | BA71: 1 | BB71: 1 | BC71: 1 | BH71: 0 | BI71: 1 | BJ71: ТЕР Ростовской обл,сб.08,гл.07,табл.002,поз.1 | BM71: 14 | BN71: 0 | BP71: 0 | BQ71: 2 | BR71: 0 | BS71: 1 | BT71: 1 | BU71: 1 | BV71: 1 | BW71: 1 | BX71: 1 | BZ71: 122 | CA71: 80 | CF71: 0 | CG71: 0 | CM71: 0 | CO71: 0 | CP71: =(P71+Q71+S71) -> 4250.32 | CQ71: =(AC71)*BC71 -> 452.63 | CR71: =(AD71)*BB71 -> 12.24 | CS71: =(AE71)*BS71 -> 1.84 | CT71: =(AF71)*BA71 -> 605.12 | CU71: =(AG71)*BT71 -> 0 | CV71: =(AH71)*BU71 -> 70.2 | CW71: =(AI71)*BV71 -> 0.18 | CX71: =(AJ71)*BW71 -> 0 | CY71: =(((S71+R71)*BZ71)/100) -> 2941.4566 | CZ71: =(((S71+R71)*CA71)/100) -> 1928.824 | DN71: 0 | DO71: 0 | DP71: 1 | DQ71: 1 | DR71: 1 | DS71: 1 | DT71: 1 | DU71: 1013 | DV71: 100М2 | DW71: 100М2 | DX71: 1 | EE71: 16689385 | EF71: 2 | EG71: Общестроительные работы | EH71: 0 | EJ71: 1 | EK71: 14 | EL71: Конструкции из кирпича и блоков в жилищно-гражданских зданиях | EM71: 8 | EP71: Сборка и установка инвентарных лесов с устройством настилов, ограждений, стремянок и ходовых лестниц. Разборка лесов. Восстановительный ремонт деталей лесов при каждом обороте их. Завозка готовых элементов лесов со склада на объект и отвозка их после разборки на склад или другой объект. | EQ71: 0 | ER71: 1069.99 | ES71: 452.63 | ET71: 12.24 | EU71: 1.84 | EV71: 605.12 | EW71: 70.2 | EX71: 0.18 | EY71: 0
A72: 17 | B72: 1 | C72: =ROW(SmtRes!A219) -> 219 | D72: =ROW(EtalonRes!A219) -> 219 | E72: 49 | F72: 08-07-002-2 | G72: Установка и разборка внутренних трубчатых инвентарных лесов: на каждые последующие 4 м высоты помещений добавлять | H72: 100М2 | I72: 3.9723 | J72: 0 | O72: =ROUND(CP72,2) -> 5893.23 | P72: =ROUND(CQ72*I72,2) -> 2423.34 | Q72: =ROUND(CR72*I72,2) -> 59.43 | R72: =ROUND(CS72*I72,2) -> 8.98 | S72: =ROUND(CT72*I72,2) -> 3410.46 | T72: =ROUND(CU72*I72,2) -> 0 | U72: =CV72*I72 -> 395.64108 | V72: =CW72*I72 -> 0.873906 | W72: =ROUND(CX72*I72,2) -> 0 | X72: =ROUND(CY72,2) -> 4171.72 | Y72: =ROUND(CZ72,2) -> 2735.55 | AA72: 0 | AB72: =(AC72+AD72+AF72) -> 1483.58 | AC72: =((ES72*2)) -> 610.06 | AD72: =((ET72*2)) -> 14.96 | AE72: =((EU72*2)) -> 2.26 | AF72: =((EV72*2)) -> 858.56 | AG72: =(AP72) -> 0 | AH72: =((EW72*2)) -> 99.6 | AI72: =((EX72*2)) -> 0.22 | AJ72: =(AS72) -> 0 | AK72: 741.79 | AL72: 305.03 | AM72: 7.48 | AN72: 1.13 | AO72: 429.28 | AP72: 0 | AQ72: 49.8 | AR72: 0.11 | AS72: 0 | AT72: =BZ72 -> 122 | AU72: =CA72 -> 80 | AV72: 1 | AW72: 1 | AX72: 1 | AY72: 1 | AZ72: 1 | BA72: 1 | BB72: 1 | BC72: 1 | BH72: 0 | BI72: 1 | BJ72: ТЕР Ростовской обл,сб.08,гл.07,табл.002,поз.2 | BM72: 14 | BN72: 0 | BP72: 0 | BQ72: 2 | BR72: 0 | BS72: 1 | BT72: 1 | BU72: 1 | BV72: 1 | BW72: 1 | BX72: 1 | BZ72: 122 | CA72: 80 | CF72: 0 | CG72: 0 | CM72: 0 | CO72: 0 | CP72: =(P72+Q72+S72) -> 5893.23 | CQ72: =(AC72)*BC72 -> 610.06 | CR72: =(AD72)*BB72 -> 14.96 | CS72: =(AE72)*BS72 -> 2.26 | CT72: =(AF72)*BA72 -> 858.56 | CU72: =(AG72)*BT72 -> 0 | CV72: =(AH72)*BU72 -> 99.6 | CW72: =(AI72)*BV72 -> 0.22 | CX72: =(AJ72)*BW72 -> 0 | CY72: =(((S72+R72)*BZ72)/100) -> 4171.7168 | CZ72: =(((S72+R72)*CA72)/100) -> 2735.552 | DD72: )*2 | DE72: )*2 | DF72: )*2 | DG72: )*2 | DI72: )*2 | DJ72: )*2 | DN72: 0 | DO72: 0 | DP72: 1 | DQ72: 1 | DR72: 1 | DS72: 1 | DT72: 1 | DU72: 1013 | DV72: 100М2 | DW72: 100М2 | DX72: 1 | EE72: 16689385 | EF72: 2 | EG72: Общестроительные работы | EH72: 0 | EJ72: 1 | EK72: 14 | EL72: Конструкции из кирпича и блоков в жилищно-гражданских зданиях | EM72: 8 | EO72: к=2 | EP72: Сборка и установка инвентарных лесов с устройством настилов, ограждений, стремянок и ходовых лестниц. Разборка лесов. Восстановительный ремонт деталей лесов при каждом обороте их. Завозка готовых элементов лесов со склада на объект и отвозка их после разборки на склад или другой объект. | EQ72: 512 | ER72: 741.79 | ES72: 305.03 | ET72: 7.48 | EU72: 1.13 | EV72: 429.28 | EW72: 49.8 | EX72: 0.11 | EY72: 0
A73: 17 | B73: 1 | C73: =ROW(SmtRes!A225) -> 225 | D73: =ROW(EtalonRes!A225) -> 225 | E73: 50 | F73: 08-07-002-1 | G73: Установка и разборка внутренних трубчатых инвентарных лесов: при высоте помещений до 6 м (по проекту до 18 м) | H73: 100М2 | I73: 1.928 | J73: 0 | O73: =ROUND(CP73,2) -> 2062.94 | P73: =ROUND(CQ73*I73,2) -> 872.67 | Q73: =ROUND(CR73*I73,2) -> 23.6 | R73: =ROUND(CS73*I73,2) -> 3.55 | S73: =ROUND(CT73*I73,2) -> 1166.67 | T73: =ROUND(CU73*I73,2) -> 0 | U73: =CV73*I73 -> 135.3456 | V73: =CW73*I73 -> 0.34704 | W73: =ROUND(CX73*I73,2) -> 0 | X73: =ROUND(CY73,2) -> 1427.67 | Y73: =ROUND(CZ73,2) -> 936.18 | AA73: 0 | AB73: =(AC73+AD73+AF73) -> 1069.99 | AC73: =(ES73) -> 452.63 | AD73: =(ET73) -> 12.24 | AE73: =(EU73) -> 1.84 | AF73: =(EV73) -> 605.12 | AG73: =(AP73) -> 0 | AH73: =(EW73) -> 70.2 | AI73: =(EX73) -> 0.18 | AJ73: =(AS73) -> 0 | AK73: 1069.99 | AL73: 452.63 | AM73: 12.24 | AN73: 1.84 | AO73: 605.12 | AP73: 0 | AQ73: 70.2 | AR73: 0.18 | AS73: 0 | AT73: =BZ73 -> 122 | AU73: =CA73 -> 80 | AV73: 1 | AW73: 1 | AX73: 1 | AY73: 1 | AZ73: 1 | BA73: 1 | BB73: 1 | BC73: 1 | BH73: 0 | BI73: 1 | BJ73: ТЕР Ростовской обл,сб.08,гл.07,табл.002,поз.1 | BM73: 14 | BN73: 0 | BP73: 0 | BQ73: 2 | BR73: 0 | BS73: 1 | BT73: 1 | BU73: 1 | BV73: 1 | BW73: 1 | BX73: 1 | BZ73: 122 | CA73: 80 | CF73: 0 | CG73: 0 | CM73: 0 | CO73: 0 | CP73: =(P73+Q73+S73) -> 2062.94 | CQ73: =(AC73)*BC73 -> 452.63 | CR73: =(AD73)*BB73 -> 12.24 | CS73: =(AE73)*BS73 -> 1.84 | CT73: =(AF73)*BA73 -> 605.12 | CU73: =(AG73)*BT73 -> 0 | CV73: =(AH73)*BU73 -> 70.2 | CW73: =(AI73)*BV73 -> 0.18 | CX73: =(AJ73)*BW73 -> 0 | CY73: =(((S73+R73)*BZ73)/100) -> 1427.6684 | CZ73: =(((S73+R73)*CA73)/100) -> 936.176 | DN73: 0 | DO73: 0 | DP73: 1 | DQ73: 1 | DR73: 1 | DS73: 1 | DT73: 1 | DU73: 1013 | DV73: 100М2 | DW73: 100М2 | DX73: 1 | EE73: 16689385 | EF73: 2 | EG73: Общестроительные работы | EH73: 0 | EJ73: 1 | EK73: 14 | EL73: Конструкции из кирпича и блоков в жилищно-гражданских зданиях | EM73: 8 | EP73: Сборка и установка инвентарных лесов с устройством настилов, ограждений, стремянок и ходовых лестниц. Разборка лесов. Восстановительный ремонт деталей лесов при каждом обороте их. Завозка готовых элементов лесов со склада на объект и отвозка их после разборки на склад или другой объект. | EQ73: 0 | ER73: 1069.99 | ES73: 452.63 | ET73: 12.24 | EU73: 1.84 | EV73: 605.12 | EW73: 70.2 | EX73: 0.18 | EY73: 0
A74: 17 | B74: 1 | C74: =ROW(SmtRes!A231) -> 231 | D74: =ROW(EtalonRes!A231) -> 231 | E74: 51 | F74: 08-07-002-2 | G74: Установка и разборка внутренних трубчатых инвентарных лесов: на каждые последующие 4 м высоты помещений добавлять | H74: 100М2 | I74: 1.928 | J74: 0 | O74: =ROUND(CP74,2) -> 4290.51 | P74: =ROUND(CQ74*I74,2) -> 1764.29 | Q74: =ROUND(CR74*I74,2) -> 43.26 | R74: =ROUND(CS74*I74,2) -> 6.54 | S74: =ROUND(CT74*I74,2) -> 2482.96 | T74: =ROUND(CU74*I74,2) -> 0 | U74: =CV74*I74 -> 288.0432 | V74: =CW74*I74 -> 0.63624 | W74: =ROUND(CX74*I74,2) -> 0 | X74: =ROUND(CY74,2) -> 3037.19 | Y74: =ROUND(CZ74,2) -> 1991.6 | AA74: 0 | AB74: =(AC74+AD74+AF74) -> 2225.37 | AC74: =((ES74*3)) -> 915.09 | AD74: =((ET74*3)) -> 22.44 | AE74: =((EU74*3)) -> 3.39 | AF74: =((EV74*3)) -> 1287.84 | AG74: =(AP74) -> 0 | AH74: =((EW74*3)) -> 149.4 | AI74: =((EX74*3)) -> 0.33 | AJ74: =(AS74) -> 0 | AK74: 741.79 | AL74: 305.03 | AM74: 7.48 | AN74: 1.13 | AO74: 429.28 | AP74: 0 | AQ74: 49.8 | AR74: 0.11 | AS74: 0 | AT74: =BZ74 -> 122 | AU74: =CA74 -> 80 | AV74: 1 | AW74: 1 | AX74: 1 | AY74: 1 | AZ74: 1 | BA74: 1 | BB74: 1 | BC74: 1 | BH74: 0 | BI74: 1 | BJ74: ТЕР Ростовской обл,сб.08,гл.07,табл.002,поз.2 | BM74: 14 | BN74: 0 | BP74: 0 | BQ74: 2 | BR74: 0 | BS74: 1 | BT74: 1 | BU74: 1 | BV74: 1 | BW74: 1 | BX74: 1 | BZ74: 122 | CA74: 80 | CF74: 0 | CG74: 0 | CM74: 0 | CO74: 0 | CP74: =(P74+Q74+S74) -> 4290.51 | CQ74: =(AC74)*BC74 -> 915.09 | CR74: =(AD74)*BB74 -> 22.44 | CS74: =(AE74)*BS74 -> 3.39 | CT74: =(AF74)*BA74 -> 1287.84 | CU74: =(AG74)*BT74 -> 0 | CV74: =(AH74)*BU74 -> 149.4 | CW74: =(AI74)*BV74 -> 0.33 | CX74: =(AJ74)*BW74 -> 0 | CY74: =(((S74+R74)*BZ74)/100) -> 3037.19 | CZ74: =(((S74+R74)*CA74)/100) -> 1991.6 | DD74: )*3 | DE74: )*3 | DF74: )*3 | DG74: )*3 | DI74: )*3 | DJ74: )*3 | DN74: 0 | DO74: 0 | DP74: 1 | DQ74: 1 | DR74: 1 | DS74: 1 | DT74: 1 | DU74: 1013 | DV74: 100М2 | DW74: 100М2 | DX74: 1 | EE74: 16689385 | EF74: 2 | EG74: Общестроительные работы | EH74: 0 | EJ74: 1 | EK74: 14 | EL74: Конструкции из кирпича и блоков в жилищно-гражданских зданиях | EM74: 8 | EO74: к=3 | EP74: Сборка и установка инвентарных лесов с устройством настилов, ограждений, стремянок и ходовых лестниц. Разборка лесов. Восстановительный ремонт деталей лесов при каждом обороте их. Завозка готовых элементов лесов со склада на объект и отвозка их после разборки на склад или другой объект. | EQ74: 512 | ER74: 741.79 | ES74: 305.03 | ET74: 7.48 | EU74: 1.13 | EV74: 429.28 | EW74: 49.8 | EX74: 0.11 | EY74: 0
A76: 51 | B76: =B20 -> 1 | C76: =A20 -> 3 | D76: =ROW(A20) -> 20 | F76: =IF(F20<>"",F20,"") -> №2-2-6/с изм.1 | G76: =IF(G20<>"",G20,"") -> на строительные работы | O76: =ROUND(AB76,2) -> 691515.86 | P76: =ROUND(AC76,2) -> 634378.7 | Q76: =ROUND(AD76,2) -> 5439.78 | R76: =ROUND(AE76,2) -> 636.83 | S76: =ROUND(AF76,2) -> 51697.38 | T76: =ROUND(AG76,2) -> 0 | U76: =ROUND(AH76,2) -> 5848.08 | V76: =ROUND(AI76,2) -> 61.19 | ... Y76: =ROUND(AL76,2) -> 35123.49 | AB76: =ROUND(SUMIF(AA24:AA74,"=0",O24:O74),2) -> 691515.86 | AC76: =ROUND(SUMIF(AA24:AA74,"=0",P24:P74),2) -> 634378.7 | AD76: =ROUND(SUMIF(AA24:AA74,"=0",Q24:Q74),2) -> 5439.78 | AE76: =ROUND(SUMIF(AA24:AA74,"=0",R24:R74),2) -> 636.83 | AF76: =ROUND(SUMIF(AA24:AA74,"=0",S24:S74),2) -> 51697.38 | AG76: =ROUND(SUMIF(AA24:AA74,"=0",T24:T74),2) -> 0 | AH76: =ROUND(SUMIF(AA24:AA74,"=0",U24:U74),2) -> 5848.08 | AI76: =ROUND(SUMIF(AA24:AA74,"=0",V24:V74),2) -> 61.19 | AJ76: =ROUND(SUMIF(AA24:AA74,"=0",W24:W74),2) -> 0 | AK76: =ROUND(SUMIF(AA24:AA74,"=0",X24:X74),2) -> 56570.06 | AL76: =ROUND(SUMIF(AA24:AA74,"=0",Y24:Y74),2) -> 35123.49 | AM76: 0
A78: 50 | B78: =IF(Source!F78<>0,1,0) -> 1 | C78: 0 | D78: 1 | E78: 0 | F78: =Source!O76 -> 691515.86 | G78: ПЗ | H78: Прямые затраты | K78: 201 | L78: 1 | M78: 1
A79: 50 | B79: =IF(Source!F79<>0,1,0) -> 1 | C79: 0 | D79: 1 | E79: 202 | F79: =Source!P76 -> 634378.7 | G79: СтМат | H79: Стоимость материалов | K79: 202 | L79: 2 | M79: 1
A80: 50 | B80: =IF(Source!F80<>0,1,0) -> 1 | C80: 0 | D80: 1 | E80: 203 | F80: =Source!Q76 -> 5439.78 | G80: ЭММ | H80: Эксплуатация машин | K80: 203 | L80: 4 | M80: 1
A81: 50 | B81: =IF(Source!F81<>0,1,0) -> 1 | C81: 0 | D81: 1 | E81: 204 | F81: =Source!R76 -> 636.83 | G81: ЗПМ | H81: ЗП машинистов | K81: 204 | L81: 5 | M81: 1
A82: 50 | B82: =IF(Source!F82<>0,1,0) -> 1 | C82: 0 | D82: 1 | E82: 0 | F82: =Source!S76 -> 51697.38 | G82: ОЗП | H82: Основная ЗП рабочих | K82: 205 | L82: 6 | M82: 1
A83: 50 | B83: =IF(Source!F83<>0,1,0) -> 0 | C83: 0 | D83: 1 | E83: 206 | F83: =Source!T76 -> 0 | G83: ВозврМат | H83: Возврат материалов | K83: 206 | L83: 7 | M83: 1
A84: 50 | B84: =IF(Source!F84<>0,1,0) -> 1 | C84: 0 | D84: 1 | E84: 0 | F84: =Source!U76 -> 5848.08 | G84: ТрудСтр | H84: Трудозатраты строителей | K84: 207 | L84: 8 | M84: 1
A85: 50 | B85: =IF(Source!F85<>0,1,0) -> 1 | C85: 0 | D85: 1 | E85: 208 | F85: =Source!V76 -> 61.19 | G85: ТрудМаш | H85: Трудозатраты машинистов | K85: 208 | L85: 9 | M85: 1
A86: 50 | B86: =IF(Source!F86<>0,1,0) -> 0 | C86: 0 | D86: 1 | E86: 209 | F86: =Source!W76 -> 0 | G86: ТранспМат | H86: Транспорт материалов | K86: 209 | L86: 10 | M86: 1
A87: 50 | B87: =IF(Source!F87<>0,1,0) -> 1 | C87: 0 | D87: 1 | E87: 0 | F87: =Source!X76 -> 56570.06 | G87: НР | H87: Накладные расходы | K87: 210 | L87: 11 | M87: 1
A88: 50 | B88: =IF(Source!F88<>0,1,0) -> 1 | C88: 0 | D88: 1 | E88: 0 | F88: =Source!Y76 -> 35123.49 | G88: СмПриб | H88: Сметная прибыль | K88: 211 | L88: 12 | M88: 1
A89: 50 | B89: 1 | C89: 0 | D89: 2 | E89: 0 | F89: =ROUND(0,2) -> 0 | H89: 2001_ ТЕР - Ростовская АЭС (внесено изменение в начисления Оборудование) | K89: 212 | L89: 13 | M89: 0
A90: 50 | B90: 0 | C90: 0 | D90: 2 | E90: 0 | F90: =ROUND(Source!F92+Source!F109+Source!F126+Source!F133,2) -> 691515.86 | G90: прим | H90: по Переменным Итого ПЗ (по смете __ТЕР РоАЭС) | K90: 212 | L90: 14 | M90: 3 | N90: примечание
A91: 50 | B91: 1 | C91: 0 | D91: 2 | E91: 0 | F91: =ROUND(0,2) -> 0 | K91: 212 | L91: 15 | M91: 0
A92: 50 | B92: 0 | C92: 0 | D92: 2 | E92: 0 | F92: 691515.86 | G92: ПЗстр | H92: ПЗстр строку не выводим на печать | K92: 212 | L92: 16 | M92: 3 | N92: для анализа
A93: 50 | B93: =IF(Source!F93<>0,1,0) -> 1 | C93: 0 | D93: 2 | E93: 0 | F93: =ROUND(Source!F95+Source!F96+Source!F98,2) -> 691515.86 | G93: ПЗСтрТер | H93: Итого, Строительные работы | K93: 212 | L93: 17 | M93: 1
A94: 50 | B94: 1 | C94: 0 | D94: 2 | E94: 0 | F94: =ROUND(0,2) -> 0 | G94: тч | H94: в том числе: | K94: 212 | L94: 18 | M94: 0
A95: 50 | B95: =IF(Source!F95<>0,1,0) -> 1 | C95: 0 | D95: 2 | E95: 0 | F95: 51697.38 | G95: ОЗПстрТер | H95: Основная заработная плата | K95: 212 | L95: 19 | M95: 1
A96: 50 | B96: =IF(Source!F96<>0,1,0) -> 1 | C96: 0 | D96: 2 | E96: 0 | F96: 5439.78 | G96: ЭММстрТер | H96: Эксплуатация машин и механизмов | K96: 212 | L96: 20 | M96: 1
A97: 50 | B97: =IF(Source!F97<>0,1,0) -> 1 | C97: 0 | D97: 2 | E97: 0 | F97: 636.83 | G97: ЗПМстрТер | H97: (в том числе:заработная плата машинистов) | K97: 212 | L97: 21 | M97: 1
A98: 50 | B98: =IF(Source!F98<>0,1,0) -> 1 | C98: 0 | D98: 2 | E98: 0 | F98: 634378.7 | G98: СтМатСтрТер | H98: Материалы | K98: 212 | L98: 22 | M98: 1
A99: 50 | B99: 1 | C99: 0 | D99: 2 | E99: 0 | F99: =ROUND(0,2) -> 0 | K99: 212 | L99: 23 | M99: 0
A100: 50 | B100: =IF(Source!F100<>0,1,0) -> 1 | C100: 0 | D100: 2 | E100: 0 | F100: 56570.06 | G100: НРстрТер | H100: Накладные расходы от ФОТ | K100: 212 | L100: 24 | M100: 1
A101: 50 | B101: =IF(Source!F101<>0,1,0) -> 1 | C101: 0 | D101: 2 | E101: 0 | F101: 35123.49 | G101: СПстрТер | H101: Сметная прибыль от ФОТ | K101: 212 | L101: 25 | M101: 1
A102: 50 | B102: =IF(Source!F102<>0,1,0) -> 1 | C102: 0 | D102: 2 | E102: 214 | F102: =ROUND(Source!F93+Source!F100+Source!F101,2) -> 783209.41 | G102: ВсегоСтрТер | H102: ВСЕГО, СТРОИТЕЛЬНЫЕ РАБОТЫ | K102: 212 | L102: 26 | M102: 1
A103: 50 | B103: =IF(Source!F103<>0,1,0) -> 1 | C103: 0 | D103: 2 | E103: 0 | F103: 5848.08 | G103: ТрудСтрСтрТер | H103: Итого, трудозатраты строителей, чел.-ч. | K103: 212 | L103: 27 | M103: 1
A104: 50 | B104: =IF(Source!F104<>0,1,0) -> 1 | C104: 0 | D104: 2 | E104: 0 | F104: 61.19 | G104: ТрудМашСтрТер | H104: Итого, трудозатраты машинистов, чел.-ч. | K104: 212 | L104: 28 | M104: 1
A105: 50 | B105: =IF(Source!F105<>0,1,0) -> 1 | C105: 0 | D105: 2 | E105: 0 | F105: =ROUND(Source!F95+Source!F97,2) -> 52334.21 | G105: ОЗПЗПМстрТер | H105: Итого, Сметная заработная плата | K105: 212 | L105: 29 | M105: 1
A106: 50 | B106: =IF(Source!F106<>0,1,0) -> 0 | C106: 0 | D106: 2 | E106: 0 | F106: 0 | G106: ВозврМатСтрТер | H106: Итого, Возврат материалов | K106: 212 | L106: 30 | M106: 1
A107: 50 | B107: 1 | C107: 0 | D107: 2 | E107: 0 | F107: =ROUND(0,2) -> 0 | K107: 212 | L107: 31 | M107: 0
A108: 50 | B108: 0 | C108: 0 | D108: 2 | E108: 0 | F108: =ROUND(0,2) -> 0 | K108: 212 | L108: 32 | M108: 3
A109: 50 | B109: 0 | C109: 0 | D109: 2 | E109: 0 | F109: 0 | G109: ПЗМонт | H109: ПЗмонт строку не выводим на печать | K109: 212 | L109: 33 | M109: 3 | N109: для анализа
A110: 50 | B110: =IF(Source!F110<>0,1,0) -> 0 | C110: 0 | D110: 2 | E110: 0 | F110: =ROUND(Source!F112+Source!F113+Source!F115,2) -> 0 | G110: ПЗМонтТер | H110: Итого, Монтажные работы | K110: 212 | L110: 34 | M110: 1
A111: 50 | B111: 0 | C111: 0 | D111: 2 | E111: 0 | F111: =ROUND(0,2) -> 0 | G111: тч1 | H111: в том числе: | K111: 212 | L111: 35 | M111: 3
A112: 50 | B112: =IF(Source!F112<>0,1,0) -> 0 | C112: 0 | D112: 2 | E112: 0 | F112: 0 | G112: ОЗПмонтТер | H112: Основная заработная плата | K112: 212 | L112: 36 | M112: 1
A113: 50 | B113: =IF(Source!F113<>0,1,0) -> 0 | C113: 0 | D113: 2 | E113: 0 | F113: 0 | G113: ЭММмонтТер | H113: Эксплуатация машин и механизмов | K113: 212 | L113: 37 | M113: 1
A114: 50 | B114: =IF(Source!F114<>0,1,0) -> 0 | C114: 0 | D114: 2 | E114: 0 | F114: 0 | G114: ЗПММонтТер | H114: (в том числе:заработная плата машинистов) | K114: 212 | L114: 38 | M114: 1
A115: 50 | B115: =IF(Source!F115<>0,1,0) -> 0 | C115: 0 | D115: 2 | E115: 0 | F115: 0 | G115: СтМатМонтТер | H115: Материалы | K115: 212 | L115: 39 | M115: 1
A116: 50 | B116: 0 | C116: 0 | D116: 2 | E116: 0 | F116: =ROUND(0,2) -> 0 | K116: 212 | L116: 40 | M116: 3
A117: 50 | B117: =IF(Source!F117<>0,1,0) -> 0 | C117: 0 | D117: 2 | E117: 0 | F117: 0 | G117: НРМонтТер | H117: Накладные расходы от ФОТ | K117: 212 | L117: 41 | M117: 1
A118: 50 | B118: =IF(Source!F118<>0,1,0) -> 0 | C118: 0 | D118: 2 | E118: 0 | F118: 0 | G118: СПМонтТер | H118: Сметная прибыль от ФОТ | K118: 212 | L118: 42 | M118: 1
...

Sheet SmtRes
A1: =ROW(Source!A24) -> 24 | B1: 25553953 | C1: 25553952 | D1: 6194211 | E1: 1 | F1: 1 | G1: 1 | H1: 1 | I1: 1-3.5-61 | K1: Затраты труда рабочих, разряд работ 3.5 | L1: 1369 | N1: 1013 | O1: чел.-ч | P1: чел.-ч | Q1: 1 | Y1: 215.82 | AA1: 0 | AB1: 0 | AC1: 0 | AD1: 9.07 | AN1: 0 | AO1: 1 | AP1: 1 | AQ1: 0 | AR1: 0 | AT1: 215.82 | AV1: 1 | AW1: 2 | AX1: 25553958 | AY1: 1 | AZ1: 0 | BA1: 1 | BB1: 0 | BC1: 0 | BD1: 0 | BE1: 0 | BF1: 0 | BG1: 0 | BH1: 0 | BI1: 0 | BJ1: 0 | BK1: 0 | BL1: 0 | BM1: 0 | BN1: 0 | BO1: 0 | BP1: 0 | BQ1: 0 | BR1: 0 | BS1: 0 | BT1: 0 | BU1: 0 | BV1: 0 | BW1: 0
A2: =ROW(Source!A24) -> 24 | B2: 25553954 | C2: 25553952 | D2: 6697596 | E2: 1 | F2: 1 | G2: 1 | H2: 1 | I2: 2-61 | K2: Затраты труда машинистров | L2: 1369 | N2: 1013 | O2: чел.-ч | P2: чел.-ч | Q2: 1 | Y2: 0.36 | AA2: 0 | AB2: 0 | AC2: 0 | AD2: 0 | AN2: 0 | AO2: 1 | AP2: 1 | AQ2: 0 | AR2: 0 | AT2: 0.36 | AV2: 2 | AW2: 2 | AX2: 25553959 | AY2: 1 | AZ2: 0 | BA2: 2 | BB2: 0 | BC2: 0 | BD2: 0 | BE2: 0 | BF2: 0 | BG2: 0 | BH2: 0 | BI2: 0 | BJ2: 0 | BK2: 0 | BL2: 0 | BM2: 0 | BN2: 0 | BO2: 0 | BP2: 0 | BQ2: 0 | BR2: 0 | BS2: 0 | BT2: 0 | BU2: 0 | BV2: 0 | BW2: 0
A3: =ROW(Source!A24) -> 24 | B3: 25553955 | C3: 25553952 | D3: 20159485 | E3: 1 | F3: 1 | G3: 1 | H3: 2 | I3: 021141 | J3: ССЦмаш Ростовской обл.,сб.02,разд.11,поз.41 | K3: Краны на автомобильном ходу при работе на других видах строительства (кроме магистральных трубопроводов) 10 т | L3: 1480 | N3: 1013 | O3: маш.ч | P3: МАШ.Ч | Q3: 1 | Y3: 0.15 | AA3: 0 | AB3: 108.6 | AC3: 10.58 | AD3: 0 | AN3: 0 | AO3: 1 | AP3: 1 | AQ3: 0 | AR3: 0 | AT3: 0.15 | AV3: 0 | AW3: 2 | AX3: 25553960 | AY3: 1 | AZ3: 0 | BA3: 3 | BB3: 0 | BC3: 0 | BD3: 0 | BE3: 0 | BF3: 0 | BG3: 0 | BH3: 0 | BI3: 0 | BJ3: 0 | BK3: 0 | BL3: 0 | BM3: 0 | BN3: 0 | BO3: 0 | BP3: 0 | BQ3: 0 | BR3: 0 | BS3: 0 | BT3: 0 | BU3: 0 | BV3: 0 | BW3: 0
A4: =ROW(Source!A24) -> 24 | B4: 25553956 | C4: 25553952 | D4: 20145014 | E4: 1 | F4: 1 | G4: 1 | H4: 2 | I4: 400001 | J4: ССЦмаш Ростовской обл.,сб.40,разд.00,поз.01 | K4: Автомобили бортовые грузоподъемностью до 5 т | L4: 1480 | N4: 1013 | O4: маш.ч | P4: МАШ.Ч | Q4: 1 | Y4: 0.21 | AA4: 0 | AB4: 68 | AC4: 10.24 | AD4: 0 | AN4: 0 | AO4: 1 | AP4: 1 | AQ4: 0 | AR4: 0 | AT4: 0.21 | AV4: 0 | AW4: 2 | AX4: 25553961 | AY4: 1 | AZ4: 0 | BA4: 4 | BB4: 0 | BC4: 0 | BD4: 0 | BE4: 0 | BF4: 0 | BG4: 0 | BH4: 0 | BI4: 0 | BJ4: 0 | BK4: 0 | BL4: 0 | BM4: 0 | BN4: 0 | BO4: 0 | BP4: 0 | BQ4: 0 | BR4: 0 | BS4: 0 | BT4: 0 | BU4: 0 | BV4: 0 | BW4: 0
A5: =ROW(Source!A24) -> 24 | B5: 25553957 | C5: 25553952 | D5: 20145003 | E5: 1 | F5: 1 | G5: 1 | H5: 3 | I5: 204-9180 | J5: ССЦ Ростовской обл, сб.204, поз.9180 | K5: Детали закладные и накладные | L5: 1348 | N5: 1009 | O5: т | P5: т | Q5: 1000 | Y5: 1 | AA5: 8900 | AB5: 0 | AC5: 0 | AD5: 0 | AN5: 2 | AO5: 1 | AP5: 1 | AQ5: 0 | AR5: 0 | AT5: 1 | AV5: 0 | AW5: 2 | AX5: 25553962 | AY5: 1 | AZ5: 0 | BA5: 5 | BB5: 0 | BC5: 0 | BD5: 0 | BE5: 0 | BF5: 0 | BG5: 0 | BH5: 0 | BI5: 0 | BJ5: 0 | BK5: 0 | BL5: 0 | BM5: 0 | BN5: 0 | BO5: 0 | BP5: 0 | BQ5: 0 | BR5: 0 | BS5: 0 | BT5: 0 | BU5: 0 | BV5: 0 | BW5: 0
A6: =ROW(Source!A25) -> 25 | B6: 25553964 | C6: 25553963 | D6: 6194211 | E6: 1 | F6: 1 | G6: 1 | H6: 1 | I6: 1-3.5-61 | K6: Затраты труда рабочих, разряд работ 3.5 | L6: 1369 | N6: 1013 | O6: чел.-ч | P6: чел.-ч | Q6: 1 | Y6: 63.22 | AA6: 0 | AB6: 0 | AC6: 0 | AD6: 9.07 | AN6: 0 | AO6: 1 | AP6: 1 | AQ6: 0 | AR6: 0 | AT6: 63.22 | AV6: 1 | AW6: 2 | AX6: 25553969 | AY6: 1 | AZ6: 0 | BA6: 6 | BB6: 0 | BC6: 0 | BD6: 0 | BE6: 0 | BF6: 0 | BG6: 0 | BH6: 0 | BI6: 0 | BJ6: 0 | BK6: 0 | BL6: 0 | BM6: 0 | BN6: 0 | BO6: 0 | BP6: 0 | BQ6: 0 | BR6: 0 | BS6: 0 | BT6: 0 | BU6: 0 | BV6: 0 | BW6: 0
A7: =ROW(Source!A25) -> 25 | B7: 25553965 | C7: 25553963 | D7: 6697596 | E7: 1 | F7: 1 | G7: 1 | H7: 1 | I7: 2-61 | K7: Затраты труда машинистров | L7: 1369 | N7: 1013 | O7: чел.-ч | P7: чел.-ч | Q7: 1 | Y7: 0.36 | AA7: 0 | AB7: 0 | AC7: 0 | AD7: 0 | AN7: 0 | AO7: 1 | AP7: 1 | AQ7: 0 | AR7: 0 | AT7: 0.36 | AV7: 2 | AW7: 2 | AX7: 25553970 | AY7: 1 | AZ7: 0 | BA7: 7 | BB7: 0 | BC7: 0 | BD7: 0 | BE7: 0 | BF7: 0 | BG7: 0 | BH7: 0 | BI7: 0 | BJ7: 0 | BK7: 0 | BL7: 0 | BM7: 0 | BN7: 0 | BO7: 0 | BP7: 0 | BQ7: 0 | BR7: 0 | BS7: 0 | BT7: 0 | BU7: 0 | BV7: 0 | BW7: 0
A8: =ROW(Source!A25) -> 25 | B8: 25553966 | C8: 25553963 | D8: 20159485 | E8: 1 | F8: 1 | G8: 1 | H8: 2 | I8: 021141 | J8: ССЦмаш Ростовской обл.,сб.02,разд.11,поз.41 | K8: Краны на автомобильном ходу при работе на других видах строительства (кроме магистральных трубопроводов) 10 т | L8: 1480 | N8: 1013 | O8: маш.ч | P8: МАШ.Ч | Q8: 1 | Y8: 0.15 | AA8: 0 | AB8: 108.6 | AC8: 10.58 | AD8: 0 | AN8: 0 | AO8: 1 | AP8: 1 | AQ8: 0 | AR8: 0 | AT8: 0.15 | AV8: 0 | AW8: 2 | AX8: 25553971 | AY8: 1 | AZ8: 0 | BA8: 8 | BB8: 0 | BC8: 0 | BD8: 0 | BE8: 0 | BF8: 0 | BG8: 0 | BH8: 0 | BI8: 0 | BJ8: 0 | BK8: 0 | BL8: 0 | BM8: 0 | BN8: 0 | BO8: 0 | BP8: 0 | BQ8: 0 | BR8: 0 | BS8: 0 | BT8: 0 | BU8: 0 | BV8: 0 | BW8: 0
A9: =ROW(Source!A25) -> 25 | B9: 25553967 | C9: 25553963 | D9: 20145014 | E9: 1 | F9: 1 | G9: 1 | H9: 2 | I9: 400001 | J9: ССЦмаш Ростовской обл.,сб.40,разд.00,поз.01 | K9: Автомобили бортовые грузоподъемностью до 5 т | L9: 1480 | N9: 1013 | O9: маш.ч | P9: МАШ.Ч | Q9: 1 | Y9: 0.21 | AA9: 0 | AB9: 68 | AC9: 10.24 | AD9: 0 | AN9: 0 | AO9: 1 | AP9: 1 | AQ9: 0 | AR9: 0 | AT9: 0.21 | AV9: 0 | AW9: 2 | AX9: 25553972 | AY9: 1 | AZ9: 0 | BA9: 9 | BB9: 0 | BC9: 0 | BD9: 0 | BE9: 0 | BF9: 0 | BG9: 0 | BH9: 0 | BI9: 0 | BJ9: 0 | BK9: 0 | BL9: 0 | BM9: 0 | BN9: 0 | BO9: 0 | BP9: 0 | BQ9: 0 | BR9: 0 | BS9: 0 | BT9: 0 | BU9: 0 | BV9: 0 | BW9: 0
A10: =ROW(Source!A25) -> 25 | B10: 25553968 | C10: 25553963 | D10: 20145003 | E10: 1 | F10: 1 | G10: 1 | H10: 3 | I10: 204-9180 | J10: ССЦ Ростовской обл, сб.204, поз.9180 | K10: Детали закладные и накладные | L10: 1348 | N10: 1009 | O10: т | P10: т | Q10: 1000 | Y10: 1 | AA10: 8900 | AB10: 0 | AC10: 0 | AD10: 0 | AN10: 2 | AO10: 1 | AP10: 1 | AQ10: 0 | AR10: 0 | AT10: 1 | AV10: 0 | AW10: 2 | AX10: 25553973 | AY10: 1 | AZ10: 0 | BA10: 10 | BB10: 0 | BC10: 0 | BD10: 0 | BE10: 0 | BF10: 0 | BG10: 0 | BH10: 0 | BI10: 0 | BJ10: 0 | BK10: 0 | BL10: 0 | BM10: 0 | BN10: 0 | BO10: 0 | BP10: 0 | BQ10: 0 | BR10: 0 | BS10: 0 | BT10: 0 | BU10: 0 | BV10: 0 | BW10: 0
A11: =ROW(Source!A26) -> 26 | B11: 25553975 | C11: 25553974 | D11: 6194211 | E11: 1 | F11: 1 | G11: 1 | H11: 1 | I11: 1-3.5-61 | K11: Затраты труда рабочих, разряд работ 3.5 | L11: 1369 | N11: 1013 | O11: чел.-ч | P11: чел.-ч | Q11: 1 | Y11: 21.8 | AA11: 0 | AB11: 0 | AC11: 0 | AD11: 9.07 | AN11: 0 | AO11: 1 | AP11: 1 | AQ11: 0 | AR11: 0 | AT11: 21.8 | AV11: 1 | AW11: 2 | AX11: 25553980 | AY11: 1 | AZ11: 0 | BA11: 11 | BB11: 0 | BC11: 0 | BD11: 0 | BE11: 0 | BF11: 0 | BG11: 0 | BH11: 0 | BI11: 0 | BJ11: 0 | BK11: 0 | BL11: 0 | BM11: 0 | BN11: 0 | BO11: 0 | BP11: 0 | BQ11: 0 | BR11: 0 | BS11: 0 | BT11: 0 | BU11: 0 | BV11: 0 | BW11: 0
A12: =ROW(Source!A26) -> 26 | B12: 25553976 | C12: 25553974 | D12: 6697596 | E12: 1 | F12: 1 | G12: 1 | H12: 1 | I12: 2-61 | K12: Затраты труда машинистров | L12: 1369 | N12: 1013 | O12: чел.-ч | P12: чел.-ч | Q12: 1 | Y12: 0.36 | AA12: 0 | AB12: 0 | AC12: 0 | AD12: 0 | AN12: 0 | AO12: 1 | AP12: 1 | AQ12: 0 | AR12: 0 | AT12: 0.36 | AV12: 2 | AW12: 2 | AX12: 25553981 | AY12: 1 | AZ12: 0 | BA12: 12 | BB12: 0 | BC12: 0 | BD12: 0 | BE12: 0 | BF12: 0 | BG12: 0 | BH12: 0 | BI12: 0 | BJ12: 0 | BK12: 0 | BL12: 0 | BM12: 0 | BN12: 0 | BO12: 0 | BP12: 0 | BQ12: 0 | BR12: 0 | BS12: 0 | BT12: 0 | BU12: 0 | BV12: 0 | BW12: 0
A13: =ROW(Source!A26) -> 26 | B13: 25553977 | C13: 25553974 | D13: 20159485 | E13: 1 | F13: 1 | G13: 1 | H13: 2 | I13: 021141 | J13: ССЦмаш Ростовской обл.,сб.02,разд.11,поз.41 | K13: Краны на автомобильном ходу при работе на других видах строительства (кроме магистральных трубопроводов) 10 т | L13: 1480 | N13: 1013 | O13: маш.ч | P13: МАШ.Ч | Q13: 1 | Y13: 0.15 | AA13: 0 | AB13: 108.6 | AC13: 10.58 | AD13: 0 | AN13: 0 | AO13: 1 | AP13: 1 | AQ13: 0 | AR13: 0 | AT13: 0.15 | AV13: 0 | AW13: 2 | AX13: 25553982 | AY13: 1 | AZ13: 0 | BA13: 13 | BB13: 0 | BC13: 0 | BD13: 0 | BE13: 0 | BF13: 0 | BG13: 0 | BH13: 0 | BI13: 0 | BJ13: 0 | BK13: 0 | BL13: 0 | BM13: 0 | BN13: 0 | BO13: 0 | BP13: 0 | BQ13: 0 | BR13: 0 | BS13: 0 | BT13: 0 | BU13: 0 | BV13: 0 | BW13: 0
A14: =ROW(Source!A26) -> 26 | B14: 25553978 | C14: 25553974 | D14: 20145014 | E14: 1 | F14: 1 | G14: 1 | H14: 2 | I14: 400001 | J14: ССЦмаш Ростовской обл.,сб.40,разд.00,поз.01 | K14: Автомобили бортовые грузоподъемностью до 5 т | L14: 1480 | N14: 1013 | O14: маш.ч | P14: МАШ.Ч | Q14: 1 | Y14: 0.21 | AA14: 0 | AB14: 68 | AC14: 10.24 | AD14: 0 | AN14: 0 | AO14: 1 | AP14: 1 | AQ14: 0 | AR14: 0 | AT14: 0.21 | AV14: 0 | AW14: 2 | AX14: 25553983 | AY14: 1 | AZ14: 0 | BA14: 14 | BB14: 0 | BC14: 0 | BD14: 0 | BE14: 0 | BF14: 0 | BG14: 0 | BH14: 0 | BI14: 0 | BJ14: 0 | BK14: 0 | BL14: 0 | BM14: 0 | BN14: 0 | BO14: 0 | BP14: 0 | BQ14: 0 | BR14: 0 | BS14: 0 | BT14: 0 | BU14: 0 | BV14: 0 | BW14: 0
A15: =ROW(Source!A26) -> 26 | B15: 25553979 | C15: 25553974 | D15: 20145003 | E15: 1 | F15: 1 | G15: 1 | H15: 3 | I15: 204-9180 | J15: ССЦ Ростовской обл, сб.204, поз.9180 | K15: Детали закладные и накладные | L15: 1348 | N15: 1009 | O15: т | P15: т | Q15: 1000 | Y15: 1 | AA15: 8900 | AB15: 0 | AC15: 0 | AD15: 0 | AN15: 2 | AO15: 1 | AP15: 1 | AQ15: 0 | AR15: 0 | AT15: 1 | AV15: 0 | AW15: 2 | AX15: 25553984 | AY15: 1 | AZ15: 0 | BA15: 15 | BB15: 0 | BC15: 0 | BD15: 0 | BE15: 0 | BF15: 0 | BG15: 0 | BH15: 0 | BI15: 0 | BJ15: 0 | BK15: 0 | BL15: 0 | BM15: 0 | BN15: 0 | BO15: 0 | BP15: 0 | BQ15: 0 | BR15: 0 | BS15: 0 | BT15: 0 | BU15: 0 | BV15: 0 | BW15: 0
A16: =ROW(Source!A27) -> 27 | B16: 25553986 | C16: 25553985 | D16: 6194212 | E16: 1 | F16: 1 | G16: 1 | H16: 1 | I16: 1-4.0-61 | K16: Затраты труда рабочих-строителей (средний разряд 4.0) | L16: 1369 | N16: 1013 | O16: чел.-ч | P16: чел.-ч | Q16: 1 | Y16: 39.57 | AA16: 0 | AB16: 0 | AC16: 0 | AD16: 9.62 | AN16: 0 | AO16: 1 | AP16: 1 | AQ16: 0 | AR16: 0 | AT16: 39.57 | AV16: 1 | AW16: 2 | AX16: 25554005 | AY16: 1 | AZ16: 0 | BA16: 16 | BB16: 0 | BC16: 0 | BD16: 0 | BE16: 0 | BF16: 0 | BG16: 0 | BH16: 0 | BI16: 0 | BJ16: 0 | BK16: 0 | BL16: 0 | BM16: 0 | BN16: 0 | BO16: 0 | BP16: 0 | BQ16: 0 | BR16: 0 | BS16: 0 | BT16: 0 | BU16: 0 | BV16: 0 | BW16: 0
A17: =ROW(Source!A27) -> 27 | B17: 25553987 | C17: 25553985 | D17: 6697596 | E17: 1 | F17: 1 | G17: 1 | H17: 1 | I17: 2-61 | K17: Затраты труда машинистров | L17: 1369 | N17: 1013 | O17: чел.-ч | P17: чел.-ч | Q17: 1 | Y17: 2.26 | AA17: 0 | AB17: 0 | AC17: 0 | AD17: 0 | AN17: 0 | AO17: 1 | AP17: 1 | AQ17: 0 | AR17: 0 | AT17: 2.26 | AV17: 2 | AW17: 2 | AX17: 25554006 | AY17: 1 | AZ17: 0 | BA17: 17 | BB17: 0 | BC17: 0 | BD17: 0 | BE17: 0 | BF17: 0 | BG17: 0 | BH17: 0 | BI17: 0 | BJ17: 0 | BK17: 0 | BL17: 0 | BM17: 0 | BN17: 0 | BO17: 0 | BP17: 0 | BQ17: 0 | BR17: 0 | BS17: 0 | BT17: 0 | BU17: 0 | BV17: 0 | BW17: 0
A18: =ROW(Source!A27) -> 27 | B18: 25553988 | C18: 25553985 | D18: 20134794 | E18: 1 | F18: 1 | G18: 1 | H18: 2 | I18: 021104 | J18: 021104 | K18: Краны на автомобильном ходу при работе на монтаже технологического оборудования 16 т | L18: 1480 | N18: 1013 | O18: маш.ч | P18: МАШ.Ч | Q18: 1 | Y18: 0.16 | AA18: 0 | AB18: 126.33 | AC18: 10.58 | AD18: 0 | AN18: 0 | AO18: 1 | AP18: 1 | AQ18: 0 | AR18: 0 | AT18: 0.16 | AV18: 0 | AW18: 2 | AX18: 25554007 | AY18: 1 | AZ18: 0 | BA18: 18 | BB18: 0 | BC18: 0 | BD18: 0 | BE18: 0 | BF18: 0 | BG18: 0 | BH18: 0 | BI18: 0 | BJ18: 0 | BK18: 0 | BL18: 0 | BM18: 0 | BN18: 0 | BO18: 0 | BP18: 0 | BQ18: 0 | BR18: 0 | BS18: 0 | BT18: 0 | BU18: 0 | BV18: 0 | BW18: 0
A19: =ROW(Source!A27) -> 27 | B19: 25553989 | C19: 25553985 | D19: 20134401 | E19: 1 | F19: 1 | G19: 1 | H19: 2 | I19: 021141 | J19: 021141 | K19: Краны на автомобильном ходу при работе на других видах строительства (кроме магистральных трубопроводов) 10 т | L19: 1480 | N19: 1013 | O19: маш.ч | P19: МАШ.Ч | Q19: 1 | Y19: 0.84 | AA19: 0 | AB19: 108.6 | AC19: 10.58 | AD19: 0 | AN19: 0 | AO19: 1 | AP19: 1 | AQ19: 0 | AR19: 0 | AT19: 0.84 | AV19: 0 | AW19: 2 | AX19: 25554008 | AY19: 1 | AZ19: 0 | BA19: 19 | BB19: 0 | BC19: 0 | BD19: 0 | BE19: 0 | BF19: 0 | BG19: 0 | BH19: 0 | BI19: 0 | BJ19: 0 | BK19: 0 | BL19: 0 | BM19: 0 | BN19: 0 | BO19: 0 | BP19: 0 | BQ19: 0 | BR19: 0 | BS19: 0 | BT19: 0 | BU19: 0 | BV19: 0 | BW19: 0
A20: =ROW(Source!A27) -> 27 | B20: 25553990 | C20: 25553985 | D20: 20134823 | E20: 1 | F20: 1 | G20: 1 | H20: 2 | I20: 030403 | J20: 030403 | K20: Лебедки электрические, тяговым усилием 19,62 (2) кн (т) | L20: 1480 | N20: 1013 | O20: маш.ч | P20: МАШ.Ч | Q20: 1 | Y20: 12.41 | AA20: 0 | AB20: 4.97 | AC20: 0 | AD20: 0 | AN20: 0 | AO20: 1 | AP20: 1 | AQ20: 0 | AR20: 0 | AT20: 12.41 | AV20: 0 | AW20: 2 | AX20: 25554009 | AY20: 1 | AZ20: 0 | BA20: 20 | BB20: 0 | BC20: 0 | BD20: 0 | BE20: 0 | BF20: 0 | BG20: 0 | BH20: 0 | BI20: 0 | BJ20: 0 | BK20: 0 | BL20: 0 | BM20: 0 | BN20: 0 | BO20: 0 | BP20: 0 | BQ20: 0 | BR20: 0 | BS20: 0 | BT20: 0 | BU20: 0 | BV20: 0 | BW20: 0
A21: =ROW(Source!A27) -> 27 | B21: 25553991 | C21: 25553985 | D21: 20134696 | E21: 1 | F21: 1 | G21: 1 | H21: 2 | I21: 040504 | J21: 040504 | K21: Аппараты для газовой сварки и резки | L21: 1480 | N21: 1013 | O21: маш.ч | P21: МАШ.Ч | Q21: 1 | Y21: 1.62 | AA21: 0 | AB21: 1.2 | AC21: 0 | AD21: 0 | AN21: 0 | AO21: 1 | AP21: 1 | AQ21: 0 | AR21: 0 | AT21: 1.62 | AV21: 0 | AW21: 2 | AX21: 25554010 | AY21: 1 | AZ21: 0 | BA21: 21 | BB21: 0 | BC21: 0 | BD21: 0 | BE21: 0 | BF21: 0 | BG21: 0 | BH21: 0 | BI21: 0 | BJ21: 0 | BK21: 0 | BL21: 0 | BM21: 0 | BN21: 0 | BO21: 0 | BP21: 0 | BQ21: 0 | BR21: 0 | BS21: 0 | BT21: 0 | BU21: 0 | BV21: 0 | BW21: 0
A22: =ROW(Source!A27) -> 27 | B22: 25553992 | C22: 25553985 | D22: 20134399 | E22: 1 | F22: 1 | G22: 1 | H22: 2 | I22: 400001 | J22: 400001 | K22: Автомобили бортовые грузоподъемностью до 5 т | L22: 1480 | N22: 1013 | O22: маш.ч | P22: МАШ.Ч | Q22: 1 | Y22: 1.26 | AA22: 0 | AB22: 68 | AC22: 10.24 | AD22: 0 | AN22: 0 | AO22: 1 | AP22: 1 | AQ22: 0 | AR22: 0 | AT22: 1.26 | AV22: 0 | AW22: 2 | AX22: 25554011 | AY22: 1 | AZ22: 0 | BA22: 22 | BB22: 0 | BC22: 0 | BD22: 0 | BE22: 0 | BF22: 0 | BG22: 0 | BH22: 0 | BI22: 0 | BJ22: 0 | BK22: 0 | BL22: 0 | BM22: 0 | BN22: 0 | BO22: 0 | BP22: 0 | BQ22: 0 | BR22: 0 | BS22: 0 | BT22: 0 | BU22: 0 | BV22: 0 | BW22: 0
A23: =ROW(Source!A27) -> 27 | B23: 25553993 | C23: 25553985 | D23: 20136437 | E23: 1 | F23: 1 | G23: 1 | H23: 3 | I23: 101-0309 | J23: ССЦ Ростовской обл, сб.101, поз.0309 | K23: Канаты пеньковые пропитанные | L23: 1348 | N23: 1009 | O23: т | P23: т | Q23: 1000 | Y23: 0.0001 | AA23: 45386 | AB23: 0 | AC23: 0 | AD23: 0 | AN23: 0 | AO23: 1 | AP23: 1 | AQ23: 0 | AR23: 0 | AT23: 0.0001 | AV23: 0 | AW23: 2 | AX23: 25554012 | AY23: 1 | AZ23: 0 | BA23: 23 | BB23: 0 | BC23: 0 | BD23: 0 | BE23: 0 | BF23: 0 | BG23: 0 | BH23: 0 | BI23: 0 | BJ23: 0 | BK23: 0 | BL23: 0 | BM23: 0 | BN23: 0 | BO23: 0 | BP23: 0 | BQ23: 0 | BR23: 0 | BS23: 0 | BT23: 0 | BU23: 0 | BV23: 0 | BW23: 0
A24: =ROW(Source!A27) -> 27 | B24: 25553994 | C24: 25553985 | D24: 20136451 | E24: 1 | F24: 1 | G24: 1 | H24: 3 | I24: 101-0324 | J24: ССЦ Ростовской обл, сб.101, поз.0324 | K24: Кислород технический газообразный | L24: 1339 | N24: 1007 | O24: м3 | P24: м3 | Q24: 1 | Y24: 1.3 | AA24: 6 | AB24: 0 | AC24: 0 | AD24: 0 | AN24: 0 | AO24: 1 | AP24: 1 | AQ24: 0 | AR24: 0 | AT24: 1.3 | AV24: 0 | AW24: 2 | AX24: 25554013 | AY24: 1 | AZ24: 0 | BA24: 24 | BB24: 0 | BC24: 0 | BD24: 0 | BE24: 0 | BF24: 0 | BG24: 0 | BH24: 0 | BI24: 0 | BJ24: 0 | BK24: 0 | BL24: 0 | BM24: 0 | BN24: 0 | BO24: 0 | BP24: 0 | BQ24: 0 | BR24: 0 | BS24: 0 | BT24: 0 | BU24: 0 | BV24: 0 | BW24: 0
A25: =ROW(Source!A27) -> 27 | B25: 25553995 | C25: 25553985 | D25: 20136859 | E25: 1 | F25: 1 | G25: 1 | H25: 3 | I25: 101-0797 | J25: ССЦ Ростовской обл, сб.101, поз.0797 | K25: Катанка горячекатаная в мотках диаметром 6,3-6,5 мм | L25: 1348 | N25: 1009 | O25: т | P25: т | Q25: 1000 | Y25: 3e-05 | AA25: 5088 | AB25: 0 | AC25: 0 | AD25: 0 | AN25: 0 | AO25: 1 | AP25: 1 | AQ25: 0 | AR25: 0 | AT25: 3e-05 | AV25: 0 | AW25: 2 | AX25: 25554014 | AY25: 1 | AZ25: 0 | BA25: 25 | BB25: 0 | BC25: 0 | BD25: 0 | BE25: 0 | BF25: 0 | BG25: 0 | BH25: 0 | BI25: 0 | BJ25: 0 | BK25: 0 | BL25: 0 | BM25: 0 | BN25: 0 | BO25: 0 | BP25: 0 | BQ25: 0 | BR25: 0 | BS25: 0 | BT25: 0 | BU25: 0 | BV25: 0 | BW25: 0
A26: =ROW(Source!A27) -> 27 | B26: 25553996 | C26: 25553985 | D26: 20137198 | E26: 1 | F26: 1 | G26: 1 | H26: 3 | I26: 101-1019 | J26: ССЦ Ростовской обл, сб.101, поз.1019 | K26: Швеллеры № 40, сталь марки Ст0 | L26: 1348 | N26: 1009 | O26: т | P26: т | Q26: 1000 | Y26: 0.00194 | AA26: 5135 | AB26: 0 | AC26: 0 | AD26: 0 | AN26: 0 | AO26: 1 | AP26: 1 | AQ26: 0 | AR26: 0 | AT26: 0.00194 | AV26: 0 | AW26: 2 | AX26: 25554015 | AY26: 1 | AZ26: 0 | BA26: 26 | BB26: 0 | BC26: 0 | BD26: 0 | BE26: 0 | BF26: 0 | BG26: 0 | BH26: 0 | BI26: 0 | BJ26: 0 | BK26: 0 | BL26: 0 | BM26: 0 | BN26: 0 | BO26: 0 | BP26: 0 | BQ26: 0 | BR26: 0 | BS26: 0 | BT26: 0 | BU26: 0 | BV26: 0 | BW26: 0
A27: =ROW(Source!A27) -> 27 | B27: 25553997 | C27: 25553985 | D27: 20137991 | E27: 1 | F27: 1 | G27: 1 | H27: 3 | I27: 101-1714 | J27: ССЦ Ростовской обл, сб.101, поз.1714 | K27: Болты строительные с гайками и шайбами | L27: 1348 | N27: 1009 | O27: т | P27: т | Q27: 1000 | Y27: 0.00018 | AA27: 16560 | AB27: 0 | AC27: 0 | AD27: 0 | AN27: 0 | AO27: 1 | AP27: 1 | AQ27: 0 | AR27: 0 | AT27: 0.00018 | AV27: 0 | AW27: 2 | AX27: 25554016 | AY27: 1 | AZ27: 0 | BA27: 27 | BB27: 0 | BC27: 0 | BD27: 0 | BE27: 0 | BF27: 0 | BG27: 0 | BH27: 0 | BI27: 0 | BJ27: 0 | BK27: 0 | BL27: 0 | BM27: 0 | BN27: 0 | BO27: 0 | BP27: 0 | BQ27: 0 | BR27: 0 | BS27: 0 | BT27: 0 | BU27: 0 | BV27: 0 | BW27: 0
A28: =ROW(Source!A27) -> 27 | B28: 25553998 | C28: 25553985 | D28: 20138315 | E28: 1 | F28: 1 | G28: 1 | H28: 3 | I28: 101-1805 | J28: ССЦ Ростовской обл, сб.101, поз.1805 | K28: Гвозди строительные | L28: 1348 | N28: 1009 | O28: т | P28: т | Q28: 1000 | Y28: 1e-05 | AA28: 7810 | AB28: 0 | AC28: 0 | AD28: 0 | AN28: 0 | AO28: 1 | AP28: 1 | AQ28: 0 | AR28: 0 | AT28: 1e-05 | AV28: 0 | AW28: 2 | AX28: 25554017 | AY28: 1 | AZ28: 0 | BA28: 28 | BB28: 0 | BC28: 0 | BD28: 0 | BE28: 0 | BF28: 0 | BG28: 0 | BH28: 0 | BI28: 0 | BJ28: 0 | BK28: 0 | BL28: 0 | BM28: 0 | BN28: 0 | BO28: 0 | BP28: 0 | BQ28: 0 | BR28: 0 | BS28: 0 | BT28: 0 | BU28: 0 | BV28: 0 | BW28: 0
A29: =ROW(Source!A27) -> 27 | B29: 25553999 | C29: 25553985 | D29: 20142104 | E29: 1 | F29: 1 | G29: 1 | H29: 3 | I29: 102-0023 | J29: ССЦ Ростовской обл, сб.102, поз.0023 | K29: Пиломатериалы хвойных пород. бруски обрезные длиной 4-6,5 м, шириной 75-150 мм, толщиной 40-75 мм I сорта | L29: 1339 | N29: 1007 | O29: м3 | P29: м3 | Q29: 1 | Y29: 0.0005 | AA29: 2350 | AB29: 0 | AC29: 0 | AD29: 0 | AN29: 0 | AO29: 1 | AP29: 1 | AQ29: 0 | AR29: 0 | AT29: 0.0005 | AV29: 0 | AW29: 2 | AX29: 25554018 | AY29: 1 | AZ29: 0 | BA29: 29 | BB29: 0 | BC29: 0 | BD29: 0 | BE29: 0 | BF29: 0 | BG29: 0 | BH29: 0 | BI29: 0 | BJ29: 0 | BK29: 0 | BL29: 0 | BM29: 0 | BN29: 0 | BO29: 0 | BP29: 0 | BQ29: 0 | BR29: 0 | BS29: 0 | BT29: 0 | BU29: 0 | BV29: 0 | BW29: 0
A30: =ROW(Source!A27) -> 27 | B30: 25554000 | C30: 25553985 | D30: 20149045 | E30: 1 | F30: 1 | G30: 1 | H30: 3 | I30: 113-0021 | J30: ССЦ Ростовской обл, сб.113, поз.0021 | K30: Грунтовка ГФ-021 красно-коричневая | L30: 1348 | N30: 1009 | O30: т | P30: т | Q30: 1000 | Y30: 0.00031 | AA30: 18330 | AB30: 0 | AC30: 0 | AD30: 0 | AN30: 0 | AO30: 1 | AP30: 1 | AQ30: 0 | AR30: 0 | AT30: 0.00031 | AV30: 0 | AW30: 2 | AX30: 25554019 | AY30: 1 | AZ30: 0 | BA30: 30 | BB30: 0 | BC30: 0 | BD30: 0 | BE30: 0 | BF30: 0 | BG30: 0 | BH30: 0 | BI30: 0 | BJ30: 0 | BK30: 0 | BL30: 0 | BM30: 0 | BN30: 0 | BO30: 0 | BP30: 0 | BQ30: 0 | BR30: 0 | BS30: 0 | BT30: 0 | BU30: 0 | BV30: 0 | BW30: 0
A31: =ROW(Source!A27) -> 27 | B31: 25554001 | C31: 25553985 | D31: 20149150 | E31: 1 | F31: 1 | G31: 1 | H31: 3 | I31: 113-0156 | J31: ССЦ Ростовской обл, сб.113, поз.0156 | K31: Растворитель марки Р-4 | L31: 1348 | N31: 1009 | O31: т | P31: т | Q31: 1000 | Y31: 0.0006 | AA31: 12500 | AB31: 0 | AC31: 0 | AD31: 0 | AN31: 0 | AO31: 1 | AP31: 1 | AQ31: 0 | AR31: 0 | AT31: 0.0006 | AV31: 0 | AW31: 2 | AX31: 25554020 | AY31: 1 | AZ31: 0 | BA31: 31 | BB31: 0 | BC31: 0 | BD31: 0 | BE31: 0 | BF31: 0 | BG31: 0 | BH31: 0 | BI31: 0 | BJ31: 0 | BK31: 0 | BL31: 0 | BM31: 0 | BN31: 0 | BO31: 0 | BP31: 0 | BQ31: 0 | BR31: 0 | BS31: 0 | BT31: 0 | BU31: 0 | BV31: 0 | BW31: 0
A32: =ROW(Source!A27) -> 27 | B32: 25554002 | C32: 25553985 | D32: 20150643 | E32: 1 | F32: 1 | G32: 1 | H32: 3 | I32: 201-9002 | J32: ССЦ Ростовской обл, сб.201, поз.9002 | K32: Конструкции металлические | L32: 1348 | N32: 1009 | O32: т | P32: т | Q32: 1000 | Y32: 1 | AA32: 8909 | AB32: 0 | AC32: 0 | AD32: 0 | AN32: 2 | AO32: 0 | AP32: 1 | AQ32: 0 | AR32: 0 | AT32: 1 | AV32: 0 | AW32: 2 | AX32: 25554021 | AY32: 1 | AZ32: 0 | BA32: 32 | BB32: 0 | BC32: 0 | BD32: 0 | BE32: 0 | BF32: 0 | BG32: 0 | BH32: 0 | BI32: 0 | BJ32: 0 | BK32: 0 | BL32: 0 | BM32: 0 | BN32: 0 | BO32: 0 | BP32: 0 | BQ32: 0 | BR32: 0 | BS32: 0 | BT32: 0 | BU32: 0 | BV32: 0 | BW32: 0
A33: =ROW(Source!A27) -> 27 | B33: 25554003 | C33: 25553985 | D33: 20153297 | E33: 1 | F33: 1 | G33: 1 | H33: 3 | I33: 537-0097 | J33: ССЦ Ростовской обл, сб.537, поз.0097 | K33: Канат двойной свивки типа ТК оцинкованный из проволок марки В, маркировочная группа 1770 н/мм2, диаметром 5,5 мм | L33: 1398 | N33: 1013 | O33: 10М | P33: 10М | Q33: 1 | Y33: 0.0187 | AA33: 54.2 | AB33: 0 | AC33: 0 | AD33: 0 | AN33: 2 | AO33: 1 | AP33: 1 | AQ33: 0 | AR33: 0 | AT33: 0.0187 | AV33: 0 | AW33: 2 | AX33: 25554022 | AY33: 1 | AZ33: 0 | BA33: 33 | BB33: 0 | BC33: 0 | BD33: 0 | BE33: 0 | BF33: 0 | BG33: 0 | BH33: 0 | BI33: 0 | BJ33: 0 | BK33: 0 | BL33: 0 | BM33: 0 | BN33: 0 | BO33: 0 | BP33: 0 | BQ33: 0 | BR33: 0 | BS33: 0 | BT33: 0 | BU33: 0 | BV33: 0 | BW33: 0
A34: =ROW(Source!A27) -> 27 | B34: 25554004 | C34: 25553985 | D34: 20188200 | E34: 1 | F34: 1 | G34: 1 | H34: 3 | I34: 542-0042 | J34: ССЦ Ростовской обл, сб.542, поз.0042 | K34: Пропан-бутан, смесь техническая | L34: 1346 | N34: 1009 | O34: кг | P34: кг | Q34: 1 | Y34: 0.39 | AA34: 6.2 | AB34: 0 | AC34: 0 | AD34: 0 | AN34: 0 | AO34: 1 | AP34: 1 | AQ34: 0 | AR34: 0 | AT34: 0.39 | AV34: 0 | AW34: 2 | AX34: 25554023 | AY34: 1 | AZ34: 0 | BA34: 34 | BB34: 0 | BC34: 0 | BD34: 0 | BE34: 0 | BF34: 0 | BG34: 0 | BH34: 0 | BI34: 0 | BJ34: 0 | BK34: 0 | BL34: 0 | BM34: 0 | BN34: 0 | BO34: 0 | BP34: 0 | BQ34: 0 | BR34: 0 | BS34: 0 | BT34: 0 | BU34: 0 | BV34: 0 | BW34: 0
A35: =ROW(Source!A29) -> 29 | B35: 25554026 | C35: 25554025 | D35: 6194212 | E35: 1 | F35: 1 | G35: 1 | H35: 1 | I35: 1-4.0-61 | K35: Затраты труда рабочих-строителей (средний разряд 4.0) | L35: 1369 | N35: 1013 | O35: чел.-ч | P35: чел.-ч | Q35: 1 | Y35: 46.33 | AA35: 0 | AB35: 0 | AC35: 0 | AD35: 9.62 | AN35: 0 | AO35: 1 | AP35: 1 | AQ35: 0 | AR35: 0 | AT35: 46.33 | AV35: 1 | AW35: 2 | AX35: 25554033 | AY35: 1 | AZ35: 0 | BA35: 35 | BB35: 0 | BC35: 0 | BD35: 0 | BE35: 0 | BF35: 0 | BG35: 0 | BH35: 0 | BI35: 0 | BJ35: 0 | BK35: 0 | BL35: 0 | BM35: 0 | BN35: 0 | BO35: 0 | BP35: 0 | BQ35: 0 | BR35: 0 | BS35: 0 | BT35: 0 | BU35: 0 | BV35: 0 | BW35: 0
A36: =ROW(Source!A29) -> 29 | B36: 25554027 | C36: 25554025 | D36: 6697596 | E36: 1 | F36: 1 | G36: 1 | H36: 1 | I36: 2-61 | K36: Затраты труда машинистров | L36: 1369 | N36: 1013 | O36: чел.-ч | P36: чел.-ч | Q36: 1 | Y36: 4.38 | AA36: 0 | AB36: 0 | AC36: 0 | AD36: 0 | AN36: 0 | AO36: 1 | AP36: 1 | AQ36: 0 | AR36: 0 | AT36: 4.38 | AV36: 2 | AW36: 2 | AX36: 25554034 | AY36: 1 | AZ36: 0 | BA36: 36 | BB36: 0 | BC36: 0 | BD36: 0 | BE36: 0 | BF36: 0 | BG36: 0 | BH36: 0 | BI36: 0 | BJ36: 0 | BK36: 0 | BL36: 0 | BM36: 0 | BN36: 0 | BO36: 0 | BP36: 0 | BQ36: 0 | BR36: 0 | BS36: 0 | BT36: 0 | BU36: 0 | BV36: 0 | BW36: 0
A37: =ROW(Source!A29) -> 29 | B37: 25554028 | C37: 25554025 | D37: 20159485 | E37: 1 | F37: 1 | G37: 1 | H37: 2 | I37: 021141 | J37: ССЦмаш Ростовской обл.,сб.02,разд.11,поз.41 | K37: Краны на автомобильном ходу при работе на других видах строительства (кроме магистральных трубопроводов) 10 т | L37: 1480 | N37: 1013 | O37: маш.ч | P37: МАШ.Ч | Q37: 1 | Y37: 1.75 | AA37: 0 | AB37: 108.6 | AC37: 10.58 | AD37: 0 | AN37: 0 | AO37: 1 | AP37: 1 | AQ37: 0 | AR37: 0 | AT37: 1.75 | AV37: 0 | AW37: 2 | AX37: 25554035 | AY37: 1 | AZ37: 0 | BA37: 37 | BB37: 0 | BC37: 0 | BD37: 0 | BE37: 0 | BF37: 0 | BG37: 0 | BH37: 0 | BI37: 0 | BJ37: 0 | BK37: 0 | BL37: 0 | BM37: 0 | BN37: 0 | BO37: 0 | BP37: 0 | BQ37: 0 | BR37: 0 | BS37: 0 | BT37: 0 | BU37: 0 | BV37: 0 | BW37: 0
A38: =ROW(Source!A29) -> 29 | B38: 25554029 | C38: 25554025 | D38: 20148948 | E38: 1 | F38: 1 | G38: 1 | H38: 2 | I38: 040502 | J38: сб.04,разд.05,поз.02 | K38: Установки для сварки. Ручной дуговой (постоянного тока) | L38: 1480 | N38: 1013 | O38: маш.ч | P38: МАШ.Ч | Q38: 1 | Y38: 8.82 | AA38: 0 | AB38: 7.9 | AC38: 0 | AD38: 0 | AN38: 0 | AO38: 1 | AP38: 1 | AQ38: 0 | AR38: 0 | AT38: 8.82 | AV38: 0 | AW38: 2 | AX38: 25554036 | AY38: 1 | AZ38: 0 | BA38: 38 | BB38: 0 | BC38: 0 | BD38: 0 | BE38: 0 | BF38: 0 | BG38: 0 | BH38: 0 | BI38: 0 | BJ38: 0 | BK38: 0 | BL38: 0 | BM38: 0 | BN38: 0 | BO38: 0 | BP38: 0 | BQ38: 0 | BR38: 0 | BS38: 0 | BT38: 0 | BU38: 0 | BV38: 0 | BW38: 0
A39: =ROW(Source!A29) -> 29 | B39: 25554030 | C39: 25554025 | D39: 20145014 | E39: 1 | F39: 1 | G39: 1 | H39: 2 | I39: 400001 | J39: ССЦмаш Ростовской обл.,сб.40,разд.00,поз.01 | K39: Автомобили бортовые грузоподъемностью до 5 т | L39: 1480 | N39: 1013 | O39: маш.ч | P39: МАШ.Ч | Q39: 1 | Y39: 2.63 | AA39: 0 | AB39: 68 | AC39: 10.24 | AD39: 0 | AN39: 0 | AO39: 1 | AP39: 1 | AQ39: 0 | AR39: 0 | AT39: 2.63 | AV39: 0 | AW39: 2 | AX39: 25554037 | AY39: 1 | AZ39: 0 | BA39: 39 | BB39: 0 | BC39: 0 | BD39: 0 | BE39: 0 | BF39: 0 | BG39: 0 | BH39: 0 | BI39: 0 | BJ39: 0 | BK39: 0 | BL39: 0 | BM39: 0 | BN39: 0 | BO39: 0 | BP39: 0 | BQ39: 0 | BR39: 0 | BS39: 0 | BT39: 0 | BU39: 0 | BV39: 0 | BW39: 0
A40: =ROW(Source!A29) -> 29 | B40: 25554031 | C40: 25554025 | D40: 20137674 | E40: 1 | F40: 1 | G40: 1 | H40: 3 | I40: 101-1513 | J40: ССЦ Ростовской обл, сб.101, поз.1513 | K40: Электроды диаметром 4 мм Э42 | L40: 1348 | N40: 1009 | O40: т | P40: т | Q40: 1000 | Y40: 0.007 | AA40: 10013 | AB40: 0 | AC40: 0 | AD40: 0 | AN40: 0 | AO40: 1 | AP40: 1 | AQ40: 0 | AR40: 0 | AT40: 0.007 | AV40: 0 | AW40: 2 | AX40: 25554038 | AY40: 1 | AZ40: 0 | BA40: 40 | BB40: 0 | BC40: 0 | BD40: 0 | BE40: 0 | BF40: 0 | BG40: 0 | BH40: 0 | BI40: 0 | BJ40: 0 | BK40: 0 | BL40: 0 | BM40: 0 | BN40: 0 | BO40: 0 | BP40: 0 | BQ40: 0 | BR40: 0 | BS40: 0 | BT40: 0 | BU40: 0 | BV40: 0 | BW40: 0
A41: =ROW(Source!A29) -> 29 | B41: 25554032 | C41: 25554025 | D41: 20150643 | E41: 1 | F41: 1 | G41: 1 | H41: 3 | I41: 201-9002 | J41: ССЦ Ростовской обл, сб.201, поз.9002 | K41: Конструкции металлические | L41: 1348 | N41: 1009 | O41: т | P41: т | Q41: 1000 | Y41: 1 | AA41: 8909 | AB41: 0 | AC41: 0 | AD41: 0 | AN41: 2 | AO41: 1 | AP41: 1 | AQ41: 0 | AR41: 0 | AT41: 1 | AV41: 0 | AW41: 2 | AX41: 25554039 | AY41: 1 | AZ41: 0 | BA41: 41 | BB41: 0 | BC41: 0 | BD41: 0 | BE41: 0 | BF41: 0 | BG41: 0 | BH41: 0 | BI41: 0 | BJ41: 0 | BK41: 0 | BL41: 0 | BM41: 0 | BN41: 0 | BO41: 0 | BP41: 0 | BQ41: 0 | BR41: 0 | BS41: 0 | BT41: 0 | BU41: 0 | BV41: 0 | BW41: 0
A42: =ROW(Source!A34) -> 34 | B42: 25554044 | C42: 25554043 | D42: 6194230 | E42: 1 | F42: 1 | G42: 1 | H42: 1 | I42: 1-4.4-61 | K42: Затраты труда рабочих-строителей (средний разряд 4.4) | L42: 1369 | N42: 1013 | O42: чел.-ч | P42: чел.-ч | Q42: 1 | Y42: 42.7 | AA42: 0 | AB42: 0 | AC42: 0 | AD42: 10.21 | AN42: 0 | AO42: 1 | AP42: 1 | AQ42: 0 | AR42: 0 | AT42: 42.7 | AV42: 1 | AW42: 2 | AX42: 25554050 | AY42: 1 | AZ42: 0 | BA42: 42 | BB42: 0 | BC42: 0 | BD42: 0 | BE42: 0 | BF42: 0 | BG42: 0 | BH42: 0 | BI42: 0 | BJ42: 0 | BK42: 0 | BL42: 0 | BM42: 0 | BN42: 0 | BO42: 0 | BP42: 0 | BQ42: 0 | BR42: 0 | BS42: 0 | BT42: 0 | BU42: 0 | BV42: 0 | BW42: 0
A43: =ROW(Source!A34) -> 34 | B43: 25554045 | C43: 25554043 | D43: 6697596 | E43: 1 | F43: 1 | G43: 1 | H43: 1 | I43: 2-61 | K43: Затраты труда машинистров | L43: 1369 | N43: 1013 | O43: чел.-ч | P43: чел.-ч | Q43: 1 | Y43: 1.03 | AA43: 0 | AB43: 0 | AC43: 0 | AD43: 0 | AN43: 0 | AO43: 1 | AP43: 1 | AQ43: 0 | AR43: 0 | AT43: 1.03 | AV43: 2 | AW43: 2 | AX43: 25554051 | AY43: 1 | AZ43: 0 | BA43: 43 | BB43: 0 | BC43: 0 | BD43: 0 | BE43: 0 | BF43: 0 | BG43: 0 | BH43: 0 | BI43: 0 | BJ43: 0 | BK43: 0 | BL43: 0 | BM43: 0 | BN43: 0 | BO43: 0 | BP43: 0 | BQ43: 0 | BR43: 0 | BS43: 0 | BT43: 0 | BU43: 0 | BV43: 0 | BW43: 0
A44: =ROW(Source!A34) -> 34 | B44: 25554046 | C44: 25554043 | D44: 20148948 | E44: 1 | F44: 1 | G44: 1 | H44: 2 | I44: 040502 | J44: сб.04,разд.05,поз.02 | K44: Установки для сварки. Ручной дуговой (постоянного тока) | L44: 1480 | N44: 1013 | O44: маш.ч | P44: МАШ.Ч | Q44: 1 | Y44: 21.25 | AA44: 0 | AB44: 7.9 | AC44: 0 | AD44: 0 | AN44: 0 | AO44: 1 | AP44: 1 | AQ44: 0 | AR44: 0 | AT44: 21.25 | AV44: 0 | AW44: 2 | AX44: 25554052 | AY44: 1 | AZ44: 0 | BA44: 44 | BB44: 0 | BC44: 0 | BD44: 0 | BE44: 0 | BF44: 0 | BG44: 0 | BH44: 0 | BI44: 0 | BJ44: 0 | BK44: 0 | BL44: 0 | BM44: 0 | BN44: 0 | BO44: 0 | BP44: 0 | BQ44: 0 | BR44: 0 | BS44: 0 | BT44: 0 | BU44: 0 | BV44: 0 | BW44: 0
A45: =ROW(Source!A34) -> 34 | B45: 25554047 | C45: 25554043 | D45: 20145014 | E45: 1 | F45: 1 | G45: 1 | H45: 2 | I45: 400001 | J45: ССЦмаш Ростовской обл.,сб.40,разд.00,поз.01 | K45: Автомобили бортовые грузоподъемностью до 5 т | L45: 1480 | N45: 1013 | O45: маш.ч | P45: МАШ.Ч | Q45: 1 | Y45: 1.03 | AA45: 0 | AB45: 68 | AC45: 10.24 | AD45: 0 | AN45: 0 | AO45: 1 | AP45: 1 | AQ45: 0 | AR45: 0 | AT45: 1.03 | AV45: 0 | AW45: 2 | AX45: 25554053 | AY45: 1 | AZ45: 0 | BA45: 45 | BB45: 0 | BC45: 0 | BD45: 0 | BE45: 0 | BF45: 0 | BG45: 0 | BH45: 0 | BI45: 0 | BJ45: 0 | BK45: 0 | BL45: 0 | BM45: 0 | BN45: 0 | BO45: 0 | BP45: 0 | BQ45: 0 | BR45: 0 | BS45: 0 | BT45: 0 | BU45: 0 | BV45: 0 | BW45: 0
A46: =ROW(Source!A34) -> 34 | B46: 25554048 | C46: 25554043 | D46: 20137714 | E46: 1 | F46: 1 | G46: 1 | H46: 3 | I46: 101-1529 | J46: ССЦ Ростовской обл, сб.101, поз.1529 | K46: Электроды диаметром 6 мм Э42 | L46: 1348 | N46: 1009 | O46: т | P46: т | Q46: 1000 | Y46: 0.04 | AA46: 9860 | AB46: 0 | AC46: 0 | AD46: 0 | AN46: 0 | AO46: 1 | AP46: 1 | AQ46: 0 | AR46: 0 | AT46: 0.04 | AV46: 0 | AW46: 2 | AX46: 25554054 | AY46: 1 | AZ46: 0 | BA46: 46 | BB46: 0 | BC46: 0 | BD46: 0 | BE46: 0 | BF46: 0 | BG46: 0 | BH46: 0 | BI46: 0 | BJ46: 0 | BK46: 0 | BL46: 0 | BM46: 0 | BN46: 0 | BO46: 0 | BP46: 0 | BQ46: 0 | BR46: 0 | BS46: 0 | BT46: 0 | BU46: 0 | BV46: 0 | BW46: 0
A47: =ROW(Source!A34) -> 34 | B47: 25554049 | C47: 25554043 | D47: 20150455 | E47: 1 | F47: 1 | G47: 1 | H47: 3 | I47: 201-0777 | J47: ССЦ Ростовской обл, сб.201, поз.0777 | K47: Конструктивные элементы вспомогательного назначения, с преобладанием профильного проката собираемые из двух и более деталей, с отверстиями и без отверстий, соединяемые на сварке | L47: 1348 | N47: 1009 | O47: т | P47: т | Q47: 1000 | Y47: 1 | AA47: 7843 | AB47: 0 | AC47: 0 | AD47: 0 | AN47: 0 | AO47: 1 | AP47: 1 | AQ47: 0 | AR47: 0 | AT47: 1 | AV47: 0 | AW47: 2 | AX47: 25554055 | AY47: 1 | AZ47: 0 | BA47: 47 | BB47: 0 | BC47: 0 | BD47: 0 | BE47: 0 | BF47: 0 | BG47: 0 | BH47: 0 | BI47: 0 | BJ47: 0 | BK47: 0 | BL47: 0 | BM47: 0 | BN47: 0 | BO47: 0 | BP47: 0 | BQ47: 0 | BR47: 0 | BS47: 0 | BT47: 0 | BU47: 0 | BV47: 0 | BW47: 0
A48: =ROW(Source!A35) -> 35 | B48: 25554057 | C48: 25554056 | D48: 6194230 | E48: 1 | F48: 1 | G48: 1 | H48: 1 | I48: 1-4.4-61 | K48: Затраты труда рабочих-строителей (средний разряд 4.4) | L48: 1369 | N48: 1013 | O48: чел.-ч | P48: чел.-ч | Q48: 1 | Y48: 31.4 | AA48: 0 | AB48: 0 | AC48: 0 | AD48: 10.21 | AN48: 0 | AO48: 1 | AP48: 1 | AQ48: 0 | AR48: 0 | AT48: 31.4 | AV48: 1 | AW48: 2 | AX48: 25554063 | AY48: 1 | AZ48: 0 | BA48: 48 | BB48: 0 | BC48: 0 | BD48: 0 | BE48: 0 | BF48: 0 | BG48: 0 | BH48: 0 | BI48: 0 | BJ48: 0 | BK48: 0 | BL48: 0 | BM48: 0 | BN48: 0 | BO48: 0 | BP48: 0 | BQ48: 0 | BR48: 0 | BS48: 0 | BT48: 0 | BU48: 0 | BV48: 0 | BW48: 0
A49: =ROW(Source!A35) -> 35 | B49: 25554058 | C49: 25554056 | D49: 6697596 | E49: 1 | F49: 1 | G49: 1 | H49: 1 | I49: 2-61 | K49: Затраты труда машинистров | L49: 1369 | N49: 1013 | O49: чел.-ч | P49: чел.-ч | Q49: 1 | Y49: 1.02 | AA49: 0 | AB49: 0 | AC49: 0 | AD49: 0 | AN49: 0 | AO49: 1 | AP49: 1 | AQ49: 0 | AR49: 0 | AT49: 1.02 | AV49: 2 | AW49: 2 | AX49: 25554064 | AY49: 1 | AZ49: 0 | BA49: 49 | BB49: 0 | BC49: 0 | BD49: 0 | BE49: 0 | BF49: 0 | BG49: 0 | BH49: 0 | BI49: 0 | BJ49: 0 | BK49: 0 | BL49: 0 | BM49: 0 | BN49: 0 | BO49: 0 | BP49: 0 | BQ49: 0 | BR49: 0 | BS49: 0 | BT49: 0 | BU49: 0 | BV49: 0 | BW49: 0
A50: =ROW(Source!A35) -> 35 | B50: 25554059 | C50: 25554056 | D50: 20148948 | E50: 1 | F50: 1 | G50: 1 | H50: 2 | I50: 040502 | J50: сб.04,разд.05,поз.02 | K50: Установки для сварки. Ручной дуговой (постоянного тока) | L50: 1480 | N50: 1013 | O50: маш.ч | P50: МАШ.Ч | Q50: 1 | Y50: 20.33 | AA50: 0 | AB50: 7.9 | AC50: 0 | AD50: 0 | AN50: 0 | AO50: 1 | AP50: 1 | AQ50: 0 | AR50: 0 | AT50: 20.33 | AV50: 0 | AW50: 2 | AX50: 25554065 | AY50: 1 | AZ50: 0 | BA50: 50 | BB50: 0 | BC50: 0 | BD50: 0 | BE50: 0 | BF50: 0 | BG50: 0 | BH50: 0 | BI50: 0 | BJ50: 0 | BK50: 0 | BL50: 0 | BM50: 0 | BN50: 0 | BO50: 0 | BP50: 0 | BQ50: 0 | BR50: 0 | BS50: 0 | BT50: 0 | BU50: 0 | BV50: 0 | BW50: 0
A51: =ROW(Source!A35) -> 35 | B51: 25554060 | C51: 25554056 | D51: 20145014 | E51: 1 | F51: 1 | G51: 1 | H51: 2 | I51: 400001 | J51: ССЦмаш Ростовской обл.,сб.40,разд.00,поз.01 | K51: Автомобили бортовые грузоподъемностью до 5 т | L51: 1480 | N51: 1013 | O51: маш.ч | P51: МАШ.Ч | Q51: 1 | Y51: 1.02 | AA51: 0 | AB51: 68 | AC51: 10.24 | AD51: 0 | AN51: 0 | AO51: 1 | AP51: 1 | AQ51: 0 | AR51: 0 | AT51: 1.02 | AV51: 0 | AW51: 2 | AX51: 25554066 | AY51: 1 | AZ51: 0 | BA51: 51 | BB51: 0 | BC51: 0 | BD51: 0 | BE51: 0 | BF51: 0 | BG51: 0 | BH51: 0 | BI51: 0 | BJ51: 0 | BK51: 0 | BL51: 0 | BM51: 0 | BN51: 0 | BO51: 0 | BP51: 0 | BQ51: 0 | BR51: 0 | BS51: 0 | BT51: 0 | BU51: 0 | BV51: 0 | BW51: 0
A52: =ROW(Source!A35) -> 35 | B52: 25554061 | C52: 25554056 | D52: 20137714 | E52: 1 | F52: 1 | G52: 1 | H52: 3 | I52: 101-1529 | J52: ССЦ Ростовской обл, сб.101, поз.1529 | K52: Электроды диаметром 6 мм Э42 | L52: 1348 | N52: 1009 | O52: т | P52: т | Q52: 1000 | Y52: 0.03 | AA52: 9860 | AB52: 0 | AC52: 0 | AD52: 0 | AN52: 0 | AO52: 1 | AP52: 1 | AQ52: 0 | AR52: 0 | AT52: 0.03 | AV52: 0 | AW52: 2 | AX52: 25554067 | AY52: 1 | AZ52: 0 | BA52: 52 | BB52: 0 | BC52: 0 | BD52: 0 | BE52: 0 | BF52: 0 | BG52: 0 | BH52: 0 | BI52: 0 | BJ52: 0 | BK52: 0 | BL52: 0 | BM52: 0 | BN52: 0 | BO52: 0 | BP52: 0 | BQ52: 0 | BR52: 0 | BS52: 0 | BT52: 0 | BU52: 0 | BV52: 0 | BW52: 0
A53: =ROW(Source!A35) -> 35 | B53: 25554062 | C53: 25554056 | D53: 20150455 | E53: 1 | F53: 1 | G53: 1 | H53: 3 | I53: 201-0777 | J53: ССЦ Ростовской обл, сб.201, поз.0777 | K53: Конструктивные элементы вспомогательного назначения, с преобладанием профильного проката собираемые из двух и более деталей, с отверстиями и без отверстий, соединяемые на сварке | L53: 1348 | N53: 1009 | O53: т | P53: т | Q53: 1000 | Y53: 1 | AA53: 7843 | AB53: 0 | AC53: 0 | AD53: 0 | AN53: 0 | AO53: 1 | AP53: 1 | AQ53: 0 | AR53: 0 | AT53: 1 | AV53: 0 | AW53: 2 | AX53: 25554068 | AY53: 1 | AZ53: 0 | BA53: 53 | BB53: 0 | BC53: 0 | BD53: 0 | BE53: 0 | BF53: 0 | BG53: 0 | BH53: 0 | BI53: 0 | BJ53: 0 | BK53: 0 | BL53: 0 | BM53: 0 | BN53: 0 | BO53: 0 | BP53: 0 | BQ53: 0 | BR53: 0 | BS53: 0 | BT53: 0 | BU53: 0 | BV53: 0 | BW53: 0
A54: =ROW(Source!A36) -> 36 | B54: 25554070 | C54: 25554069 | D54: 6194211 | E54: 1 | F54: 1 | G54: 1 | H54: 1 | I54: 1-3.5-61 | K54: Затраты труда рабочих, разряд работ 3.5 | L54: 1369 | N54: 1013 | O54: чел.-ч | P54: чел.-ч | Q54: 1 | Y54: 36.08 | AA54: 0 | AB54: 0 | AC54: 0 | AD54: 9.07 | AN54: 0 | AO54: 1 | AP54: 0 | AQ54: 0 | AR54: 0 | AT54: 36.08 | AV54: 1 | AW54: 2 | AX54: 25554078 | AY54: 1 | AZ54: 0 | BA54: 54 | BB54: 0 | BC54: 0 | BD54: 0 | BE54: 0 | BF54: 0 | BG54: 0 | BH54: 0 | BI54: 0 | BJ54: 0 | BK54: 0 | BL54: 0 | BM54: 0 | BN54: 0 | BO54: 0 | BP54: 0 | BQ54: 0 | BR54: 0 | BS54: 0 | BT54: 0 | BU54: 0 | BV54: 0 | BW54: 0
A55: =ROW(Source!A36) -> 36 | B55: 25554071 | C55: 25554069 | D55: 6697596 | E55: 1 | F55: 1 | G55: 1 | H55: 1 | I55: 2-61 | K55: Затраты труда машинистров | L55: 1369 | N55: 1013 | O55: чел.-ч | P55: чел.-ч | Q55: 1 | Y55: 0.63 | AA55: 0 | AB55: 0 | AC55: 0 | AD55: 0 | AN55: 0 | AO55: 1 | AP55: 0 | AQ55: 0 | AR55: 0 | AT55: 0.63 | AV55: 2 | AW55: 2 | AX55: 25554079 | AY55: 1 | AZ55: 0 | BA55: 55 | BB55: 0 | BC55: 0 | BD55: 0 | BE55: 0 | BF55: 0 | BG55: 0 | BH55: 0 | BI55: 0 | BJ55: 0 | BK55: 0 | BL55: 0 | BM55: 0 | BN55: 0 | BO55: 0 | BP55: 0 | BQ55: 0 | BR55: 0 | BS55: 0 | BT55: 0 | BU55: 0 | BV55: 0 | BW55: 0
A56: =ROW(Source!A36) -> 36 | B56: 25554072 | C56: 25554069 | D56: 20159485 | E56: 1 | F56: 1 | G56: 1 | H56: 2 | I56: 021141 | J56: ССЦмаш Ростовской обл.,сб.02,разд.11,поз.41 | K56: Краны на автомобильном ходу при работе на других видах строительства (кроме магистральных трубопроводов) 10 т | L56: 1480 | N56: 1013 | O56: маш.ч | P56: МАШ.Ч | Q56: 1 | Y56: 0.37 | AA56: 0 | AB56: 108.6 | AC56: 10.58 | AD56: 0 | AN56: 0 | AO56: 1 | AP56: 0 | AQ56: 0 | AR56: 0 | AT56: 0.37 | AV56: 0 | AW56: 2 | AX56: 25554080 | AY56: 1 | AZ56: 0 | BA56: 56 | BB56: 0 | BC56: 0 | BD56: 0 | BE56: 0 | BF56: 0 | BG56: 0 | BH56: 0 | BI56: 0 | BJ56: 0 | BK56: 0 | BL56: 0 | BM56: 0 | BN56: 0 | BO56: 0 | BP56: 0 | BQ56: 0 | BR56: 0 | BS56: 0 | BT56: 0 | BU56: 0 | BV56: 0 | BW56: 0
A57: =ROW(Source!A36) -> 36 | B57: 25554073 | C57: 25554069 | D57: 20148948 | E57: 1 | F57: 1 | G57: 1 | H57: 2 | I57: 040502 | J57: сб.04,разд.05,поз.02 | K57: Установки для сварки. Ручной дуговой (постоянного тока) | L57: 1480 | N57: 1013 | O57: маш.ч | P57: МАШ.Ч | Q57: 1 | Y57: 1.62 | AA57: 0 | AB57: 7.9 | AC57: 0 | AD57: 0 | AN57: 0 | AO57: 1 | AP57: 0 | AQ57: 0 | AR57: 0 | AT57: 1.62 | AV57: 0 | AW57: 2 | AX57: 25554081 | AY57: 1 | AZ57: 0 | BA57: 57 | BB57: 0 | BC57: 0 | BD57: 0 | BE57: 0 | BF57: 0 | BG57: 0 | BH57: 0 | BI57: 0 | BJ57: 0 | BK57: 0 | BL57: 0 | BM57: 0 | BN57: 0 | BO57: 0 | BP57: 0 | BQ57: 0 | BR57: 0 | BS57: 0 | BT57: 0 | BU57: 0 | BV57: 0 | BW57: 0
A58: =ROW(Source!A36) -> 36 | B58: 25554074 | C58: 25554069 | D58: 20145014 | E58: 1 | F58: 1 | G58: 1 | H58: 2 | I58: 400001 | J58: ССЦмаш Ростовской обл.,сб.40,разд.00,поз.01 | K58: Автомобили бортовые грузоподъемностью до 5 т | L58: 1480 | N58: 1013 | O58: маш.ч | P58: МАШ.Ч | Q58: 1 | Y58: 0.26 | AA58: 0 | AB58: 68 | AC58: 10.24 | AD58: 0 | AN58: 0 | AO58: 1 | AP58: 0 | AQ58: 0 | AR58: 0 | AT58: 0.26 | AV58: 0 | AW58: 2 | AX58: 25554082 | AY58: 1 | AZ58: 0 | BA58: 58 | BB58: 0 | BC58: 0 | BD58: 0 | BE58: 0 | BF58: 0 | BG58: 0 | BH58: 0 | BI58: 0 | BJ58: 0 | BK58: 0 | BL58: 0 | BM58: 0 | BN58: 0 | BO58: 0 | BP58: 0 | BQ58: 0 | BR58: 0 | BS58: 0 | BT58: 0 | BU58: 0 | BV58: 0 | BW58: 0
A59: =ROW(Source!A36) -> 36 | B59: 25554075 | C59: 25554069 | D59: 20137674 | E59: 1 | F59: 1 | G59: 1 | H59: 3 | I59: 101-1513 | J59: ССЦ Ростовской обл, сб.101, поз.1513 | K59: Электроды диаметром 4 мм Э42 | L59: 1348 | N59: 1009 | O59: т | P59: т | Q59: 1000 | Y59: 0.002 | AA59: 10013 | AB59: 0 | AC59: 0 | AD59: 0 | AN59: 0 | AO59: 1 | AP59: 0 | AQ59: 0 | AR59: 0 | AT59: 0.002 | AV59: 0 | AW59: 2 | AX59: 25554083 | AY59: 1 | AZ59: 0 | BA59: 59 | BB59: 0 | BC59: 0 | BD59: 0 | BE59: 0 | BF59: 0 | BG59: 0 | BH59: 0 | BI59: 0 | BJ59: 0 | BK59: 0 | BL59: 0 | BM59: 0 | BN59: 0 | BO59: 0 | BP59: 0 | BQ59: 0 | BR59: 0 | BS59: 0 | BT59: 0 | BU59: 0 | BV59: 0 | BW59: 0
A60: =ROW(Source!A36) -> 36 | B60: 25554076 | C60: 25554069 | D60: 20151539 | E60: 1 | F60: 1 | G60: 1 | H60: 3 | I60: 201-9370 | J60: ССЦ Ростовской обл, сб.201, поз.9370 | K60: Кондуктор инвентарный металлический | L60: 1354 | N60: 1010 | O60: шт. | P60: шт. | Q60: 1 | Y60: 0.01 | AA60: 655 | AB60: 0 | AC60: 0 | AD60: 0 | AN60: 2 | AO60: 1 | AP60: 0 | AQ60: 0 | AR60: 0 | AT60: 0.01 | AV60: 0 | AW60: 2 | AX60: 25554084 | AY60: 1 | AZ60: 0 | BA60: 60 | BB60: 0 | BC60: 0 | BD60: 0 | BE60: 0 | BF60: 0 | BG60: 0 | BH60: 0 | BI60: 0 | BJ60: 0 | BK60: 0 | BL60: 0 | BM60: 0 | BN60: 0 | BO60: 0 | BP60: 0 | BQ60: 0 | BR60: 0 | BS60: 0 | BT60: 0 | BU60: 0 | BV60: 0 | BW60: 0
A61: =ROW(Source!A36) -> 36 | B61: 25554077 | C61: 25554069 | D61: 20144936 | E61: 1 | F61: 1 | G61: 1 | H61: 3 | I61: 204-0059 | J61: ССЦ Ростовской обл, сб.204, поз.0059 | K61: Анкерные детали из прямых или гнутых круглых стержней с резьбой (в комплекте с шайбами и гайками или без них), поставляемые отдельно | L61: 1348 | N61: 1009 | O61: т | P61: т | Q61: 1000 | Y61: 1 | AA61: 10970 | AB61: 0 | AC61: 0 | AD61: 0 | AN61: 0 | AO61: 1 | AP61: 0 | AQ61: 0 | AR61: 0 | AT61: 1 | AV61: 0 | AW61: 2 | AX61: 25554085 | AY61: 1 | AZ61: 0 | BA61: 61 | BB61: 0 | BC61: 0 | BD61: 0 | BE61: 0 | BF61: 0 | BG61: 0 | BH61: 0 | BI61: 0 | BJ61: 0 | BK61: 0 | BL61: 0 | BM61: 0 | BN61: 0 | BO61: 0 | BP61: 0 | BQ61: 0 | BR61: 0 | BS61: 0 | BT61: 0 | BU61: 0 | BV61: 0 | BW61: 0
A62: =ROW(Source!A37) -> 37 | B62: 25554087 | C62: 25554086 | D62: 6194210 | E62: 1 | F62: 1 | G62: 1 | H62: 1 | I62: 1-3.3-61 | K62: Затраты труда рабочих, разряд работ 3.3 | L62: 1369 | N62: 1013 | O62: чел.-ч | P62: чел.-ч | Q62: 1 | Y62: 12.64 | AA62: 0 | AB62: 0 | AC62: 0 | AD62: 8.85 | AN62: 0 | AO62: 1 | AP62: 1 | AQ62: 0 | AR62: 0 | AT62: 12.64 | AV62: 1 | AW62: 2 | AX62: 25554093 | AY62: 1 | AZ62: 0 | BA62: 62 | BB62: 0 | BC62: 0 | BD62: 0 | BE62: 0 | BF62: 0 | BG62: 0 | BH62: 0 | BI62: 0 | BJ62: 0 | BK62: 0 | BL62: 0 | BM62: 0 | BN62: 0 | BO62: 0 | BP62: 0 | BQ62: 0 | BR62: 0 | BS62: 0 | BT62: 0 | BU62: 0 | BV62: 0 | BW62: 0
A63: =ROW(Source!A37) -> 37 | B63: 25554088 | C63: 25554086 | D63: 6697596 | E63: 1 | F63: 1 | G63: 1 | H63: 1 | I63: 2-61 | K63: Затраты труда машинистров | L63: 1369 | N63: 1013 | O63: чел.-ч | P63: чел.-ч | Q63: 1 | Y63: 0.38 | AA63: 0 | AB63: 0 | AC63: 0 | AD63: 0 | AN63: 0 | AO63: 1 | AP63: 1 | AQ63: 0 | AR63: 0 | AT63: 0.38 | AV63: 2 | AW63: 2 | AX63: 25554094 | AY63: 1 | AZ63: 0 | BA63: 63 | BB63: 0 | BC63: 0 | BD63: 0 | BE63: 0 | BF63: 0 | BG63: 0 | BH63: 0 | BI63: 0 | BJ63: 0 | BK63: 0 | BL63: 0 | BM63: 0 | BN63: 0 | BO63: 0 | BP63: 0 | BQ63: 0 | BR63: 0 | BS63: 0 | BT63: 0 | BU63: 0 | BV63: 0 | BW63: 0
A64: =ROW(Source!A37) -> 37 | B64: 25554089 | C64: 25554086 | D64: 20159485 | E64: 1 | F64: 1 | G64: 1 | H64: 2 | I64: 021141 | J64: ССЦмаш Ростовской обл.,сб.02,разд.11,поз.41 | K64: Краны на автомобильном ходу при работе на других видах строительства (кроме магистральных трубопроводов) 10 т | L64: 1480 | N64: 1013 | O64: маш.ч | P64: МАШ.Ч | Q64: 1 | Y64: 0.16 | AA64: 0 | AB64: 108.6 | AC64: 10.58 | AD64: 0 | AN64: 0 | AO64: 1 | AP64: 1 | AQ64: 0 | AR64: 0 | AT64: 0.16 | AV64: 0 | AW64: 2 | AX64: 25554095 | AY64: 1 | AZ64: 0 | BA64: 64 | BB64: 0 | BC64: 0 | BD64: 0 | BE64: 0 | BF64: 0 | BG64: 0 | BH64: 0 | BI64: 0 | BJ64: 0 | BK64: 0 | BL64: 0 | BM64: 0 | BN64: 0 | BO64: 0 | BP64: 0 | BQ64: 0 | BR64: 0 | BS64: 0 | BT64: 0 | BU64: 0 | BV64: 0 | BW64: 0
A65: =ROW(Source!A37) -> 37 | B65: 25554090 | C65: 25554086 | D65: 20145014 | E65: 1 | F65: 1 | G65: 1 | H65: 2 | I65: 400001 | J65: ССЦмаш Ростовской обл.,сб.40,разд.00,поз.01 | K65: Автомобили бортовые грузоподъемностью до 5 т | L65: 1480 | N65: 1013 | O65: маш.ч | P65: МАШ.Ч | Q65: 1 | Y65: 0.22 | AA65: 0 | AB65: 68 | AC65: 10.24 | AD65: 0 | AN65: 0 | AO65: 1 | AP65: 1 | AQ65: 0 | AR65: 0 | AT65: 0.22 | AV65: 0 | AW65: 2 | AX65: 25554096 | AY65: 1 | AZ65: 0 | BA65: 65 | BB65: 0 | BC65: 0 | BD65: 0 | BE65: 0 | BF65: 0 | BG65: 0 | BH65: 0 | BI65: 0 | BJ65: 0 | BK65: 0 | BL65: 0 | BM65: 0 | BN65: 0 | BO65: 0 | BP65: 0 | BQ65: 0 | BR65: 0 | BS65: 0 | BT65: 0 | BU65: 0 | BV65: 0 | BW65: 0
A66: =ROW(Source!A37) -> 37 | B66: 25554091 | C66: 25554086 | D66: 20136943 | E66: 1 | F66: 1 | G66: 1 | H66: 3 | I66: 101-0816 | J66: ССЦ Ростовской обл, сб.101, поз.0816 | K66: Проволока светлая диаметром 1,1 мм | L66: 1348 | N66: 1009 | O66: т | P66: т | Q66: 1000 | Y66: 0.028 | AA66: 6660 | AB66: 0 | AC66: 0 | AD66: 0 | AN66: 0 | AO66: 1 | AP66: 1 | AQ66: 0 | AR66: 0 | AT66: 0.028 | AV66: 0 | AW66: 2 | AX66: 25554097 | AY66: 1 | AZ66: 0 | BA66: 66 | BB66: 0 | BC66: 0 | BD66: 0 | BE66: 0 | BF66: 0 | BG66: 0 | BH66: 0 | BI66: 0 | BJ66: 0 | BK66: 0 | BL66: 0 | BM66: 0 | BN66: 0 | BO66: 0 | BP66: 0 | BQ66: 0 | BR66: 0 | BS66: 0 | BT66: 0 | BU66: 0 | BV66: 0 | BW66: 0
A67: =ROW(Source!A37) -> 37 | B67: 25554092 | C67: 25554086 | D67: 20152222 | E67: 1 | F67: 1 | G67: 1 | H67: 3 | I67: 204-0100 | J67: ССЦ Ростовской обл, сб.204, поз.0100 | K67: Горячекатаная арматурная сталь класса А-l, А-ll, А-lll | L67: 1348 | N67: 1009 | O67: т | P67: т | Q67: 1000 | Y67: 1 | AA67: 4599 | AB67: 0 | AC67: 0 | AD67: 0 | AN67: 2 | AO67: 1 | AP67: 1 | AQ67: 0 | AR67: 0 | AT67: 1 | AV67: 0 | AW67: 2 | AX67: 25554098 | AY67: 1 | AZ67: 0 | BA67: 67 | BB67: 0 | BC67: 0 | BD67: 0 | BE67: 0 | BF67: 0 | BG67: 0 | BH67: 0 | BI67: 0 | BJ67: 0 | BK67: 0 | BL67: 0 | BM67: 0 | BN67: 0 | BO67: 0 | BP67: 0 | BQ67: 0 | BR67: 0 | BS67: 0 | BT67: 0 | BU67: 0 | BV67: 0 | BW67: 0
A68: =ROW(Source!A40) -> 40 | B68: 25554102 | C68: 25554101 | D68: 6194218 | E68: 1 | F68: 1 | G68: 1 | H68: 1 | I68: 1-4.7-61 | K68: Затраты труда рабочих-строителей (средний разряд 4.7) | L68: 1369 | N68: 1013 | O68: чел.-ч | P68: чел.-ч | Q68: 1 | Y68: 5.31 | AA68: 0 | AB68: 0 | AC68: 0 | AD68: 10.64 | AN68: 0 | AO68: 1 | AP68: 1 | AQ68: 0 | AR68: 0 | AT68: 5.31 | AV68: 1 | AW68: 2 | AX68: 25554110 | AY68: 1 | AZ68: 0 | BA68: 68 | BB68: 0 | BC68: 0 | BD68: 0 | BE68: 0 | BF68: 0 | BG68: 0 | BH68: 0 | BI68: 0 | BJ68: 0 | BK68: 0 | BL68: 0 | BM68: 0 | BN68: 0 | BO68: 0 | BP68: 0 | BQ68: 0 | BR68: 0 | BS68: 0 | BT68: 0 | BU68: 0 | BV68: 0 | BW68: 0
A69: =ROW(Source!A40) -> 40 | B69: 25554103 | C69: 25554101 | D69: 6697596 | E69: 1 | F69: 1 | G69: 1 | H69: 1 | I69: 2-61 | K69: Затраты труда машинистров | L69: 1369 | N69: 1013 | O69: чел.-ч | P69: чел.-ч | Q69: 1 | Y69: 0.02 | AA69: 0 | AB69: 0 | AC69: 0 | AD69: 0 | AN69: 0 | AO69: 1 | AP69: 1 | AQ69: 0 | AR69: 0 | AT69: 0.02 | AV69: 2 | AW69: 2 | AX69: 25554111 | AY69: 1 | AZ69: 0 | BA69: 69 | BB69: 0 | BC69: 0 | BD69: 0 | BE69: 0 | BF69: 0 | BG69: 0 | BH69: 0 | BI69: 0 | BJ69: 0 | BK69: 0 | BL69: 0 | BM69: 0 | BN69: 0 | BO69: 0 | BP69: 0 | BQ69: 0 | BR69: 0 | BS69: 0 | BT69: 0 | BU69: 0 | BV69: 0 | BW69: 0
A70: =ROW(Source!A40) -> 40 | B70: 25554104 | C70: 25554101 | D70: 20134534 | E70: 1 | F70: 1 | G70: 1 | H70: 2 | I70: 030101 | J70: 030101 | K70: Автопогрузчики 5 т | L70: 1480 | N70: 1013 | O70: маш.ч | P70: МАШ.Ч | Q70: 1 | Y70: 0.01 | AA70: 0 | AB70: 73.56 | AC70: 10.58 | AD70: 0 | AN70: 0 | AO70: 1 | AP70: 1 | AQ70: 0 | AR70: 0 | AT70: 0.01 | AV70: 0 | AW70: 2 | AX70: 25554112 | AY70: 1 | AZ70: 0 | BA70: 70 | BB70: 0 | BC70: 0 | BD70: 0 | BE70: 0 | BF70: 0 | BG70: 0 | BH70: 0 | BI70: 0 | BJ70: 0 | BK70: 0 | BL70: 0 | BM70: 0 | BN70: 0 | BO70: 0 | BP70: 0 | BQ70: 0 | BR70: 0 | BS70: 0 | BT70: 0 | BU70: 0 | BV70: 0 | BW70: 0
A71: =ROW(Source!A40) -> 40 | B71: 25554105 | C71: 25554101 | D71: 20145207 | E71: 1 | F71: 1 | G71: 1 | H71: 2 | I71: 030401 | J71: ССЦмаш Ростовской обл.,сб.03,разд.04,поз.01 | K71: Лебедки электрические, тяговым усилием до 5,79 (0,59) кн (т) | L71: 1480 | N71: 1013 | O71: маш.ч | P71: МАШ.Ч | Q71: 1 | Y71: 0.01 | AA71: 0 | AB71: 2952 | AC71: 0 | AD71: 0 | AN71: 0 | AO71: 1 | AP71: 1 | AQ71: 0 | AR71: 0 | AT71: 0.01 | AV71: 0 | AW71: 2 | AX71: 25554113 | AY71: 1 | AZ71: 0 | BA71: 71 | BB71: 0 | BC71: 0 | BD71: 0 | BE71: 0 | BF71: 0 | BG71: 0 | BH71: 0 | BI71: 0 | BJ71: 0 | BK71: 0 | BL71: 0 | BM71: 0 | BN71: 0 | BO71: 0 | BP71: 0 | BQ71: 0 | BR71: 0 | BS71: 0 | BT71: 0 | BU71: 0 | BV71: 0 | BW71: 0
A72: =ROW(Source!A40) -> 40 | B72: 25554106 | C72: 25554101 | D72: 20135165 | E72: 1 | F72: 1 | G72: 1 | H72: 2 | I72: 340101 | J72: 340101 | K72: Агрегаты окрасочные высокого давления для окраски поверхностей конструкций мощьностью 1 квт | L72: 1480 | N72: 1013 | O72: маш.ч | P72: МАШ.Ч | Q72: 1 | Y72: 1.12 | AA72: 0 | AB72: 6.8 | AC72: 0 | AD72: 0 | AN72: 0 | AO72: 1 | AP72: 1 | AQ72: 0 | AR72: 0 | AT72: 1.12 | AV72: 0 | AW72: 2 | AX72: 25554114 | AY72: 1 | AZ72: 0 | BA72: 72 | BB72: 0 | BC72: 0 | BD72: 0 | BE72: 0 | BF72: 0 | BG72: 0 | BH72: 0 | BI72: 0 | BJ72: 0 | BK72: 0 | BL72: 0 | BM72: 0 | BN72: 0 | BO72: 0 | BP72: 0 | BQ72: 0 | BR72: 0 | BS72: 0 | BT72: 0 | BU72: 0 | BV72: 0 | BW72: 0
A73: =ROW(Source!A40) -> 40 | B73: 25554107 | C73: 25554101 | D73: 20145014 | E73: 1 | F73: 1 | G73: 1 | H73: 2 | I73: 400001 | J73: ССЦмаш Ростовской обл.,сб.40,разд.00,поз.01 | K73: Автомобили бортовые грузоподъемностью до 5 т | L73: 1480 | N73: 1013 | O73: маш.ч | P73: МАШ.Ч | Q73: 1 | Y73: 0.01 | AA73: 0 | AB73: 68 | AC73: 10.24 | AD73: 0 | AN73: 0 | AO73: 1 | AP73: 1 | AQ73: 0 | AR73: 0 | AT73: 0.01 | AV73: 0 | AW73: 2 | AX73: 25554115 | AY73: 1 | AZ73: 0 | BA73: 73 | BB73: 0 | BC73: 0 | BD73: 0 | BE73: 0 | BF73: 0 | BG73: 0 | BH73: 0 | BI73: 0 | BJ73: 0 | BK73: 0 | BL73: 0 | BM73: 0 | BN73: 0 | BO73: 0 | BP73: 0 | BQ73: 0 | BR73: 0 | BS73: 0 | BT73: 0 | BU73: 0 | BV73: 0 | BW73: 0
A74: =ROW(Source!A40) -> 40 | B74: 25554108 | C74: 25554101 | D74: 20149045 | E74: 1 | F74: 1 | G74: 1 | H74: 3 | I74: 113-0021 | J74: ССЦ Ростовской обл, сб.113, поз.0021 | K74: Грунтовка ГФ-021 красно-коричневая | L74: 1348 | N74: 1009 | O74: т | P74: т | Q74: 1000 | Y74: 0.012 | AA74: 18330 | AB74: 0 | AC74: 0 | AD74: 0 | AN74: 0 | AO74: 1 | AP74: 1 | AQ74: 0 | AR74: 0 | AT74: 0.012 | AV74: 0 | AW74: 2 | AX74: 25554116 | AY74: 1 | AZ74: 0 | BA74: 74 | BB74: 0 | BC74: 0 | BD74: 0 | BE74: 0 | BF74: 0 | BG74: 0 | BH74: 0 | BI74: 0 | BJ74: 0 | BK74: 0 | BL74: 0 | BM74: 0 | BN74: 0 | BO74: 0 | BP74: 0 | BQ74: 0 | BR74: 0 | BS74: 0 | BT74: 0 | BU74: 0 | BV74: 0 | BW74: 0
A75: =ROW(Source!A40) -> 40 | B75: 25554109 | C75: 25554101 | D75: 20149106 | E75: 1 | F75: 1 | G75: 1 | H75: 3 | I75: 113-0077 | J75: ССЦ Ростовской обл, сб.113, поз.0077 | K75: Ксилол нефтяной марки А | L75: 1348 | N75: 1009 | O75: т | P75: т | Q75: 1000 | Y75: 0.002 | AA75: 17260 | AB75: 0 | AC75: 0 | AD75: 0 | AN75: 0 | AO75: 1 | AP75: 1 | AQ75: 0 | AR75: 0 | AT75: 0.002 | AV75: 0 | AW75: 2 | AX75: 25554117 | AY75: 1 | AZ75: 0 | BA75: 75 | BB75: 0 | BC75: 0 | BD75: 0 | BE75: 0 | BF75: 0 | BG75: 0 | BH75: 0 | BI75: 0 | BJ75: 0 | BK75: 0 | BL75: 0 | BM75: 0 | BN75: 0 | BO75: 0 | BP75: 0 | BQ75: 0 | BR75: 0 | BS75: 0 | BT75: 0 | BU75: 0 | BV75: 0 | BW75: 0
A76: =ROW(Source!A41) -> 41 | B76: 25554119 | C76: 25554118 | D76: 6194211 | E76: 1 | F76: 1 | G76: 1 | H76: 1 | I76: 1-3.5-61 | K76: Затраты труда рабочих, разряд работ 3.5 | L76: 1369 | N76: 1013 | O76: чел.-ч | P76: чел.-ч | Q76: 1 | Y76: 7.66 | AA76: 0 | AB76: 0 | AC76: 0 | AD76: 9.07 | AN76: 0 | AO76: 1 | AP76: 1 | AQ76: 0 | AR76: 0 | AT76: 3.83 | AU76: )*2 | AV76: 1 | AW76: 2 | AX76: 25554127 | AY76: 1 | AZ76: 0 | BA76: 76 | BB76: 0 | BC76: 0 | BD76: 0 | BE76: 0 | BF76: 0 | BG76: 0 | BH76: 0 | BI76: 0 | BJ76: 0 | BK76: 0 | BL76: 0 | BM76: 0 | BN76: 0 | BO76: 0 | BP76: 0 | BQ76: 0 | BR76: 0 | BS76: 0 | BT76: 0 | BU76: 0 | BV76: 0 | BW76: 0
A77: =ROW(Source!A41) -> 41 | B77: 25554120 | C77: 25554118 | D77: 6697596 | E77: 1 | F77: 1 | G77: 1 | H77: 1 | I77: 2-61 | K77: Затраты труда машинистров | L77: 1369 | N77: 1013 | O77: чел.-ч | P77: чел.-ч | Q77: 1 | Y77: 0.04 | AA77: 0 | AB77: 0 | AC77: 0 | AD77: 0 | AN77: 0 | AO77: 1 | AP77: 1 | AQ77: 0 | AR77: 0 | AT77: 0.02 | AU77: )*2 | AV77: 2 | AW77: 2 | AX77: 25554128 | AY77: 1 | AZ77: 0 | BA77: 77 | BB77: 0 | BC77: 0 | BD77: 0 | BE77: 0 | BF77: 0 | BG77: 0 | BH77: 0 | BI77: 0 | BJ77: 0 | BK77: 0 | BL77: 0 | BM77: 0 | BN77: 0 | BO77: 0 | BP77: 0 | BQ77: 0 | BR77: 0 | BS77: 0 | BT77: 0 | BU77: 0 | BV77: 0 | BW77: 0
A78: =ROW(Source!A41) -> 41 | B78: 25554121 | C78: 25554118 | D78: 20134534 | E78: 1 | F78: 1 | G78: 1 | H78: 2 | I78: 030101 | J78: 030101 | K78: Автопогрузчики 5 т | L78: 1480 | N78: 1013 | O78: маш.ч | P78: МАШ.Ч | Q78: 1 | Y78: 0.02 | AA78: 0 | AB78: 73.56 | AC78: 10.58 | AD78: 0 | AN78: 0 | AO78: 1 | AP78: 1 | AQ78: 0 | AR78: 0 | AT78: 0.01 | AU78: )*2 | AV78: 0 | AW78: 2 | AX78: 25554129 | AY78: 1 | AZ78: 0 | BA78: 78 | BB78: 0 | BC78: 0 | BD78: 0 | BE78: 0 | BF78: 0 | BG78: 0 | BH78: 0 | BI78: 0 | BJ78: 0 | BK78: 0 | BL78: 0 | BM78: 0 | BN78: 0 | BO78: 0 | BP78: 0 | BQ78: 0 | BR78: 0 | BS78: 0 | BT78: 0 | BU78: 0 | BV78: 0 | BW78: 0
A79: =ROW(Source!A41) -> 41 | B79: 25554122 | C79: 25554118 | D79: 20145207 | E79: 1 | F79: 1 | G79: 1 | H79: 2 | I79: 030401 | J79: ССЦмаш Ростовской обл.,сб.03,разд.04,поз.01 | K79: Лебедки электрические, тяговым усилием до 5,79 (0,59) кн (т) | L79: 1480 | N79: 1013 | O79: маш.ч | P79: МАШ.Ч | Q79: 1 | Y79: 0.02 | AA79: 0 | AB79: 2952 | AC79: 0 | AD79: 0 | AN79: 0 | AO79: 1 | AP79: 1 | AQ79: 0 | AR79: 0 | AT79: 0.01 | AU79: )*2 | AV79: 0 | AW79: 2 | AX79: 25554130 | AY79: 1 | AZ79: 0 | BA79: 79 | BB79: 0 | BC79: 0 | BD79: 0 | BE79: 0 | BF79: 0 | BG79: 0 | BH79: 0 | BI79: 0 | BJ79: 0 | BK79: 0 | BL79: 0 | BM79: 0 | BN79: 0 | BO79: 0 | BP79: 0 | BQ79: 0 | BR79: 0 | BS79: 0 | BT79: 0 | BU79: 0 | BV79: 0 | BW79: 0
A80: =ROW(Source!A41) -> 41 | B80: 25554123 | C80: 25554118 | D80: 20135165 | E80: 1 | F80: 1 | G80: 1 | H80: 2 | I80: 340101 | J80: 340101 | K80: Агрегаты окрасочные высокого давления для окраски поверхностей конструкций мощьностью 1 квт | L80: 1480 | N80: 1013 | O80: маш.ч | P80: МАШ.Ч | Q80: 1 | Y80: 1.3 | AA80: 0 | AB80: 6.8 | AC80: 0 | AD80: 0 | AN80: 0 | AO80: 1 | AP80: 1 | AQ80: 0 | AR80: 0 | AT80: 0.65 | AU80: )*2 | AV80: 0 | AW80: 2 | AX80: 25554131 | AY80: 1 | AZ80: 0 | BA80: 80 | BB80: 0 | BC80: 0 | BD80: 0 | BE80: 0 | BF80: 0 | BG80: 0 | BH80: 0 | BI80: 0 | BJ80: 0 | BK80: 0 | BL80: 0 | BM80: 0 | BN80: 0 | BO80: 0 | BP80: 0 | BQ80: 0 | BR80: 0 | BS80: 0 | BT80: 0 | BU80: 0 | BV80: 0 | BW80: 0
A81: =ROW(Source!A41) -> 41 | B81: 25554124 | C81: 25554118 | D81: 20145014 | E81: 1 | F81: 1 | G81: 1 | H81: 2 | I81: 400001 | J81: ССЦмаш Ростовской обл.,сб.40,разд.00,поз.01 | K81: Автомобили бортовые грузоподъемностью до 5 т | L81: 1480 | N81: 1013 | O81: маш.ч | P81: МАШ.Ч | Q81: 1 | Y81: 0.02 | AA81: 0 | AB81: 68 | AC81: 10.24 | AD81: 0 | AN81: 0 | AO81: 1 | AP81: 1 | AQ81: 0 | AR81: 0 | AT81: 0.01 | AU81: )*2 | AV81: 0 | AW81: 2 | AX81: 25554132 | AY81: 1 | AZ81: 0 | BA81: 81 | BB81: 0 | BC81: 0 | BD81: 0 | BE81: 0 | BF81: 0 | BG81: 0 | BH81: 0 | BI81: 0 | BJ81: 0 | BK81: 0 | BL81: 0 | BM81: 0 | BN81: 0 | BO81: 0 | BP81: 0 | BQ81: 0 | BR81: 0 | BS81: 0 | BT81: 0 | BU81: 0 | BV81: 0 | BW81: 0
A82: =ROW(Source!A41) -> 41 | B82: 25554125 | C82: 25554118 | D82: 20137484 | E82: 1 | F82: 1 | G82: 1 | H82: 3 | I82: 101-1292 | J82: ССЦ Ростовской обл, сб.101, поз.1292 | K82: Уайт-спирит | L82: 1348 | N82: 1009 | O82: т | P82: т | Q82: 1000 | Y82: 0.0028 | AA82: 6393 | AB82: 0 | AC82: 0 | AD82: 0 | AN82: 0 | AO82: 1 | AP82: 1 | AQ82: 0 | AR82: 0 | AT82: 0.0014 | AU82: )*2 | AV82: 0 | AW82: 2 | AX82: 25554133 | AY82: 1 | AZ82: 0 | BA82: 82 | BB82: 0 | BC82: 0 | BD82: 0 | BE82: 0 | BF82: 0 | BG82: 0 | BH82: 0 | BI82: 0 | BJ82: 0 | BK82: 0 | BL82: 0 | BM82: 0 | BN82: 0 | BO82: 0 | BP82: 0 | BQ82: 0 | BR82: 0 | BS82: 0 | BT82: 0 | BU82: 0 | BV82: 0 | BW82: 0
A83: =ROW(Source!A41) -> 41 | B83: 25554126 | C83: 25554118 | D83: 20149236 | E83: 1 | F83: 1 | G83: 1 | H83: 3 | I83: 113-0246 | J83: ССЦ Ростовской обл, сб.113, поз.0246 | K83: Эмаль ПФ-115 серая | L83: 1348 | N83: 1009 | O83: т | P83: т | Q83: 1000 | Y83: 0.038 | AA83: 19020 | AB83: 0 | AC83: 0 | AD83: 0 | AN83: 0 | AO83: 1 | AP83: 1 | AQ83: 0 | AR83: 0 | AT83: 0.019 | AU83: )*2 | AV83: 0 | AW83: 2 | AX83: 25554134 | AY83: 1 | AZ83: 0 | BA83: 83 | BB83: 0 | BC83: 0 | BD83: 0 | BE83: 0 | BF83: 0 | BG83: 0 | BH83: 0 | BI83: 0 | BJ83: 0 | BK83: 0 | BL83: 0 | BM83: 0 | BN83: 0 | BO83: 0 | BP83: 0 | BQ83: 0 | BR83: 0 | BS83: 0 | BT83: 0 | BU83: 0 | BV83: 0 | BW83: 0
A84: =ROW(Source!A42) -> 42 | B84: 25555053 | C84: 25555052 | D84: 6194211 | E84: 1 | F84: 1 | G84: 1 | H84: 1 | I84: 1-3.5-61 | K84: Затраты труда рабочих, разряд работ 3.5 | L84: 1369 | N84: 1013 | O84: чел.-ч | P84: чел.-ч | Q84: 1 | Y84: 2.88 | AA84: 0 | AB84: 0 | AC84: 0 | AD84: 9.07 | AN84: 0 | AO84: 1 | AP84: 0 | AQ84: 0 | AR84: 0 | AT84: 2.88 | AV84: 1 | AW84: 2 | AX84: 25555053 | AY84: 1 | AZ84: 0 | BA84: 84 | BB84: 0 | BC84: 0 | BD84: 0 | BE84: 0 | BF84: 0 | BG84: 0 | BH84: 0 | BI84: 0 | BJ84: 0 | BK84: 0 | BL84: 0 | BM84: 0 | BN84: 0 | BO84: 0 | BP84: 0 | BQ84: 0 | BR84: 0 | BS84: 0 | BT84: 0 | BU84: 0 | BV84: 0 | BW84: 0
A85: =ROW(Source!A42) -> 42 | B85: 25555054 | C85: 25555052 | D85: 6697596 | E85: 1 | F85: 1 | G85: 1 | H85: 1 | I85: 2-61 | K85: Затраты труда машинистров | L85: 1369 | N85: 1013 | O85: чел.-ч | P85: чел.-ч | Q85: 1 | Y85: 0.03 | AA85: 0 | AB85: 0 | AC85: 0 | AD85: 0 | AN85: 0 | AO85: 1 | AP85: 0 | AQ85: 0 | AR85: 0 | AT85: 0.03 | AV85: 2 | AW85: 2 | AX85: 25555054 | AY85: 1 | AZ85: 0 | BA85: 85 | BB85: 0 | BC85: 0 | BD85: 0 | BE85: 0 | BF85: 0 | BG85: 0 | BH85: 0 | BI85: 0 | BJ85: 0 | BK85: 0 | BL85: 0 | BM85: 0 | BN85: 0 | BO85: 0 | BP85: 0 | BQ85: 0 | BR85: 0 | BS85: 0 | BT85: 0 | BU85: 0 | BV85: 0 | BW85: 0
A86: =ROW(Source!A42) -> 42 | B86: 25555055 | C86: 25555052 | D86: 20134534 | E86: 1 | F86: 1 | G86: 1 | H86: 2 | I86: 030101 | J86: 030101 | K86: Автопогрузчики 5 т | L86: 1480 | N86: 1013 | O86: маш.ч | P86: МАШ.Ч | Q86: 1 | Y86: 0.01 | AA86: 0 | AB86: 73.56 | AC86: 10.58 | AD86: 0 | AN86: 0 | AO86: 1 | AP86: 0 | AQ86: 0 | AR86: 0 | AT86: 0.01 | AV86: 0 | AW86: 2 | AX86: 25555055 | AY86: 1 | AZ86: 0 | BA86: 86 | BB86: 0 | BC86: 0 | BD86: 0 | BE86: 0 | BF86: 0 | BG86: 0 | BH86: 0 | BI86: 0 | BJ86: 0 | BK86: 0 | BL86: 0 | BM86: 0 | BN86: 0 | BO86: 0 | BP86: 0 | BQ86: 0 | BR86: 0 | BS86: 0 | BT86: 0 | BU86: 0 | BV86: 0 | BW86: 0
A87: =ROW(Source!A42) -> 42 | B87: 25555056 | C87: 25555052 | D87: 20145207 | E87: 1 | F87: 1 | G87: 1 | H87: 2 | I87: 030401 | J87: ССЦмаш Ростовской обл.,сб.03,разд.04,поз.01 | K87: Лебедки электрические, тяговым усилием до 5,79 (0,59) кн (т) | L87: 1480 | N87: 1013 | O87: маш.ч | P87: МАШ.Ч | Q87: 1 | Y87: 0.01 | AA87: 0 | AB87: 2952 | AC87: 0 | AD87: 0 | AN87: 0 | AO87: 1 | AP87: 0 | AQ87: 0 | AR87: 0 | AT87: 0.01 | AV87: 0 | AW87: 2 | AX87: 25555056 | AY87: 1 | AZ87: 0 | BA87: 87 | BB87: 0 | BC87: 0 | BD87: 0 | BE87: 0 | BF87: 0 | BG87: 0 | BH87: 0 | BI87: 0 | BJ87: 0 | BK87: 0 | BL87: 0 | BM87: 0 | BN87: 0 | BO87: 0 | BP87: 0 | BQ87: 0 | BR87: 0 | BS87: 0 | BT87: 0 | BU87: 0 | BV87: 0 | BW87: 0
A88: =ROW(Source!A42) -> 42 | B88: 25555057 | C88: 25555052 | D88: 20135165 | E88: 1 | F88: 1 | G88: 1 | H88: 2 | I88: 340101 | J88: 340101 | K88: Агрегаты окрасочные высокого давления для окраски поверхностей конструкций мощьностью 1 квт | L88: 1480 | N88: 1013 | O88: маш.ч | P88: МАШ.Ч | Q88: 1 | Y88: 1.4 | AA88: 0 | AB88: 6.8 | AC88: 0 | AD88: 0 | AN88: 0 | AO88: 1 | AP88: 0 | AQ88: 0 | AR88: 0 | AT88: 1.4 | AV88: 0 | AW88: 2 | AX88: 25555057 | AY88: 1 | AZ88: 0 | BA88: 88 | BB88: 0 | BC88: 0 | BD88: 0 | BE88: 0 | BF88: 0 | BG88: 0 | BH88: 0 | BI88: 0 | BJ88: 0 | BK88: 0 | BL88: 0 | BM88: 0 | BN88: 0 | BO88: 0 | BP88: 0 | BQ88: 0 | BR88: 0 | BS88: 0 | BT88: 0 | BU88: 0 | BV88: 0 | BW88: 0
A89: =ROW(Source!A42) -> 42 | B89: 25555058 | C89: 25555052 | D89: 20145014 | E89: 1 | F89: 1 | G89: 1 | H89: 2 | I89: 400001 | J89: ССЦмаш Ростовской обл.,сб.40,разд.00,поз.01 | K89: Автомобили бортовые грузоподъемностью до 5 т | L89: 1480 | N89: 1013 | O89: маш.ч | P89: МАШ.Ч | Q89: 1 | Y89: 0.02 | AA89: 0 | AB89: 68 | AC89: 10.24 | AD89: 0 | AN89: 0 | AO89: 1 | AP89: 0 | AQ89: 0 | AR89: 0 | AT89: 0.02 | AV89: 0 | AW89: 2 | AX89: 25555058 | AY89: 1 | AZ89: 0 | BA89: 89 | BB89: 0 | BC89: 0 | BD89: 0 | BE89: 0 | BF89: 0 | BG89: 0 | BH89: 0 | BI89: 0 | BJ89: 0 | BK89: 0 | BL89: 0 | BM89: 0 | BN89: 0 | BO89: 0 | BP89: 0 | BQ89: 0 | BR89: 0 | BS89: 0 | BT89: 0 | BU89: 0 | BV89: 0 | BW89: 0
A90: =ROW(Source!A42) -> 42 | B90: 25555059 | C90: 25555052 | D90: 20138300 | E90: 1 | F90: 1 | G90: 1 | H90: 3 | I90: 101-1795 | J90: ССЦ Ростовской обл, сб.101, поз.1795 | K90: Краска БТ-177 серебристая | L90: 1348 | N90: 1009 | O90: т | P90: т | Q90: 1000 | Y90: 0.009 | AA90: 52380 | AB90: 0 | AC90: 0 | AD90: 0 | AN90: 0 | AO90: 1 | AP90: 0 | AQ90: 0 | AR90: 0 | AT90: 0.009 | AV90: 0 | AW90: 2 | AX90: 25555059 | AY90: 1 | AZ90: 0 | BA90: 90 | BB90: 0 | BC90: 0 | BD90: 0 | BE90: 0 | BF90: 0 | BG90: 0 | BH90: 0 | BI90: 0 | BJ90: 0 | BK90: 0 | BL90: 0 | BM90: 0 | BN90: 0 | BO90: 0 | BP90: 0 | BQ90: 0 | BR90: 0 | BS90: 0 | BT90: 0 | BU90: 0 | BV90: 0 | BW90: 0
A91: =ROW(Source!A42) -> 42 | B91: 25555060 | C91: 25555052 | D91: 20149106 | E91: 1 | F91: 1 | G91: 1 | H91: 3 | I91: 113-0077 | J91: ССЦ Ростовской обл, сб.113, поз.0077 | K91: Ксилол нефтяной марки А | L91: 1348 | N91: 1009 | O91: т | P91: т | Q91: 1000 | Y91: 0.0013 | AA91: 17260 | AB91: 0 | AC91: 0 | AD91: 0 | AN91: 0 | AO91: 1 | AP91: 0 | AQ91: 0 | AR91: 0 | AT91: 0.0013 | AV91: 0 | AW91: 2 | AX91: 25555060 | AY91: 1 | AZ91: 0 | BA91: 91 | BB91: 0 | BC91: 0 | BD91: 0 | BE91: 0 | BF91: 0 | BG91: 0 | BH91: 0 | BI91: 0 | BJ91: 0 | BK91: 0 | BL91: 0 | BM91: 0 | BN91: 0 | BO91: 0 | BP91: 0 | BQ91: 0 | BR91: 0 | BS91: 0 | BT91: 0 | BU91: 0 | BV91: 0 | BW91: 0
A92: =ROW(Source!A43) -> 43 | B92: 25554136 | C92: 25554135 | D92: 6194198 | E92: 1 | F92: 1 | G92: 1 | H92: 1 | I92: 1-2.2-61 | K92: Затраты труда рабочих, разряд работ 2.2 | L92: 1369 | N92: 1013 | O92: чел.-ч | P92: чел.-ч | Q92: 1 | Y92: 39.51 | AA92: 0 | AB92: 0 | AC92: 0 | AD92: 7.93 | AN92: 0 | AO92: 1 | AP92: 1 | AQ92: 0 | AR92: 0 | AT92: 39.51 | AV92: 1 | AW92: 2 | AX92: 25554142 | AY92: 1 | AZ92: 0 | BA92: 92 | BB92: 0 | BC92: 0 | BD92: 0 | BE92: 0 | BF92: 0 | BG92: 0 | BH92: 0 | BI92: 0 | BJ92: 0 | BK92: 0 | BL92: 0 | BM92: 0 | BN92: 0 | BO92: 0 | BP92: 0 | BQ92: 0 | BR92: 0 | BS92: 0 | BT92: 0 | BU92: 0 | BV92: 0 | BW92: 0
A93: =ROW(Source!A43) -> 43 | B93: 25554137 | C93: 25554135 | D93: 6697596 | E93: 1 | F93: 1 | G93: 1 | H93: 1 | I93: 2-61 | K93: Затраты труда машинистров | L93: 1369 | N93: 1013 | O93: чел.-ч | P93: чел.-ч | Q93: 1 | Y93: 1.27 | AA93: 0 | AB93: 0 | AC93: 0 | AD93: 0 | AN93: 0 | AO93: 1 | AP93: 1 | AQ93: 0 | AR93: 0 | AT93: 1.27 | AV93: 2 | AW93: 2 | AX93: 25554143 | AY93: 1 | AZ93: 0 | BA93: 93 | BB93: 0 | BC93: 0 | BD93: 0 | BE93: 0 | BF93: 0 | BG93: 0 | BH93: 0 | BI93: 0 | BJ93: 0 | BK93: 0 | BL93: 0 | BM93: 0 | BN93: 0 | BO93: 0 | BP93: 0 | BQ93: 0 | BR93: 0 | BS93: 0 | BT93: 0 | BU93: 0 | BV93: 0 | BW93: 0
A94: =ROW(Source!A43) -> 43 | B94: 25554138 | C94: 25554135 | D94: 20145275 | E94: 1 | F94: 1 | G94: 1 | H94: 2 | I94: 031121 | J94: ССЦмаш Ростовской обл.,сб.03,разд.11,поз.21 | K94: Подъемники мачтовые строительные 0,5 т | L94: 1480 | N94: 1013 | O94: маш.ч | P94: МАШ.Ч | Q94: 1 | Y94: 1.27 | AA94: 0 | AB94: 19.4 | AC94: 10.58 | AD94: 0 | AN94: 0 | AO94: 1 | AP94: 1 | AQ94: 0 | AR94: 0 | AT94: 1.27 | AV94: 0 | AW94: 2 | AX94: 25554144 | AY94: 1 | AZ94: 0 | BA94: 94 | BB94: 0 | BC94: 0 | BD94: 0 | BE94: 0 | BF94: 0 | BG94: 0 | BH94: 0 | BI94: 0 | BJ94: 0 | BK94: 0 | BL94: 0 | BM94: 0 | BN94: 0 | BO94: 0 | BP94: 0 | BQ94: 0 | BR94: 0 | BS94: 0 | BT94: 0 | BU94: 0 | BV94: 0 | BW94: 0
A95: =ROW(Source!A43) -> 43 | B95: 25554139 | C95: 25554135 | D95: 20134729 | E95: 1 | F95: 1 | G95: 1 | H95: 2 | I95: 111301 | J95: 111301 | K95: Вибраторы поверхностные | L95: 1480 | N95: 1013 | O95: маш.ч | P95: МАШ.Ч | Q95: 1 | Y95: 9.07 | AA95: 0 | AB95: 0.5 | AC95: 0 | AD95: 0 | AN95: 0 | AO95: 1 | AP95: 1 | AQ95: 0 | AR95: 0 | AT95: 9.07 | AV95: 0 | AW95: 2 | AX95: 25554145 | AY95: 1 | AZ95: 0 | BA95: 95 | BB95: 0 | BC95: 0 | BD95: 0 | BE95: 0 | BF95: 0 | BG95: 0 | BH95: 0 | BI95: 0 | BJ95: 0 | BK95: 0 | BL95: 0 | BM95: 0 | BN95: 0 | BO95: 0 | BP95: 0 | BQ95: 0 | BR95: 0 | BS95: 0 | BT95: 0 | BU95: 0 | BV95: 0 | BW95: 0
A96: =ROW(Source!A43) -> 43 | B96: 25554140 | C96: 25554135 | D96: 20145079 | E96: 1 | F96: 1 | G96: 1 | H96: 3 | I96: 402-0005 | J96: ССЦ Ростовской обл, сб.402, поз.0005 | K96: Раствор готовый кладочный цементный, марка 150 | L96: 1339 | N96: 1007 | O96: м3 | P96: м3 | Q96: 1 | Y96: 2.04 | AA96: 425 | AB96: 0 | AC96: 0 | AD96: 0 | AN96: 2 | AO96: 1 | AP96: 1 | AQ96: 0 | AR96: 0 | AT96: 2.04 | AV96: 0 | AW96: 2 | AX96: 25554146 | AY96: 1 | AZ96: 0 | BA96: 96 | BB96: 0 | BC96: 0 | BD96: 0 | BE96: 0 | BF96: 0 | BG96: 0 | BH96: 0 | BI96: 0 | BJ96: 0 | BK96: 0 | BL96: 0 | BM96: 0 | BN96: 0 | BO96: 0 | BP96: 0 | BQ96: 0 | BR96: 0 | BS96: 0 | BT96: 0 | BU96: 0 | BV96: 0 | BW96: 0
A97: =ROW(Source!A43) -> 43 | B97: 25554141 | C97: 25554135 | D97: 20142736 | E97: 1 | F97: 1 | G97: 1 | H97: 3 | I97: 411-0001 | J97: ССЦ Ростовской обл, сб.411, поз.0001 | K97: Вода | L97: 1339 | N97: 1007 | O97: м3 | P97: м3 | Q97: 1 | Y97: 3.5 | AA97: 6.5 | AB97: 0 | AC97: 0 | AD97: 0 | AN97: 0 | AO97: 1 | AP97: 1 | AQ97: 0 | AR97: 0 | AT97: 3.5 | AV97: 0 | AW97: 2 | AX97: 25554147 | AY97: 1 | AZ97: 0 | BA97: 97 | BB97: 0 | BC97: 0 | BD97: 0 | BE97: 0 | BF97: 0 | BG97: 0 | BH97: 0 | BI97: 0 | BJ97: 0 | BK97: 0 | BL97: 0 | BM97: 0 | BN97: 0 | BO97: 0 | BP97: 0 | BQ97: 0 | BR97: 0 | BS97: 0 | BT97: 0 | BU97: 0 | BV97: 0 | BW97: 0
A98: =ROW(Source!A46) -> 46 | B98: 25554151 | C98: 25554150 | D98: 6194198 | E98: 1 | F98: 1 | G98: 1 | H98: 1 | I98: 1-2.2-61 | K98: Затраты труда рабочих, разряд работ 2.2 | L98: 1369 | N98: 1013 | O98: чел.-ч | P98: чел.-ч | Q98: 1 | Y98: 2 | AA98: 0 | AB98: 0 | AC98: 0 | AD98: 7.93 | AN98: 0 | AO98: 1 | AP98: 1 | AQ98: 0 | AR98: 0 | AT98: 0.5 | AU98: )*4 | AV98: 1 | AW98: 2 | AX98: 25554156 | AY98: 1 | AZ98: 0 | BA98: 98 | BB98: 0 | BC98: 0 | BD98: 0 | BE98: 0 | BF98: 0 | BG98: 0 | BH98: 0 | BI98: 0 | BJ98: 0 | BK98: 0 | BL98: 0 | BM98: 0 | BN98: 0 | BO98: 0 | BP98: 0 | BQ98: 0 | BR98: 0 | BS98: 0 | BT98: 0 | BU98: 0 | BV98: 0 | BW98: 0
A99: =ROW(Source!A46) -> 46 | B99: 25554152 | C99: 25554150 | D99: 6697596 | E99: 1 | F99: 1 | G99: 1 | H99: 1 | I99: 2-61 | K99: Затраты труда машинистров | L99: 1369 | N99: 1013 | O99: чел.-ч | P99: чел.-ч | Q99: 1 | Y99: 0.84 | AA99: 0 | AB99: 0 | AC99: 0 | AD99: 0 | AN99: 0 | AO99: 1 | AP99: 1 | AQ99: 0 | AR99: 0 | AT99: 0.21 | AU99: )*4 | AV99: 2 | AW99: 2 | AX99: 25554157 | AY99: 1 | AZ99: 0 | BA99: 99 | BB99: 0 | BC99: 0 | BD99: 0 | BE99: 0 | BF99: 0 | BG99: 0 | BH99: 0 | BI99: 0 | BJ99: 0 | BK99: 0 | BL99: 0 | BM99: 0 | BN99: 0 | BO99: 0 | BP99: 0 | BQ99: 0 | BR99: 0 | BS99: 0 | BT99: 0 | BU99: 0 | BV99: 0 | BW99: 0
A100: =ROW(Source!A46) -> 46 | B100: 25554153 | C100: 25554150 | D100: 20145275 | E100: 1 | F100: 1 | G100: 1 | H100: 2 | I100: 031121 | J100: ССЦмаш Ростовской обл.,сб.03,разд.11,поз.21 | K100: Подъемники мачтовые строительные 0,5 т | L100: 1480 | N100: 1013 | O100: маш.ч | P100: МАШ.Ч | Q100: 1 | Y100: 0.84 | AA100: 0 | AB100: 19.4 | AC100: 10.58 | AD100: 0 | AN100: 0 | AO100: 1 | AP100: 1 | AQ100: 0 | AR100: 0 | AT100: 0.21 | AU100: )*4 | AV100: 0 | AW100: 2 | AX100: 25554158 | AY100: 1 | AZ100: 0 | BA100: 100 | BB100: 0 | BC100: 0 | BD100: 0 | BE100: 0 | BF100: 0 | BG100: 0 | BH100: 0 | BI100: 0 | BJ100: 0 | BK100: 0 | BL100: 0 | BM100: 0 | BN100: 0 | BO100: 0 | BP100: 0 | BQ100: 0 | BR100: 0 | BS100: 0 | BT100: 0 | BU100: 0 | BV100: 0 | BW100: 0
...

Sheet EtalonRes
